Workbook
Name CARGOS: tabCargos[#All]
Name CARGOS: [1]!tabCargos[#All]
Name CARGOS: tabCargos[#All]
Name COMARCAS: tabComarca[#All]
Name COMARCAS: [1]!tabComarca[#All]
Name COMARCAS: tabComarca[#All]
Name FromArray_1: _xlfn.ANCHORARRAY('[1]CUSTO GLOBAL1'!$C$2)
Name FromArray_2: _xlfn.ANCHORARRAY('[1]CUSTO GLOBAL1'!$A$1)
Name Index_Sheet_Kutools: #REF!
Name SegmentaçãodeDados_Cargo: #N/A

Sheet ORIENTAÇÕES PARA O LICITANTE
A1: ORIENTAÇÕES PARA OS LICITANTES
A3: OBTENÇÃO DO PREÇO DA PROPOSTA | B3: O PREÇO MÁXIMO GLOBAL PERMITIDO PARA A PROPOSTA SERÁ DE R$ 14.682.971,94 - MENSAL E R$ 176.195.663,28 - ANUAL, SENDO QUE DESSE PREÇO, R$ 2.083.443,20 (MENSAL) E R$ 25.001.318,35 (ANUAL) CORRESPONDE AO PREÇO DA CATEGORIA LIMPEZA E CONSERVAÇÃO E O RESTANTE R$ 12.599.528,74 (MENSAL) E R$ 151.194.344,93 CORRESPONDE A CATEGORIA APOIO ADMINISTRATIVO E MOTORISTAS. IMPORTANTE: VALORES IRRISÓRIOS PARA A PROPOSTA OU PARA QUALQUER UM DOS ITENS PASSÍVEIS DE REDUÇÃO DURANTE A LICITAÇÃO, BEM COMO PARA O LDI (CUSTO INDIRETO E LUCRO), PODERÃO TORNAR A PROPOSTA INEXEQUÍVEL. OCORRENDO TAL FATO, A CONTRATANTE SOLICITARÁ DILIGÊNCIAS PARA QUE O LICITANTE VENCEDOR COMPROVE A EXEQUIBILIDADE DA PROPOSTA . NÃO HAVENDO COMPROVAÇÃO DA EXIQUIBILIDADE O LICITANTE PODERÁ SER DESCLASSIFICADO. O PREÇO DA PROPOSTA PARA OS CARGOS DE LIMPZA E CONSERVAÇÃO PODERÁ SER OBSERVADO NESTE APENSO NA ABA "CUSTO GLOBAL" CÉLULAS "BZ256" (VALOR MENSAL) E "CA256" (VALOR ANUAL). RESSALTA-SE QUE, PARA OBTER O PREÇO DA PROPOSTA, O LICITANTE NÃO PRECISA ALTERAR O VALOR INDICADO NAS CÉLULAS ACIMA, DEVENDO OBSERVAR E PRATICAR AS ORIENTAÇÕES A SEGUIR PARA ALTERAÇÃO SOMENTE DOS CAMPOS PASSÍVEIS DE REDUÇÃO DURANTE A LICITAÇÃO. À MEDIDA QUE AS ALTERAÇÕES FOREM SENDO REALIZADAS PELO LICITANTE NOS CAMPOS INFRAMENCIONADOS, O VALOR FINAL DA PROPOSTA SERÁ ATUALIZADO AUTOMATICAMENTE NA ABA "CUSTO GLOBAL" CÉLULAS "BZ256" (VALOR MENSAL) E "CA256" (VALOR ANUAL).
A5: REDUÇÃO DO RAT AJUSTADO - SUBMÓDULO 2.1 - ITEM G | B5: O PERCENTUAL MÁXIMO PERMITIDO PARA RAT AJUSTADO É DE 4% (2% DE RAT MULTIPLICADO POR 2 DE FAP). Este item poderá ser reduzido na licitação. Para tanto, o licitante deverá alterar o valor contido "AE8" da aba "BASE GERAL" deste Apenso. Ressalva-se que a modificação desse item na célula retromencionada promoverá a atualização em todas as demais abas, sem necessidade de qualquer outra alteração manual em outro campo deste Apenso. O percentual informado pela licitante vencedora para este item será praticado durante todo o período de vigência do contrato e o valor correspondente apurado na proposta será fixo para cada posto. A alteração do percentual do RAT ajustado, no decorrer do contrato, somente será processada mediante solicitação e comprovação da contratada.
A6: REDUÇÃO DO SEGURO DE VIDA - SUBMÓDULO 2.3 - ITEM G | B6: PREÇO MÁXIMO PERMITIDO R$3,36. Este item poderá ser reduzido na licitação. Para tanto, o licitante deverá alterar o valor contido na célula "AA5" da aba "BASE GERAL" deste Apenso. Ressalva-se que a modificação desse item na célula retromencionada promoverá a atualização em todas as demais abas, sem necessidade de qualquer outra alteração manual em outro campo deste Apenso. O preço informado pela licitante vencedora para este item será praticado durante todo o período de vigência do contrato e o valor correspondente apurado na proposta será fixo para cada posto, podendo ser reajustado anualmente pelo IPCA.
A7: REDUÇÃO DO CUSTO UNITÁRIO DOS UNIFORMES E EPIS - MÓDULO 5 - ITEM A | B7: PREÇOS MÁXIMOS PERMITIDOS CONFORME APENSO VIII E VALORES UNITÁRIOS CONSTANTES NA ABA "UNIFORMES" DESTE APENSO. Este item poderá ser reduzido na licitação. Para tanto, o licitante deverá acessar a aba “UNIFORMES” deste Apenso e alterar as células da coluna D, sinalizadas em amarelo, informando os valores unitários que serão empregados ao longo da execução contratual. Assim, automaticamente os custos de uniforme por posto serão alterados e atualizados nas células da coluna K da aba “UNIFORMES” e em todas as demais abas da planilha, sem a necessidade de alteração manual em qualquer outro campo deste apenso. O preço informado pela licitante vencedora para este item será praticado durante todo o período de vigência do contrato e o valor correspondente apurado na proposta será fixo para cada posto, podendo ser reajustado anualmente pelo IPCA.
A8: REDUÇÃO DO CUSTO UNITÁRIO DOS MATERIAIS DE CONSUMO - MÓDULO 5 - ITEM B | B8: PREÇOS MÁXIMOS PERMITIDOS CONFORME APENSO IX E VALORES UNITÁRIOS CONSTANTES NA ABA "INSUMOS AUX. DE LIMPEZA" DESTE APENSO. **Materiais de consumo utilizados nos serviços de limpeza: na aba "INSUMOS AUX. DE LIMPEZA" os preços unitários constantes nas células da coluna J, sinalizadas em amarelo, poderão ser reduzidos. Para tanto, basta filtra na coluna tipo o item "Material" e alterar o valor dessas células. Os valores unitários por posto que dependem desse preço serão automaticamente alterados nas células da coluna P e aplicados em todas as demais planilhas para a formação do preço. Não é necessário alterar nenhum outro campo manualmente. O preço informado pela licitante vencedora para estes itens serão praticados durante todo o período de vigência do contrato e o valor correspondente apurado na proposta será fixo para cada posto, podendo ser reajustado anualmente pelo IPCA.
A9: REDUÇÃO DO CUSTO UNITÁRIO DAS MÁQUINAS E EQUIPAMENTOS (DEPRECIAÇÃO) - MÓDULO 5 - ITEM C | B9: PREÇOS MÁXIMOS PERMITIDOS CONFORME APENSO XI E VALORES UNITÁRIOS CONSTANTES NAS ABAS "INSUMOS AUX. DE LIMPEZA" E "INSUMOS LIMP. DE VIDROS" DESTE APENSO. **Equipamentos utilizados nos serviços de limpeza: nas abas "INSUMOS AUX. DE LIMPEZA" E "INSUMOS LIMP. DE VIDROS" os preços unitários constantes nas células da coluna J, sinalizadas em amarelo, poderão ser reduzidos. Para tanto, basta filtra na coluna tipo o item "Equipamento" e alterar o valor dessas células. Os valores unitários por posto que dependem desse preço serão automaticamente alterados nas células da coluna P e aplicados em todas as demais planilhas para a formação do preço. Não é necessário alterar nenhum outro campo manualmente. O preço informado pela licitante vencedora para estes itens serão praticados durante todo o período de vigência do contrato e o valor correspondente apurado na proposta será fixo para cada posto, podendo ser reajustado anualmente pelo IPCA.
A10: REDUÇÃO DO CUSTO UNITÁRIO DOS PRODUTOS DE LIMPEZA E MATERIAIS DE HIGIENE PESSOAL - MÓDULO 5 - ITEM D | B10: PREÇOS MÁXIMOS PERMITIDOS CONFORME APENSO X E VALORES UNITÁRIOS CONSTANTES NA ABA "INSUMOS AUX. DE LIMPEZA" DESTE APENSO. **Para os Produtos utilizados nos serviços de limpeza: na aba "INSUMOS AUX. DE LIMPEZA" os preços unitários constantes nas células da coluna J, sinalizadas em amarelo, poderão ser reduzidos. Para tanto, basta filtra na coluna tipo o item "Produto" e alterar o valor dessas células. Os valores unitários por posto que dependem desse preço serão automaticamente alterados nas células da coluna P e aplicados em todas as demais planilhas para a formação do preço. Não é necessário alterar nenhum outro campo manualmente. O preço informado pela licitante vencedora para estes itens serão praticados durante todo o período de vigência do contrato e o valor correspondente apurado na proposta será fixo para cada posto, podendo ser reajustado anualmente pelo IPCA.
A12: COMPOSIÇÃO DO LDI - (DEVERÁ SER CALCULADO APÓS ATUALIZAÇÃO DOS ITENS DE RAT, SEGURO DE VIDA, UNIFORMES, MATERIAIS DE CONSUMO E EQUIPAMENTOS OS QUAIS PODERÃO SER REDUZIDOS NA LICITAÇÃO)
A13: CUSTO INDIRETO - MÓDULO 6 - ITEM A | B13: VALOR MÁXIMO PERMITIDO R$ 189,65 POR POSTO DA CATEGORIA DE Limpeza e Conservação. Para cálculo do Custo Indireto o licitante deverá: Na célula "AA3" da aba "BASE GERAL" deste Apenso, reduzir/alterar apenas o percentual de 5% (Limite Máximo) constante na fórmula obtida da seguinte forma: Divisão do total do Custo Direto (Soma dos módulos 1, 2, 3, 4 e 5 - célula "BO256" da aba "CUSTO GLOBAL") pelo total de vagas previstas (437 vagas - célula "G256" da aba "CUSTO GLOBAL") e multiplicação pelo percentual de Custo Indireto a ser praticado pelo licitante vencedor (Máximo 5%). O valor unitário obtido será fixo por posto de Limpeza e Conservação durante todo o período de vigência contratual, podendo ser alterado anualmente pelo IPCA. Ressalva-se que o valor obtido na célula "AA3" da aba "BASE GERAL" para o Custo Indireto dos postos de limpeza será automaticamente atualizado em todas as demais abas, sem necessidade de qualquer outra alteração manual em outro campo deste Apenso.
A14: LUCRO - MÓDULO 6 - ITEM B | B14: VALOR MÁXIMO PERMITIDO R$ 159,30 POR POSTO DA CATEGORIA Limpeza e Conservação. Para cálculo do Lucro o licitante deverá: Na célula "AA4" da aba "BASE GERAL" deste Apenso, reduzir/alterar apenas o percentual de 4% (Limite Máximo) constante na fórmula obtida da seguinte forma:- Soma do total do Custo Direto (Soma dos módulos 1, 2, 3, 4 e 5 - célula "BO256" da aba "CUSTO GLOBAL") com o total do Custo Indireto (célula "BP256" da aba "CUSTO GLOBAL"), dividido pelo total de vagas previstas (437 vagas - célula "G256" da aba "CUSTO GLOBAL") e multiplicação pelo percentual de Lucro a ser praticado pelo liciante vencedor (Máximo 4%). O valor unitário obtido será fixo por posto de Limpeza e Conservação durante todo o período de vigência contratual, podendo ser alterado anualmente pelo IPCA. Ressalva-se que o valor obtido na célula "AA4" da aba "BASE GERAL" para o Custo Indireto dos postos de limpeza será automaticamente atualizado em todas as demais abas, sem necessidade de qualquer outra alteração manual em outro campo deste Apenso.
A15: COFINS - MÓDULO 6 - ITEM C.1 | B15: O PERCENTUAL MÁXIMO PERMITIDO PARA O COFINS É DE 7,6%. Este item poderá ser reduzido na licitação. Para tanto, o licitante deverá alterar o valor contido na célula "AE10" da aba "BASE GERAL" deste Apenso. Ressalva-se que a modificação desse item na célula retromencionada promoverá a atualização em todas as demais abas, sem necessidade de qualquer outra alteração manual em outro campo deste Apenso. O percentual informado pela licitante vencedora para este item será praticado durante todo o período de vigência do contrato, podendo ser alterado, no decorrer do contrato, somente numa eventual mudança do regime tributário, mediante solicitação e comprovação da contratada.
A16: PIS - MÓDULO 6 - ITEM C.2 | B16: O PERCENTUAL MÁXIMO PERMITIDO PARA O PIS É DE 1,65%. Este item poderá ser reduzido na licitação. Para tanto, o licitante deverá alterar o valor contido na célula "AE11" da aba "BASE GERAL" deste Apenso. Ressalva-se que a modificação desse item na célula retromencionada promoverá a atualização em todas as demais abas, sem necessidade de qualquer outra alteração manual em outro campo deste Apenso. O percentual informado pela licitante vencedora para este item será praticado durante todo o período de vigência do contrato, podendo ser alterado, no decorrer do contrato, somente numa eventual mudança do regime tributário, mediante solicitação e comprovação da contratada.

Sheet BASE GERAL
A1: COMARCA | B1: Sigla | C1: Codigo Comarca | D1: ISS | E1: VT | G1: Cargo | H1: Sigla | I1: Codigo Cargo | K1: Lotacao | L1: Tipo | M1: Codigo Lote | O1: IDENTIFICAÇÃO DO POSTO | Q1: DESPESA DE VIAGEM | R1: VALOR UNIT. | S1: QUANT. POSTOS INICIAL | T1: VALOR TOTAL PREVISTO | V1: ÍNDICE DE REAJUSTE - IPCA / IBGE | Z1: OUTROS CUSTOS | AD1: Impostos Nacionais | AE1: Alíquota
A2: ABAETE | B2: AET | C2: 002 | D2: 0.025 | E2: 6.4 | G2: AUXILIAR DE LIMPEZA - 12 X 36 - DIURNO | I2: 01 | K2: PGJ | L2: LIMPEZA | M2: 2 | O2: Lote | Q2: LIMPEZA | R2: =10.19 -> 10.19 | S2: 120 | T2: =tabDiarias[[#This Row],[VALOR UNIT.]]*tabDiarias[[#This Row],[QUANT. POSTOS INICIAL]] -> 1222.8 | V2: TA / APOSTILAMENTO | W2: DATA DA PUBLICAÇÃO | X2: PERCENTUAL | Z2: TIPO | AA2: VALOR INICIAL P/ FUNCIONÁRIO | AB2: VALOR CORRIGIDO | AD2: INSS | AE2: 0.2
A3: ABRE CAMPO | B3: ABN | C3: 003 | D3: 0.02 | E3: 6.4 | G3: AUXILIAR DE LIMPEZA - 12 X 36 - NOTURNO | I3: 02 | K3: FEPDC | L3: LIMPEZA | M3: 4 | O3: Código | X3: 0 | Z3: Custos Indiretos | AA3: =(SUMIF('CUSTO GLOBAL'!E:E,"Limpeza",'CUSTO GLOBAL'!BO:BO)/SUMIF('CUSTO GLOBAL'!E:E,"Limpeza",'CUSTO GLOBAL'!G:G)*5%) -> 189.6488 | AB3: {=AA3*PRODUCT((1+(_xlfn._xlws.FILTER(tabIndices[PERCENTUAL],tabIndices[PERCENTUAL]>0,0))))} -> 189.6488 | AD3: SESI OU SESC | AE3: 0.015
A4: ACUCENA | B4: ACN | C4: 005 | E4: 6.4 | G4: AUXILIAR DE LIMPEZA - 75 H | I4: 03 | O4: Cargo | Q4: Salário Mínimo Vigente | R4: 1518 | X4: 0 | Z4: Lucro | AA4: =(SUMIF('CUSTO GLOBAL'!E:E,"Limpeza",'CUSTO GLOBAL'!BO:BO)+SUMIF('CUSTO GLOBAL'!E:E,"Limpeza",'CUSTO GLOBAL'!BP:BP))/SUMIF('CUSTO GLOBAL'!E:E,"Limpeza",'CUSTO GLOBAL'!G:G)*4% -> 159.30499 | AB4: {=AA4*PRODUCT((1+(_xlfn._xlws.FILTER(tabIndices[PERCENTUAL],tabIndices[PERCENTUAL]>0,0))))} -> 159.30499 | AD4: SENAI OU SENAC | AE4: 0.01
A5: AGUAS FORMOSAS | B5: AGF | C5: 009 | D5: 0.05 | E5: 6.4 | G5: AUXILIAR DE LIMPEZA - 110 H | I5: 04 | O5: Nº. Posto | X5: 0 | Z5: Seguro de vida | AA5: 3.36 | AB5: {=AA5*PRODUCT((1+(_xlfn._xlws.FILTER(tabIndices[PERCENTUAL],tabIndices[PERCENTUAL]>0,0))))} -> 3.36 | AD5: INCRA | AE5: 0.002
A6: AIMORES | B6: AOR | C6: 011 | D6: 0.05 | E6: 6.4 | G6: AUXILIAR DE LIMPEZA - 150 H | I6: 05 | X6: 0 | AD6: Salário Educação | AE6: 0.025
A7: AIURUOCA | B7: AUD | C7: 012 | D7: 0.03 | E7: 6.4 | G7: AUXILIAR DE LIMPEZA - 220 H | I7: 06 | X7: 0 | AD7: FGTS | AE7: 0.08
A8: ALEM PARAIBA | B8: API | C8: 015 | D8: 0.02 | E8: 6.4 | G8: LIMPADOR DE VIDROS - 220 H | I8: 07 | AD8: RAT Ajustado | AE8: =2%*2 -> 0.04
A9: ALFENAS | B9: AFN | C9: 016 | D9: 0.05 | E9: 6.4 | AD9: SEBRAE | AE9: 0.006
A10: ALMENARA | B10: AMN | C10: 017 | D10: 0.05 | E10: 6.4 | AD10: COFINS | AE10: 0.076
A11: ALPINOPOLIS | B11: ALS | C11: 019 | D11: 0.02 | E11: 6.4 | AD11: PIS | AE11: 0.0165
A12: ALTO RIO DOCE | B12: ADC | C12: 021 | E12: 6.4
A13: ALVINOPOLIS | B13: ALL | C13: 023 | D13: 0.05 | E13: 6.4
A14: ANDRADAS | B14: ANA | C14: 026 | D14: 0.05 | E14: 6.4
A15: ANDRELANDIA | B15: ADL | C15: 028 | D15: 0.03 | E15: 6.4
A16: ARACUAI | B16: AUI | C16: 034 | D16: 0.03 | E16: 6.4
A17: ARAGUARI | B17: ARI | C17: 035 | D17: 0.03 | E17: 6.4
A18: ARAXA | B18: AXA | C18: 040 | D18: 0.02 | E18: 6.4
A19: ARCOS | B19: ACS | C19: 042 | D19: 0.02 | E19: 6.4
A20: AREADO | B20: ADO | C20: 043 | D20: 0.04 | E20: 6.4
A21: ARINOS | B21: AYN | C21: 778 | D21: 0.03 | E21: 6.4
A22: BAEPENDI | B22: BAD | C22: 049 | D22: 0.03 | E22: 6.4
A23: BAMBUI | B23: BBI | C23: 051 | E23: 6.4
A24: BARAO DE COCAIS | B24: BCS | C24: 054 | D24: 0.05 | E24: 6.4
A25: BARBACENA | B25: BCA | C25: 056 | D25: 0.025 | E25: 6.4
A26: BARROSO | B26: BSO | C26: 059 | E26: 6.4
A27: BELO HORIZONTE | B27: BHE | C27: 024 | D27: 0.05 | E27: =5.75+5.5 -> 11.25
A28: BELO VALE | B28: BLL | C28: 064 | E28: 6.4
A29: BETIM | B29: BET | C29: 027 | D29: 0.038 | E29: 6.4
A30: BICAS | B30: BIS | C30: 069 | D30: 0.02 | E30: 6.4
A31: BOA ESPERANCA | B31: BOE | C31: 071 | D31: 0.04 | E31: 6.4
A32: BOCAIUVA | B32: BCV | C32: 073 | D32: 0.05 | E32: 6.4
A33: BOM DESPACHO | B33: BDP | C33: 074 | D33: 0.03 | E33: 6.4
A34: BOM SUCESSO | B34: BMS | C34: 080 | D34: 0.03 | E34: 6.4
A35: BONFIM | B35: BFM | C35: 081 | D35: 0.02 | E35: 6.4
A36: BONFINOPOLIS DE MINAS | B36: BFS | C36: 082 | D36: 0.02 | E36: 6.4
A37: BORDA DA MATA | B37: BOM | C37: 083 | E37: 6.4
A38: BOTELHOS | B38: BHS | C38: 084 | E38: 6.4
A39: BRASILIA DE MINAS | B39: BMN | C39: 086 | D39: 0.03 | E39: 6.4
A40: BRAZOPOLIS | B40: BPS | C40: 089 | D40: 0.02 | E40: 6.4
A41: BRUMADINHO | B41: BMO | C41: 090 | D41: 0.05 | E41: 6.4
A42: BUENO BRANDAO | B42: BBD | C42: 091 | D42: 0.02 | E42: 6.4
A43: BUENOPOLIS | B43: BUS | C43: 092 | E43: 6.4
A44: BURITIS | B44: BII | C44: 093 | D44: 0.02 | E44: 6.4
A45: CABO VERDE | B45: CBV | C45: 095 | E45: 6.4
A46: CACHOEIRA DE MINAS | B46: CHS | C46: 097 | D46: 0.03 | E46: 6.4
A47: CAETE | B47: CET | C47: 045 | D47: 0.03 | E47: 6.4
A48: CALDAS | B48: CAD | C48: 103 | D48: 0.03 | E48: 6.4
A49: CAMANDUCAIA | B49: CDU | C49: 878 | D49: 0.02 | E49: 6.4
A50: CAMBUI | B50: CBI | C50: 106 | D50: 0.03 | E50: 6.4
A51: CAMBUQUIRA | B51: CAQ | C51: 107 | E51: 6.4
A52: CAMPANHA | B52: CPH | C52: 109 | D52: 0.03 | E52: 6.4
A53: CAMPESTRE | B53: CST | C53: 110 | E53: 6.4
A54: CAMPINA VERDE | B54: CVE | C54: 111 | E54: 6.4
A55: CAMPO BELO | B55: CPO | C55: 112 | D55: 0.03 | E55: 6.4
A56: CAMPOS ALTOS | B56: CMT | C56: 115 | D56: 0.03 | E56: 6.4
A57: CAMPOS GERAIS | B57: CPG | C57: 116 | D57: 0.02 | E57: 6.4
A58: CANAPOLIS | B58: COI | C58: 118 | D58: 0.05 | E58: 6.4
A59: CANDEIAS | B59: CWA | C59: 120 | D59: 0.02 | E59: 6.4
A60: CAPELINHA | B60: CLH | C60: 123 | D60: 0.03 | E60: 6.4
A61: CAPINOPOLIS | B61: CNS | C61: 126 | E61: 6.4
A62: CARANDAI | B62: CRD | C62: 132 | D62: 0.05 | E62: 6.4
A63: CARANGOLA | B63: CRL | C63: 133 | D63: 0.05 | E63: 6.4
A64: CARATINGA | B64: CGA | C64: 134 | D64: 0.03 | E64: 6.4
A65: CARLOS CHAGAS | B65: CCH | C65: 137 | D65: 0.05 | E65: 6.4
A66: CARMO DA MATA | B66: COM | C66: 140 | E66: 6.4
A67: CARMO DE MINAS | B67: CAE | C67: 141 | E67: 6.4
A68: CARMO DO CAJURU | B68: CCU | C68: 142 | E68: 6.4
A69: CARMO DO PARANAIBA | B69: CMI | C69: 143 | D69: 0.03 | E69: 6.4
A70: CARMO DO RIO CLARO | B70: CRC | C70: 144 | D70: 0.02 | E70: 6.4
A71: CARMOPOLIS DE MINAS | B71: CRM | C71: 879 | D71: 0.05 | E71: 6.4
A72: CASSIA | B72: CSA | C72: 151 | D72: 0.03 | E72: 6.4
A73: CATAGUASES | B73: CGS | C73: 153 | D73: 0.05 | E73: 6.4
A74: CAXAMBU | B74: CAX | C74: 155 | D74: 0.03 | E74: 6.4
A75: CLAUDIO | B75: CLU | C75: 166 | D75: 0.03 | E75: 6.4
A76: CONCEICAO DAS ALAGOAS | B76: CLS | C76: 172 | D76: 0.02 | E76: 6.4
A77: CONCEICAO DO MATO DENTRO | B77: CMD | C77: 175 | D77: 0.03 | E77: 6.4
A78: CONCEICAO DO RIO VERDE | B78: CVR | C78: 177 | E78: 6.4
A79: CONGONHAS | B79: CNG | C79: 180 | D79: 0.05 | E79: 6.4
A80: CONQUISTA | B80: CQT | C80: 182 | D80: 0.05 | E80: 6.4
A81: CONSELHEIRO LAFAIETE | B81: CNL | C81: 183 | D81: 0.03 | E81: 6.4
A82: CONSELHEIRO PENA | B82: CSN | C82: 184 | D82: 0.03 | E82: 6.4
A83: CONTAGEM | B83: CEM | C83: 079 | D83: 0.02 | E83: 6.4
A84: CORACAO DE JESUS | B84: COJ | C84: 775 | D84: 0.05 | E84: 6.4
A85: CORINTO | B85: CIT | C85: 191 | D85: 0.05 | E85: 6.4
A86: COROMANDEL | B86: CEL | C86: 193 | D86: 0.05 | E86: 6.4
A87: CORONEL FABRICIANO | B87: CRF | C87: 194 | D87: 0.05 | E87: 6.4
A88: CRISTINA | B88: CSI | C88: 205 | E88: 6.4
A89: CRUZILIA | B89: CZL | C89: 208 | D89: 0.03 | E89: 6.4
A90: CURVELO | B90: CUV | C90: 209 | D90: 0.02 | E90: 6.4
A91: DIAMANTINA | B91: DMT | C91: 216 | D91: 0.03 | E91: 6.4
A92: DIVINO | B92: DVO | C92: 220 | D92: 0.05 | E92: 6.4
A93: DIVINOPOLIS | B93: DVL | C93: 223 | D93: 0.03 | E93: 6.4
A94: DORES DO INDAIA | B94: DDI | C94: 232 | D94: 0.02 | E94: 6.4
A95: ELOI MENDES | B95: ELM | C95: 236 | D95: 0.05 | E95: 6.4
A96: ENTRE RIOS DE MINAS | B96: ERM | C96: 239 | E96: 6.4
A97: ERVALIA | B97: ERV | C97: 240 | D97: 0.03 | E97: 6.4
A98: ESMERALDAS | B98: EES | C98: 241 | D98: 0.02 | E98: 6.4
A99: ESPERA FELIZ | B99: EEP | C99: 242 | E99: 6.4
A100: ESPINOSA | B100: EPS | C100: 243 | D100: 0.03 | E100: 6.4
...

Sheet UNIFORMES
A2: Os preços unitários dos uniformes poderão ser reduzidos na licitação. Para tanto, basta filtrar o item e o tipo de uniforme e alterar o valor nas células da coluna D preenchidas em "amarelo".
N5: Tipo | O5: Valores
A6: Item | B6: Tipo | C6: DATA PUBLICAÇÃO | D6: Valor Inicial | E6: Valor Reajustado | F6: Qtde Anual de Peças | G6: Cargo | H6: Qtde. funcionários | I6: Total | J6: Qtde. Geral anual | K6: Valor unit. Mensal | N6: Brim, com cós de ajuste por amarração de cordão | O6: Brim, com cós de ajuste por amarração de cordão | P6: Brim, com cós de ajuste por amarração de cordão | Q6: Malha - PV | R6: Malha - PV | S6: Malha - PV | T6: Moletom aberto | U6: Moletom aberto | V6: Moletom aberto | W6: Bota de Borracha | X6: Bota de Borracha | Y6: Bota de Borracha | Z6: Calçado Ocupacional de Uso Profissional Tipo Sapato | AA6: Calçado Ocupacional de Uso Profissional Tipo Sapato | AB6: Calçado Ocupacional de Uso Profissional Tipo Sapato | AC6: Luva Nitrílica (Cano Médio) | AD6: Luva Nitrílica (Cano Médio) | AE6: Luva Nitrílica (Cano Médio) | AF6: Calçado Ocupacional Tipo Botina | AG6: Calçado Ocupacional Tipo Botina | AH6: Calçado Ocupacional Tipo Botina | AI6: Óculos de Segurança de Sobreposição Incolor Ou Fumê | AJ6: Óculos de Segurança de Sobreposição Incolor Ou Fumê | AK6: Óculos de Segurança de Sobreposição Incolor Ou Fumê | AL6: Total Qtde. itens p/ ano | AM6: Total Valor p/ ano | AN6: Total Valor unitário mensal
A7: Calça Comprida | B7: Brim, com cós de ajuste por amarração de cordão | D7: 60.93 | E7: {=tabUniformes[[#This Row],[Valor Inicial]]*IFERROR(PRODUCT(1+_xlfn._xlws.FILTER(tabIndices[PERCENTUAL],tabIndices[DATA DA PUBLICAÇÃO]>tabUniformes[[#This Row],[DATA PUBLICAÇÃO]])),1)} -> 60.93 | F7: 2 | G7: AUXILIAR DE LIMPEZA - 110 H | H7: 77 | I7: =tabUniformes[[#This Row],[Valor Reajustado]]*tabUniformes[[#This Row],[Qtde Anual de Peças]]*tabUniformes[[#This Row],[Qtde. funcionários]] -> 9383.22 | J7: =tabUniformes[[#This Row],[Qtde Anual de Peças]]*tabUniformes[[#This Row],[Qtde. funcionários]] -> 154 | K7: =IFERROR(tabUniformes[[#This Row],[Total]]/12/tabUniformes[[#This Row],[Qtde. funcionários]],0) -> 10.155 | L7: Cargo | M7: Qtde. funcionários | N7: Qtde. itens p/ ano | O7: Valor p/ ano | P7: Valor unitário mensal | Q7: Qtde. itens p/ ano | R7: Valor p/ ano | S7: Valor unitário mensal | T7: Qtde. itens p/ ano | U7: Valor p/ ano | V7: Valor unitário mensal | W7: Qtde. itens p/ ano | X7: Valor p/ ano | Y7: Valor unitário mensal | Z7: Qtde. itens p/ ano | AA7: Valor p/ ano | AB7: Valor unitário mensal | AC7: Qtde. itens p/ ano | AD7: Valor p/ ano | AE7: Valor unitário mensal | AF7: Qtde. itens p/ ano | AG7: Valor p/ ano | AH7: Valor unitário mensal | AI7: Qtde. itens p/ ano | AJ7: Valor p/ ano | AK7: Valor unitário mensal
A8: Camisa manga curta | B8: Malha - PV | D8: 40.85 | E8: {=tabUniformes[[#This Row],[Valor Inicial]]*IFERROR(PRODUCT(1+_xlfn._xlws.FILTER(tabIndices[PERCENTUAL],tabIndices[DATA DA PUBLICAÇÃO]>tabUniformes[[#This Row],[DATA PUBLICAÇÃO]])),1)} -> 40.85 | F8: 4 | G8: AUXILIAR DE LIMPEZA - 110 H | H8: 77 | I8: =tabUniformes[[#This Row],[Valor Reajustado]]*tabUniformes[[#This Row],[Qtde Anual de Peças]]*tabUniformes[[#This Row],[Qtde. funcionários]] -> 12581.8 | J8: =tabUniformes[[#This Row],[Qtde Anual de Peças]]*tabUniformes[[#This Row],[Qtde. funcionários]] -> 308 | K8: =IFERROR(tabUniformes[[#This Row],[Total]]/12/tabUniformes[[#This Row],[Qtde. funcionários]],0) -> 13.616667 | L8: AUXILIAR DE LIMPEZA - 110 H | M8: 77 | N8: 154 | O8: 9383.22 | P8: 10.155 | Q8: 308 | R8: 12581.8 | S8: 13.616667 | T8: 77 | U8: 7325.01 | V8: 7.9275 | W8: 77 | X8: 3849.23 | Y8: 4.1658333 | Z8: 154 | AA8: 14748.58 | AB8: 15.961667 | AC8: 1848 | AD8: 10145.52 | AE8: 10.98 | AL8: 2618 | AM8: 58033.36 | AN8: 62.806667
A9: Agasalho | B9: Moletom aberto | D9: 95.13 | E9: {=tabUniformes[[#This Row],[Valor Inicial]]*IFERROR(PRODUCT(1+_xlfn._xlws.FILTER(tabIndices[PERCENTUAL],tabIndices[DATA DA PUBLICAÇÃO]>tabUniformes[[#This Row],[DATA PUBLICAÇÃO]])),1)} -> 95.13 | F9: 1 | G9: AUXILIAR DE LIMPEZA - 110 H | H9: 77 | I9: =tabUniformes[[#This Row],[Valor Reajustado]]*tabUniformes[[#This Row],[Qtde Anual de Peças]]*tabUniformes[[#This Row],[Qtde. funcionários]] -> 7325.01 | J9: =tabUniformes[[#This Row],[Qtde Anual de Peças]]*tabUniformes[[#This Row],[Qtde. funcionários]] -> 77 | K9: =IFERROR(tabUniformes[[#This Row],[Total]]/12/tabUniformes[[#This Row],[Qtde. funcionários]],0) -> 7.9275 | L9: AUXILIAR DE LIMPEZA - 12 X 36 - DIURNO | M9: 2 | N9: 8 | O9: 487.44 | P9: 20.31 | Q9: 16 | R9: 653.6 | S9: 27.233333 | T9: 2 | U9: 190.26 | V9: 7.9275 | W9: 4 | X9: 199.96 | Y9: 8.3316667 | Z9: 4 | AA9: 383.08 | AB9: 15.961667 | AC9: 92 | AD9: 505.08 | AE9: 21.045 | AL9: 126 | AM9: 2419.42 | AN9: 100.80917
A10: Calçado | B10: Bota de Borracha | D10: 49.99 | E10: {=tabUniformes[[#This Row],[Valor Inicial]]*IFERROR(PRODUCT(1+_xlfn._xlws.FILTER(tabIndices[PERCENTUAL],tabIndices[DATA DA PUBLICAÇÃO]>tabUniformes[[#This Row],[DATA PUBLICAÇÃO]])),1)} -> 49.99 | F10: 1 | G10: AUXILIAR DE LIMPEZA - 110 H | H10: 77 | I10: =tabUniformes[[#This Row],[Valor Reajustado]]*tabUniformes[[#This Row],[Qtde Anual de Peças]]*tabUniformes[[#This Row],[Qtde. funcionários]] -> 3849.23 | J10: =tabUniformes[[#This Row],[Qtde Anual de Peças]]*tabUniformes[[#This Row],[Qtde. funcionários]] -> 77 | K10: =IFERROR(tabUniformes[[#This Row],[Total]]/12/tabUniformes[[#This Row],[Qtde. funcionários]],0) -> 4.1658333 | L10: AUXILIAR DE LIMPEZA - 12 X 36 - NOTURNO | M10: 2 | N10: 8 | O10: 487.44 | P10: 20.31 | Q10: 16 | R10: 653.6 | S10: 27.233333 | T10: 2 | U10: 190.26 | V10: 7.9275 | W10: 4 | X10: 199.96 | Y10: 8.3316667 | Z10: 4 | AA10: 383.08 | AB10: 15.961667 | AC10: 92 | AD10: 505.08 | AE10: 21.045 | AL10: 126 | AM10: 2419.42 | AN10: 100.80917
A11: Calçado | B11: Calçado Ocupacional de Uso Profissional Tipo Sapato | D11: 95.77 | E11: {=tabUniformes[[#This Row],[Valor Inicial]]*IFERROR(PRODUCT(1+_xlfn._xlws.FILTER(tabIndices[PERCENTUAL],tabIndices[DATA DA PUBLICAÇÃO]>tabUniformes[[#This Row],[DATA PUBLICAÇÃO]])),1)} -> 95.77 | F11: 2 | G11: AUXILIAR DE LIMPEZA - 110 H | H11: 77 | I11: =tabUniformes[[#This Row],[Valor Reajustado]]*tabUniformes[[#This Row],[Qtde Anual de Peças]]*tabUniformes[[#This Row],[Qtde. funcionários]] -> 14748.58 | J11: =tabUniformes[[#This Row],[Qtde Anual de Peças]]*tabUniformes[[#This Row],[Qtde. funcionários]] -> 154 | K11: =IFERROR(tabUniformes[[#This Row],[Total]]/12/tabUniformes[[#This Row],[Qtde. funcionários]],0) -> 15.961667 | L11: AUXILIAR DE LIMPEZA - 150 H | M11: 19 | N11: 76 | O11: 4630.68 | P11: 20.31 | Q11: 152 | R11: 6209.2 | S11: 27.233333 | T11: 19 | U11: 1807.47 | V11: 7.9275 | W11: 38 | X11: 1899.62 | Y11: 8.3316667 | Z11: 38 | AA11: 3639.26 | AB11: 15.961667 | AC11: 874 | AD11: 4798.26 | AE11: 21.045 | AL11: 1197 | AM11: 22984.49 | AN11: 100.80917
A12: Luvas | B12: Luva Nitrílica (Cano Médio) | D12: 5.49 | E12: {=tabUniformes[[#This Row],[Valor Inicial]]*IFERROR(PRODUCT(1+_xlfn._xlws.FILTER(tabIndices[PERCENTUAL],tabIndices[DATA DA PUBLICAÇÃO]>tabUniformes[[#This Row],[DATA PUBLICAÇÃO]])),1)} -> 5.49 | F12: 24 | G12: AUXILIAR DE LIMPEZA - 110 H | H12: 77 | I12: =tabUniformes[[#This Row],[Valor Reajustado]]*tabUniformes[[#This Row],[Qtde Anual de Peças]]*tabUniformes[[#This Row],[Qtde. funcionários]] -> 10145.52 | J12: =tabUniformes[[#This Row],[Qtde Anual de Peças]]*tabUniformes[[#This Row],[Qtde. funcionários]] -> 1848 | K12: =IFERROR(tabUniformes[[#This Row],[Total]]/12/tabUniformes[[#This Row],[Qtde. funcionários]],0) -> 10.98 | L12: AUXILIAR DE LIMPEZA - 220 H | M12: 254 | N12: 1016 | O12: 61904.88 | P12: 20.31 | Q12: 2032 | R12: 83007.2 | S12: 27.233333 | T12: 254 | U12: 24163.02 | V12: 7.9275 | W12: 508 | X12: 25394.92 | Y12: 8.3316667 | Z12: 508 | AA12: 48651.16 | AB12: 15.961667 | AC12: 11684 | AD12: 64145.16 | AE12: 21.045 | AL12: 16002 | AM12: 307266.34 | AN12: 100.80917
A13: Calça Comprida | B13: Brim, com cós de ajuste por amarração de cordão | D13: 60.93 | E13: {=tabUniformes[[#This Row],[Valor Inicial]]*IFERROR(PRODUCT(1+_xlfn._xlws.FILTER(tabIndices[PERCENTUAL],tabIndices[DATA DA PUBLICAÇÃO]>tabUniformes[[#This Row],[DATA PUBLICAÇÃO]])),1)} -> 60.93 | F13: 4 | G13: AUXILIAR DE LIMPEZA - 12 X 36 - DIURNO | H13: 2 | I13: =tabUniformes[[#This Row],[Valor Reajustado]]*tabUniformes[[#This Row],[Qtde Anual de Peças]]*tabUniformes[[#This Row],[Qtde. funcionários]] -> 487.44 | J13: =tabUniformes[[#This Row],[Qtde Anual de Peças]]*tabUniformes[[#This Row],[Qtde. funcionários]] -> 8 | K13: =IFERROR(tabUniformes[[#This Row],[Total]]/12/tabUniformes[[#This Row],[Qtde. funcionários]],0) -> 20.31 | L13: AUXILIAR DE LIMPEZA - 75 H | M13: 79 | N13: 158 | O13: 9626.94 | P13: 10.155 | Q13: 316 | R13: 12908.6 | S13: 13.616667 | T13: 79 | U13: 7515.27 | V13: 7.9275 | W13: 79 | X13: 3949.21 | Y13: 4.1658333 | Z13: 158 | AA13: 15131.66 | AB13: 15.961667 | AC13: 1896 | AD13: 10409.04 | AE13: 10.98 | AL13: 2686 | AM13: 59540.72 | AN13: 62.806667
A14: Camisa manga curta | B14: Malha - PV | D14: 40.85 | E14: {=tabUniformes[[#This Row],[Valor Inicial]]*IFERROR(PRODUCT(1+_xlfn._xlws.FILTER(tabIndices[PERCENTUAL],tabIndices[DATA DA PUBLICAÇÃO]>tabUniformes[[#This Row],[DATA PUBLICAÇÃO]])),1)} -> 40.85 | F14: 8 | G14: AUXILIAR DE LIMPEZA - 12 X 36 - DIURNO | H14: 2 | I14: =tabUniformes[[#This Row],[Valor Reajustado]]*tabUniformes[[#This Row],[Qtde Anual de Peças]]*tabUniformes[[#This Row],[Qtde. funcionários]] -> 653.6 | J14: =tabUniformes[[#This Row],[Qtde Anual de Peças]]*tabUniformes[[#This Row],[Qtde. funcionários]] -> 16 | K14: =IFERROR(tabUniformes[[#This Row],[Total]]/12/tabUniformes[[#This Row],[Qtde. funcionários]],0) -> 27.233333 | L14: LIMPADOR DE VIDROS - 220 H | M14: 4 | N14: 16 | O14: 974.88 | P14: 20.31 | Q14: 32 | R14: 1307.2 | S14: 27.233333 | T14: 4 | U14: 380.52 | V14: 7.9275 | AC14: 96 | AD14: 527.04 | AE14: 10.98 | AF14: 8 | AG14: 2240.32 | AH14: 46.673333 | AI14: 8 | AJ14: 61.36 | AK14: 1.2783333 | AL14: 164 | AM14: 5491.32 | AN14: 114.4025
A15: Agasalho | B15: Moletom aberto | D15: 95.13 | E15: {=tabUniformes[[#This Row],[Valor Inicial]]*IFERROR(PRODUCT(1+_xlfn._xlws.FILTER(tabIndices[PERCENTUAL],tabIndices[DATA DA PUBLICAÇÃO]>tabUniformes[[#This Row],[DATA PUBLICAÇÃO]])),1)} -> 95.13 | F15: 1 | G15: AUXILIAR DE LIMPEZA - 12 X 36 - DIURNO | H15: 2 | I15: =tabUniformes[[#This Row],[Valor Reajustado]]*tabUniformes[[#This Row],[Qtde Anual de Peças]]*tabUniformes[[#This Row],[Qtde. funcionários]] -> 190.26 | J15: =tabUniformes[[#This Row],[Qtde Anual de Peças]]*tabUniformes[[#This Row],[Qtde. funcionários]] -> 2 | K15: =IFERROR(tabUniformes[[#This Row],[Total]]/12/tabUniformes[[#This Row],[Qtde. funcionários]],0) -> 7.9275 | L15: Total Geral | N15: 1436 | O15: 87495.48 | P15: 121.86 | Q15: 2872 | R15: 117321.2 | S15: 163.4 | T15: 437 | U15: 41571.81 | V15: 55.4925 | W15: 710 | X15: 35492.9 | Y15: 41.658333 | Z15: 866 | AA15: 82936.82 | AB15: 95.77 | AC15: 16582 | AD15: 91035.18 | AE15: 117.12 | AF15: 8 | AG15: 2240.32 | AH15: 46.673333 | AI15: 8 | AJ15: 61.36 | AK15: 1.2783333 | AL15: 22919 | AM15: 458155.07 | AN15: 643.2525
A16: Calçado | B16: Bota de Borracha | D16: 49.99 | E16: {=tabUniformes[[#This Row],[Valor Inicial]]*IFERROR(PRODUCT(1+_xlfn._xlws.FILTER(tabIndices[PERCENTUAL],tabIndices[DATA DA PUBLICAÇÃO]>tabUniformes[[#This Row],[DATA PUBLICAÇÃO]])),1)} -> 49.99 | F16: 2 | G16: AUXILIAR DE LIMPEZA - 12 X 36 - DIURNO | H16: 2 | I16: =tabUniformes[[#This Row],[Valor Reajustado]]*tabUniformes[[#This Row],[Qtde Anual de Peças]]*tabUniformes[[#This Row],[Qtde. funcionários]] -> 199.96 | J16: =tabUniformes[[#This Row],[Qtde Anual de Peças]]*tabUniformes[[#This Row],[Qtde. funcionários]] -> 4 | K16: =IFERROR(tabUniformes[[#This Row],[Total]]/12/tabUniformes[[#This Row],[Qtde. funcionários]],0) -> 8.3316667
A17: Calçado | B17: Calçado Ocupacional de Uso Profissional Tipo Sapato | D17: 95.77 | E17: {=tabUniformes[[#This Row],[Valor Inicial]]*IFERROR(PRODUCT(1+_xlfn._xlws.FILTER(tabIndices[PERCENTUAL],tabIndices[DATA DA PUBLICAÇÃO]>tabUniformes[[#This Row],[DATA PUBLICAÇÃO]])),1)} -> 95.77 | F17: 2 | G17: AUXILIAR DE LIMPEZA - 12 X 36 - DIURNO | H17: 2 | I17: =tabUniformes[[#This Row],[Valor Reajustado]]*tabUniformes[[#This Row],[Qtde Anual de Peças]]*tabUniformes[[#This Row],[Qtde. funcionários]] -> 383.08 | J17: =tabUniformes[[#This Row],[Qtde Anual de Peças]]*tabUniformes[[#This Row],[Qtde. funcionários]] -> 4 | K17: =IFERROR(tabUniformes[[#This Row],[Total]]/12/tabUniformes[[#This Row],[Qtde. funcionários]],0) -> 15.961667
A18: Luvas | B18: Luva Nitrílica (Cano Médio) | D18: 5.49 | E18: {=tabUniformes[[#This Row],[Valor Inicial]]*IFERROR(PRODUCT(1+_xlfn._xlws.FILTER(tabIndices[PERCENTUAL],tabIndices[DATA DA PUBLICAÇÃO]>tabUniformes[[#This Row],[DATA PUBLICAÇÃO]])),1)} -> 5.49 | F18: 46 | G18: AUXILIAR DE LIMPEZA - 12 X 36 - DIURNO | H18: 2 | I18: =tabUniformes[[#This Row],[Valor Reajustado]]*tabUniformes[[#This Row],[Qtde Anual de Peças]]*tabUniformes[[#This Row],[Qtde. funcionários]] -> 505.08 | J18: =tabUniformes[[#This Row],[Qtde Anual de Peças]]*tabUniformes[[#This Row],[Qtde. funcionários]] -> 92 | K18: =IFERROR(tabUniformes[[#This Row],[Total]]/12/tabUniformes[[#This Row],[Qtde. funcionários]],0) -> 21.045
A19: Calça Comprida | B19: Brim, com cós de ajuste por amarração de cordão | D19: 60.93 | E19: {=tabUniformes[[#This Row],[Valor Inicial]]*IFERROR(PRODUCT(1+_xlfn._xlws.FILTER(tabIndices[PERCENTUAL],tabIndices[DATA DA PUBLICAÇÃO]>tabUniformes[[#This Row],[DATA PUBLICAÇÃO]])),1)} -> 60.93 | F19: 4 | G19: AUXILIAR DE LIMPEZA - 12 X 36 - NOTURNO | H19: 2 | I19: =tabUniformes[[#This Row],[Valor Reajustado]]*tabUniformes[[#This Row],[Qtde Anual de Peças]]*tabUniformes[[#This Row],[Qtde. funcionários]] -> 487.44 | J19: =tabUniformes[[#This Row],[Qtde Anual de Peças]]*tabUniformes[[#This Row],[Qtde. funcionários]] -> 8 | K19: =IFERROR(tabUniformes[[#This Row],[Total]]/12/tabUniformes[[#This Row],[Qtde. funcionários]],0) -> 20.31
A20: Camisa manga curta | B20: Malha - PV | D20: 40.85 | E20: {=tabUniformes[[#This Row],[Valor Inicial]]*IFERROR(PRODUCT(1+_xlfn._xlws.FILTER(tabIndices[PERCENTUAL],tabIndices[DATA DA PUBLICAÇÃO]>tabUniformes[[#This Row],[DATA PUBLICAÇÃO]])),1)} -> 40.85 | F20: 8 | G20: AUXILIAR DE LIMPEZA - 12 X 36 - NOTURNO | H20: 2 | I20: =tabUniformes[[#This Row],[Valor Reajustado]]*tabUniformes[[#This Row],[Qtde Anual de Peças]]*tabUniformes[[#This Row],[Qtde. funcionários]] -> 653.6 | J20: =tabUniformes[[#This Row],[Qtde Anual de Peças]]*tabUniformes[[#This Row],[Qtde. funcionários]] -> 16 | K20: =IFERROR(tabUniformes[[#This Row],[Total]]/12/tabUniformes[[#This Row],[Qtde. funcionários]],0) -> 27.233333
A21: Agasalho | B21: Moletom aberto | D21: 95.13 | E21: {=tabUniformes[[#This Row],[Valor Inicial]]*IFERROR(PRODUCT(1+_xlfn._xlws.FILTER(tabIndices[PERCENTUAL],tabIndices[DATA DA PUBLICAÇÃO]>tabUniformes[[#This Row],[DATA PUBLICAÇÃO]])),1)} -> 95.13 | F21: 1 | G21: AUXILIAR DE LIMPEZA - 12 X 36 - NOTURNO | H21: 2 | I21: =tabUniformes[[#This Row],[Valor Reajustado]]*tabUniformes[[#This Row],[Qtde Anual de Peças]]*tabUniformes[[#This Row],[Qtde. funcionários]] -> 190.26 | J21: =tabUniformes[[#This Row],[Qtde Anual de Peças]]*tabUniformes[[#This Row],[Qtde. funcionários]] -> 2 | K21: =IFERROR(tabUniformes[[#This Row],[Total]]/12/tabUniformes[[#This Row],[Qtde. funcionários]],0) -> 7.9275
A22: Calçado | B22: Bota de Borracha | D22: 49.99 | E22: {=tabUniformes[[#This Row],[Valor Inicial]]*IFERROR(PRODUCT(1+_xlfn._xlws.FILTER(tabIndices[PERCENTUAL],tabIndices[DATA DA PUBLICAÇÃO]>tabUniformes[[#This Row],[DATA PUBLICAÇÃO]])),1)} -> 49.99 | F22: 2 | G22: AUXILIAR DE LIMPEZA - 12 X 36 - NOTURNO | H22: 2 | I22: =tabUniformes[[#This Row],[Valor Reajustado]]*tabUniformes[[#This Row],[Qtde Anual de Peças]]*tabUniformes[[#This Row],[Qtde. funcionários]] -> 199.96 | J22: =tabUniformes[[#This Row],[Qtde Anual de Peças]]*tabUniformes[[#This Row],[Qtde. funcionários]] -> 4 | K22: =IFERROR(tabUniformes[[#This Row],[Total]]/12/tabUniformes[[#This Row],[Qtde. funcionários]],0) -> 8.3316667
A23: Calçado | B23: Calçado Ocupacional de Uso Profissional Tipo Sapato | D23: 95.77 | E23: {=tabUniformes[[#This Row],[Valor Inicial]]*IFERROR(PRODUCT(1+_xlfn._xlws.FILTER(tabIndices[PERCENTUAL],tabIndices[DATA DA PUBLICAÇÃO]>tabUniformes[[#This Row],[DATA PUBLICAÇÃO]])),1)} -> 95.77 | F23: 2 | G23: AUXILIAR DE LIMPEZA - 12 X 36 - NOTURNO | H23: 2 | I23: =tabUniformes[[#This Row],[Valor Reajustado]]*tabUniformes[[#This Row],[Qtde Anual de Peças]]*tabUniformes[[#This Row],[Qtde. funcionários]] -> 383.08 | J23: =tabUniformes[[#This Row],[Qtde Anual de Peças]]*tabUniformes[[#This Row],[Qtde. funcionários]] -> 4 | K23: =IFERROR(tabUniformes[[#This Row],[Total]]/12/tabUniformes[[#This Row],[Qtde. funcionários]],0) -> 15.961667
A24: Luvas | B24: Luva Nitrílica (Cano Médio) | D24: 5.49 | E24: {=tabUniformes[[#This Row],[Valor Inicial]]*IFERROR(PRODUCT(1+_xlfn._xlws.FILTER(tabIndices[PERCENTUAL],tabIndices[DATA DA PUBLICAÇÃO]>tabUniformes[[#This Row],[DATA PUBLICAÇÃO]])),1)} -> 5.49 | F24: 46 | G24: AUXILIAR DE LIMPEZA - 12 X 36 - NOTURNO | H24: 2 | I24: =tabUniformes[[#This Row],[Valor Reajustado]]*tabUniformes[[#This Row],[Qtde Anual de Peças]]*tabUniformes[[#This Row],[Qtde. funcionários]] -> 505.08 | J24: =tabUniformes[[#This Row],[Qtde Anual de Peças]]*tabUniformes[[#This Row],[Qtde. funcionários]] -> 92 | K24: =IFERROR(tabUniformes[[#This Row],[Total]]/12/tabUniformes[[#This Row],[Qtde. funcionários]],0) -> 21.045
A25: Calça Comprida | B25: Brim, com cós de ajuste por amarração de cordão | D25: 60.93 | E25: {=tabUniformes[[#This Row],[Valor Inicial]]*IFERROR(PRODUCT(1+_xlfn._xlws.FILTER(tabIndices[PERCENTUAL],tabIndices[DATA DA PUBLICAÇÃO]>tabUniformes[[#This Row],[DATA PUBLICAÇÃO]])),1)} -> 60.93 | F25: 4 | G25: AUXILIAR DE LIMPEZA - 150 H | H25: 19 | I25: =tabUniformes[[#This Row],[Valor Reajustado]]*tabUniformes[[#This Row],[Qtde Anual de Peças]]*tabUniformes[[#This Row],[Qtde. funcionários]] -> 4630.68 | J25: =tabUniformes[[#This Row],[Qtde Anual de Peças]]*tabUniformes[[#This Row],[Qtde. funcionários]] -> 76 | K25: =IFERROR(tabUniformes[[#This Row],[Total]]/12/tabUniformes[[#This Row],[Qtde. funcionários]],0) -> 20.31
A26: Camisa manga curta | B26: Malha - PV | D26: 40.85 | E26: {=tabUniformes[[#This Row],[Valor Inicial]]*IFERROR(PRODUCT(1+_xlfn._xlws.FILTER(tabIndices[PERCENTUAL],tabIndices[DATA DA PUBLICAÇÃO]>tabUniformes[[#This Row],[DATA PUBLICAÇÃO]])),1)} -> 40.85 | F26: 8 | G26: AUXILIAR DE LIMPEZA - 150 H | H26: 19 | I26: =tabUniformes[[#This Row],[Valor Reajustado]]*tabUniformes[[#This Row],[Qtde Anual de Peças]]*tabUniformes[[#This Row],[Qtde. funcionários]] -> 6209.2 | J26: =tabUniformes[[#This Row],[Qtde Anual de Peças]]*tabUniformes[[#This Row],[Qtde. funcionários]] -> 152 | K26: =IFERROR(tabUniformes[[#This Row],[Total]]/12/tabUniformes[[#This Row],[Qtde. funcionários]],0) -> 27.233333
A27: Agasalho | B27: Moletom aberto | D27: 95.13 | E27: {=tabUniformes[[#This Row],[Valor Inicial]]*IFERROR(PRODUCT(1+_xlfn._xlws.FILTER(tabIndices[PERCENTUAL],tabIndices[DATA DA PUBLICAÇÃO]>tabUniformes[[#This Row],[DATA PUBLICAÇÃO]])),1)} -> 95.13 | F27: 1 | G27: AUXILIAR DE LIMPEZA - 150 H | H27: 19 | I27: =tabUniformes[[#This Row],[Valor Reajustado]]*tabUniformes[[#This Row],[Qtde Anual de Peças]]*tabUniformes[[#This Row],[Qtde. funcionários]] -> 1807.47 | J27: =tabUniformes[[#This Row],[Qtde Anual de Peças]]*tabUniformes[[#This Row],[Qtde. funcionários]] -> 19 | K27: =IFERROR(tabUniformes[[#This Row],[Total]]/12/tabUniformes[[#This Row],[Qtde. funcionários]],0) -> 7.9275
... A48: Óculos | B48: Óculos de Segurança de Sobreposição Incolor Ou Fumê | D48: 7.67 | E48: {=tabUniformes[[#This Row],[Valor Inicial]]*IFERROR(PRODUCT(1+_xlfn._xlws.FILTER(tabIndices[PERCENTUAL],tabIndices[DATA DA PUBLICAÇÃO]>tabUniformes[[#This Row],[DATA PUBLICAÇÃO]])),1)} -> 7.67 | F48: 2 | G48: LIMPADOR DE VIDROS - 220 H | H48: 4 | I48: =tabUniformes[[#This Row],[Valor Reajustado]]*tabUniformes[[#This Row],[Qtde Anual de Peças]]*tabUniformes[[#This Row],[Qtde. funcionários]] -> 61.36 | J48: =tabUniformes[[#This Row],[Qtde Anual de Peças]]*tabUniformes[[#This Row],[Qtde. funcionários]] -> 8 | K48: =IFERROR(tabUniformes[[#This Row],[Total]]/12/tabUniformes[[#This Row],[Qtde. funcionários]],0) -> 1.2783333

Sheet INSUMOS AUX. DE LIMPEZA
A1: APENSO IX - Quantitativo estimado e preços de referência de Materiais de Consumo APENSO X – Quantitativo estimado e preços de referência de Produtos de Limpeza APENSO XI- Quantitativo estimado e preços de Máquinas e Equipamentos – Depreciação Mensal
A3: ORDEM | B3: QUANT. ITEM | C3: UNIDADE | D3: CARGA HORÁRIA INICIAL | E3: DESCRIÇÃO | F3: TIPO | G3: PERIODICIDADE DE FORNECIMENTO | H3: TA / APOST | I3: DATA PUBLICAÇÃO | J3: PREÇO INICIAL - (R$) | K3: PREÇO TOTAL - (R$) | L3: PREÇO UNIDADE - (R$) | M3: VALOR - DEPRECIAÇÃO MENSAL - UNIDADE (R$) | N3: VALOR DEPRECIAÇÃO MENSAL - TOTAL (R$) | O3: VALOR - DEPRECIAÇÃO ANUAL - TOTAL (R$) | P3: VALOR UNITÁRIO P/ HORA (R$)
A4: =ROW()-3 -> 1 | B4: 4 | C4: UNIDADE | D4: =79*75+77*110+19*150+(254+2+2)*220 -> 74005 | E4: Aspirador de pó e água industrial, capacidade mínima de 70 Litros, potência mínima de 2400w, e tensão de 127v ou bivolt. Marcas Nagano ou Wap ou similar. | F4: Equipamento | G4: CONTRATUAL | J4: 2465.41 | K4: =tabLimpGeral[[#This Row],[PREÇO UNIDADE - (R$)]]*tabLimpGeral[[#This Row],[QUANT. ITEM]] -> 9861.64 | L4: {=tabLimpGeral[[#This Row],[PREÇO INICIAL - (R$)]]*IFERROR(PRODUCT(1+_xlfn._xlws.FILTER(tabIndices[PERCENTUAL],tabIndices[DATA DA PUBLICAÇÃO]>tabLimpGeral[[#This Row],[DATA PUBLICAÇÃO]])),1)} -> 2465.41 | M4: =IF(tabLimpGeral[[#This Row],[TIPO]]="Equipamento",tabLimpGeral[[#This Row],[PREÇO UNIDADE - (R$)]]/60,0) -> 41.090167 | N4: =tabLimpGeral[[#This Row],[VALOR - DEPRECIAÇÃO MENSAL - UNIDADE (R$)]]*tabLimpGeral[[#This Row],[QUANT. ITEM]] -> 164.36067 | O4: =tabLimpGeral[[#This Row],[VALOR DEPRECIAÇÃO MENSAL - TOTAL (R$)]]*12 -> 1972.328 | P4: =IFERROR(IF(tabLimpGeral[[#This Row],[TIPO]]="Equipamento",tabLimpGeral[[#This Row],[VALOR - DEPRECIAÇÃO ANUAL - TOTAL (R$) ]]/12/tabLimpGeral[[#This Row],[CARGA HORÁRIA INICIAL]],tabLimpGeral[[#This Row],[PREÇO TOTAL - (R$)]]/12/tabLimpGeral[[#This Row],[CARGA HORÁRIA INICIAL]]),0) -> 0.00222094
A5: =ROW()-3 -> 2 | B5: 37 | C5: UNIDADE | D5: =79*75+77*110+19*150+(254+2+2)*220 -> 74005 | E5: Aspirador de pó e água, 1800w, 20L, 127V. Eletrolux ou similar. | F5: Equipamento | G5: CONTRATUAL | J5: 572.93 | K5: =tabLimpGeral[[#This Row],[PREÇO UNIDADE - (R$)]]*tabLimpGeral[[#This Row],[QUANT. ITEM]] -> 21198.41 | L5: {=tabLimpGeral[[#This Row],[PREÇO INICIAL - (R$)]]*IFERROR(PRODUCT(1+_xlfn._xlws.FILTER(tabIndices[PERCENTUAL],tabIndices[DATA DA PUBLICAÇÃO]>tabLimpGeral[[#This Row],[DATA PUBLICAÇÃO]])),1)} -> 572.93 | M5: =IF(tabLimpGeral[[#This Row],[TIPO]]="Equipamento",tabLimpGeral[[#This Row],[PREÇO UNIDADE - (R$)]]/60,0) -> 9.5488333 | N5: =tabLimpGeral[[#This Row],[VALOR - DEPRECIAÇÃO MENSAL - UNIDADE (R$)]]*tabLimpGeral[[#This Row],[QUANT. ITEM]] -> 353.30683 | O5: =tabLimpGeral[[#This Row],[VALOR DEPRECIAÇÃO MENSAL - TOTAL (R$)]]*12 -> 4239.682 | P5: =IFERROR(IF(tabLimpGeral[[#This Row],[TIPO]]="Equipamento",tabLimpGeral[[#This Row],[VALOR - DEPRECIAÇÃO ANUAL - TOTAL (R$) ]]/12/tabLimpGeral[[#This Row],[CARGA HORÁRIA INICIAL]],tabLimpGeral[[#This Row],[PREÇO TOTAL - (R$)]]/12/tabLimpGeral[[#This Row],[CARGA HORÁRIA INICIAL]]),0) -> 0.0047740941
A6: =ROW()-3 -> 3 | B6: 12 | C6: UNIDADE | D6: =79*75+77*110+19*150+(254+2+2)*220 -> 74005 | E6: Carrinho funcional para limpeza, com saco para 90 litros. Dimensões mínimas de 120x46x100 cm(CxLxA). | F6: Equipamento | G6: CONTRATUAL | J6: 851.8 | K6: =tabLimpGeral[[#This Row],[PREÇO UNIDADE - (R$)]]*tabLimpGeral[[#This Row],[QUANT. ITEM]] -> 10221.6 | L6: {=tabLimpGeral[[#This Row],[PREÇO INICIAL - (R$)]]*IFERROR(PRODUCT(1+_xlfn._xlws.FILTER(tabIndices[PERCENTUAL],tabIndices[DATA DA PUBLICAÇÃO]>tabLimpGeral[[#This Row],[DATA PUBLICAÇÃO]])),1)} -> 851.8 | M6: =IF(tabLimpGeral[[#This Row],[TIPO]]="Equipamento",tabLimpGeral[[#This Row],[PREÇO UNIDADE - (R$)]]/60,0) -> 14.196667 | N6: =tabLimpGeral[[#This Row],[VALOR - DEPRECIAÇÃO MENSAL - UNIDADE (R$)]]*tabLimpGeral[[#This Row],[QUANT. ITEM]] -> 170.36 | O6: =tabLimpGeral[[#This Row],[VALOR DEPRECIAÇÃO MENSAL - TOTAL (R$)]]*12 -> 2044.32 | P6: =IFERROR(IF(tabLimpGeral[[#This Row],[TIPO]]="Equipamento",tabLimpGeral[[#This Row],[VALOR - DEPRECIAÇÃO ANUAL - TOTAL (R$) ]]/12/tabLimpGeral[[#This Row],[CARGA HORÁRIA INICIAL]],tabLimpGeral[[#This Row],[PREÇO TOTAL - (R$)]]/12/tabLimpGeral[[#This Row],[CARGA HORÁRIA INICIAL]]),0) -> 0.0023020066
A7: =ROW()-3 -> 4 | B7: 300 | C7: UNIDADE | D7: =79*75+77*110+19*150+(254+2+2)*220 -> 74005 | E7: Dispensador de álcool - igual ao dispensador de sabonete líquido; material: plástico ABS; capacudade: 800ML/29CM(ALT.)X12CM(LARG.)X11CM(PROF.); complementação da especificação do item de material: saboneteira para refil 800ml; especificações: saboneteira em plástico ABS. Dimensões: 29cm de altura X 12cm de largura X 11cm de profundidade, com tolerância de 20% nas medidas. Possui fechadura e acompanha chave em plástico ABS, bem como um kIT para fixação na parede contendo buchas e parafusos para refil de sabonete líquido de 800ml (sachê) | F7: Equipamento | G7: CONTRATUAL | J7: 38.97 | K7: =tabLimpGeral[[#This Row],[PREÇO UNIDADE - (R$)]]*tabLimpGeral[[#This Row],[QUANT. ITEM]] -> 11691 | L7: {=tabLimpGeral[[#This Row],[PREÇO INICIAL - (R$)]]*IFERROR(PRODUCT(1+_xlfn._xlws.FILTER(tabIndices[PERCENTUAL],tabIndices[DATA DA PUBLICAÇÃO]>tabLimpGeral[[#This Row],[DATA PUBLICAÇÃO]])),1)} -> 38.97 | M7: =IF(tabLimpGeral[[#This Row],[TIPO]]="Equipamento",tabLimpGeral[[#This Row],[PREÇO UNIDADE - (R$)]]/60,0) -> 0.6495 | N7: =tabLimpGeral[[#This Row],[VALOR - DEPRECIAÇÃO MENSAL - UNIDADE (R$)]]*tabLimpGeral[[#This Row],[QUANT. ITEM]] -> 194.85 | O7: =tabLimpGeral[[#This Row],[VALOR DEPRECIAÇÃO MENSAL - TOTAL (R$)]]*12 -> 2338.2 | P7: =IFERROR(IF(tabLimpGeral[[#This Row],[TIPO]]="Equipamento",tabLimpGeral[[#This Row],[VALOR - DEPRECIAÇÃO ANUAL - TOTAL (R$) ]]/12/tabLimpGeral[[#This Row],[CARGA HORÁRIA INICIAL]],tabLimpGeral[[#This Row],[PREÇO TOTAL - (R$)]]/12/tabLimpGeral[[#This Row],[CARGA HORÁRIA INICIAL]]),0) -> 0.0026329302
A8: =ROW()-3 -> 5 | B8: 2000 | C8: UNIDADE | D8: =79*75+77*110+19*150+(254+2+2)*220 -> 74005 | E8: Dispensador de papel-toalha/Porta papel-toalha - tipo: de parede; apresentação do papel: rolo 200 metros; matéria-prima: plástico abs; com mecanismo para liberar o papel em tamanhos pré-determinados, sem alavancas ou botões ou outro modelo compatível com o insumo fornecido. | F8: Equipamento | G8: CONTRATUAL | J8: 347.33 | K8: =tabLimpGeral[[#This Row],[PREÇO UNIDADE - (R$)]]*tabLimpGeral[[#This Row],[QUANT. ITEM]] -> 694660 | L8: {=tabLimpGeral[[#This Row],[PREÇO INICIAL - (R$)]]*IFERROR(PRODUCT(1+_xlfn._xlws.FILTER(tabIndices[PERCENTUAL],tabIndices[DATA DA PUBLICAÇÃO]>tabLimpGeral[[#This Row],[DATA PUBLICAÇÃO]])),1)} -> 347.33 | M8: =IF(tabLimpGeral[[#This Row],[TIPO]]="Equipamento",tabLimpGeral[[#This Row],[PREÇO UNIDADE - (R$)]]/60,0) -> 5.7888333 | N8: =tabLimpGeral[[#This Row],[VALOR - DEPRECIAÇÃO MENSAL - UNIDADE (R$)]]*tabLimpGeral[[#This Row],[QUANT. ITEM]] -> 11577.667 | O8: =tabLimpGeral[[#This Row],[VALOR DEPRECIAÇÃO MENSAL - TOTAL (R$)]]*12 -> 138932 | P8: =IFERROR(IF(tabLimpGeral[[#This Row],[TIPO]]="Equipamento",tabLimpGeral[[#This Row],[VALOR - DEPRECIAÇÃO ANUAL - TOTAL (R$) ]]/12/tabLimpGeral[[#This Row],[CARGA HORÁRIA INICIAL]],tabLimpGeral[[#This Row],[PREÇO TOTAL - (R$)]]/12/tabLimpGeral[[#This Row],[CARGA HORÁRIA INICIAL]]),0) -> 0.15644438
A9: =ROW()-3 -> 6 | B9: 2000 | C9: UNIDADE | D9: =79*75+77*110+19*150+(254+2+2)*220 -> 74005 | E9: Dispensador de sabonete líquido - material: plásticoABS; capacidade: 800ML/29CM(ALT.)X12CM(LARG.)X11CM(PROF.); complementação da especificação do item de material: saboneteira para refil 800ml especificações: saboneteira em plástico ABS. Dimensões: 29cm de altura X 12cm de largura X 11cm de profundidade, com tolerância de 20% nas medidas. Possui fechadura e acompanha chave em plástico ABS, bem como um KIT para fixação na parede contendo buchas e parafusos para refil de sabonete líquido de 800 ml (sachê). | F9: Equipamento | G9: CONTRATUAL | J9: 36.22 | K9: =tabLimpGeral[[#This Row],[PREÇO UNIDADE - (R$)]]*tabLimpGeral[[#This Row],[QUANT. ITEM]] -> 72440 | L9: {=tabLimpGeral[[#This Row],[PREÇO INICIAL - (R$)]]*IFERROR(PRODUCT(1+_xlfn._xlws.FILTER(tabIndices[PERCENTUAL],tabIndices[DATA DA PUBLICAÇÃO]>tabLimpGeral[[#This Row],[DATA PUBLICAÇÃO]])),1)} -> 36.22 | M9: =IF(tabLimpGeral[[#This Row],[TIPO]]="Equipamento",tabLimpGeral[[#This Row],[PREÇO UNIDADE - (R$)]]/60,0) -> 0.60366667 | N9: =tabLimpGeral[[#This Row],[VALOR - DEPRECIAÇÃO MENSAL - UNIDADE (R$)]]*tabLimpGeral[[#This Row],[QUANT. ITEM]] -> 1207.3333 | O9: =tabLimpGeral[[#This Row],[VALOR DEPRECIAÇÃO MENSAL - TOTAL (R$)]]*12 -> 14488 | P9: =IFERROR(IF(tabLimpGeral[[#This Row],[TIPO]]="Equipamento",tabLimpGeral[[#This Row],[VALOR - DEPRECIAÇÃO ANUAL - TOTAL (R$) ]]/12/tabLimpGeral[[#This Row],[CARGA HORÁRIA INICIAL]],tabLimpGeral[[#This Row],[PREÇO TOTAL - (R$)]]/12/tabLimpGeral[[#This Row],[CARGA HORÁRIA INICIAL]]),0) -> 0.016314213
A10: =ROW()-3 -> 7 | B10: 60 | C10: UNIDADE | D10: =79*75+77*110+19*150+(254+2+2)*220 -> 74005 | E10: Enceradeira industrial 350mm, com capacidade operacional de 1.500m², cabo de aço com pintura eletrostática, escova de 350mm, rotação de 175 rpm, bivolt - caixa de ligação de plástico termorresistente, alavanca de acionamento feita de plástico ABS. Referência: Cleaner (site sales.com.br) | F10: Equipamento | G10: CONTRATUAL | J10: 2577.9 | K10: =tabLimpGeral[[#This Row],[PREÇO UNIDADE - (R$)]]*tabLimpGeral[[#This Row],[QUANT. ITEM]] -> 154674 | L10: {=tabLimpGeral[[#This Row],[PREÇO INICIAL - (R$)]]*IFERROR(PRODUCT(1+_xlfn._xlws.FILTER(tabIndices[PERCENTUAL],tabIndices[DATA DA PUBLICAÇÃO]>tabLimpGeral[[#This Row],[DATA PUBLICAÇÃO]])),1)} -> 2577.9 | M10: =IF(tabLimpGeral[[#This Row],[TIPO]]="Equipamento",tabLimpGeral[[#This Row],[PREÇO UNIDADE - (R$)]]/60,0) -> 42.965 | N10: =tabLimpGeral[[#This Row],[VALOR - DEPRECIAÇÃO MENSAL - UNIDADE (R$)]]*tabLimpGeral[[#This Row],[QUANT. ITEM]] -> 2577.9 | O10: =tabLimpGeral[[#This Row],[VALOR DEPRECIAÇÃO MENSAL - TOTAL (R$)]]*12 -> 30934.8 | P10: =IFERROR(IF(tabLimpGeral[[#This Row],[TIPO]]="Equipamento",tabLimpGeral[[#This Row],[VALOR - DEPRECIAÇÃO ANUAL - TOTAL (R$) ]]/12/tabLimpGeral[[#This Row],[CARGA HORÁRIA INICIAL]],tabLimpGeral[[#This Row],[PREÇO TOTAL - (R$)]]/12/tabLimpGeral[[#This Row],[CARGA HORÁRIA INICIAL]]),0) -> 0.034834133
A11: =ROW()-3 -> 8 | B11: 21 | C11: UNIDADE | D11: =79*75+77*110+19*150+(254+2+2)*220 -> 74005 | E11: Jateadora industrial, potência mínima de 3.300 W, 220V, pressão nominal, mínima, de trabalho ( Ib/pol²)(bar) de 1.450(100). Marcas Bosch ou Wap. | F11: Equipamento | G11: CONTRATUAL | J11: 4526.68 | K11: =tabLimpGeral[[#This Row],[PREÇO UNIDADE - (R$)]]*tabLimpGeral[[#This Row],[QUANT. ITEM]] -> 95060.28 | L11: {=tabLimpGeral[[#This Row],[PREÇO INICIAL - (R$)]]*IFERROR(PRODUCT(1+_xlfn._xlws.FILTER(tabIndices[PERCENTUAL],tabIndices[DATA DA PUBLICAÇÃO]>tabLimpGeral[[#This Row],[DATA PUBLICAÇÃO]])),1)} -> 4526.68 | M11: =IF(tabLimpGeral[[#This Row],[TIPO]]="Equipamento",tabLimpGeral[[#This Row],[PREÇO UNIDADE - (R$)]]/60,0) -> 75.444667 | N11: =tabLimpGeral[[#This Row],[VALOR - DEPRECIAÇÃO MENSAL - UNIDADE (R$)]]*tabLimpGeral[[#This Row],[QUANT. ITEM]] -> 1584.338 | O11: =tabLimpGeral[[#This Row],[VALOR DEPRECIAÇÃO MENSAL - TOTAL (R$)]]*12 -> 19012.056 | P11: =IFERROR(IF(tabLimpGeral[[#This Row],[TIPO]]="Equipamento",tabLimpGeral[[#This Row],[VALOR - DEPRECIAÇÃO ANUAL - TOTAL (R$) ]]/12/tabLimpGeral[[#This Row],[CARGA HORÁRIA INICIAL]],tabLimpGeral[[#This Row],[PREÇO TOTAL - (R$)]]/12/tabLimpGeral[[#This Row],[CARGA HORÁRIA INICIAL]]),0) -> 0.021408526
A12: =ROW()-3 -> 9 | B12: 376 | C12: UNIDADE | D12: =79*75+77*110+19*150+(254+2+2)*220 -> 74005 | E12: Kit limpa vidros com extensão telescópica em alumínio, com 3 estágios (até 9 metros) composto de lavador, cabo de fixação, guias removíveis, pulverizador e raspador. Marca Bralimpia ou similar. | F12: Equipamento | G12: CONTRATUAL | J12: 373.3 | K12: =tabLimpGeral[[#This Row],[PREÇO UNIDADE - (R$)]]*tabLimpGeral[[#This Row],[QUANT. ITEM]] -> 140360.8 | L12: {=tabLimpGeral[[#This Row],[PREÇO INICIAL - (R$)]]*IFERROR(PRODUCT(1+_xlfn._xlws.FILTER(tabIndices[PERCENTUAL],tabIndices[DATA DA PUBLICAÇÃO]>tabLimpGeral[[#This Row],[DATA PUBLICAÇÃO]])),1)} -> 373.3 | M12: =IF(tabLimpGeral[[#This Row],[TIPO]]="Equipamento",tabLimpGeral[[#This Row],[PREÇO UNIDADE - (R$)]]/60,0) -> 6.2216667 | N12: =tabLimpGeral[[#This Row],[VALOR - DEPRECIAÇÃO MENSAL - UNIDADE (R$)]]*tabLimpGeral[[#This Row],[QUANT. ITEM]] -> 2339.3467 | O12: =tabLimpGeral[[#This Row],[VALOR DEPRECIAÇÃO MENSAL - TOTAL (R$)]]*12 -> 28072.16 | P12: =IFERROR(IF(tabLimpGeral[[#This Row],[TIPO]]="Equipamento",tabLimpGeral[[#This Row],[VALOR - DEPRECIAÇÃO ANUAL - TOTAL (R$) ]]/12/tabLimpGeral[[#This Row],[CARGA HORÁRIA INICIAL]],tabLimpGeral[[#This Row],[PREÇO TOTAL - (R$)]]/12/tabLimpGeral[[#This Row],[CARGA HORÁRIA INICIAL]]),0) -> 0.031610657
A13: =ROW()-3 -> 10 | B13: 4 | C13: UNIDADE | D13: =79*75+77*110+19*150+(254+2+2)*220 -> 74005 | E13: Lavadora e secadora de pisos, 127v/220v, potência mínima de 700 w, portátil. Karcher ou similar. | F13: Equipamento | G13: CONTRATUAL | J13: 3949.99 | K13: =tabLimpGeral[[#This Row],[PREÇO UNIDADE - (R$)]]*tabLimpGeral[[#This Row],[QUANT. ITEM]] -> 15799.96 | L13: {=tabLimpGeral[[#This Row],[PREÇO INICIAL - (R$)]]*IFERROR(PRODUCT(1+_xlfn._xlws.FILTER(tabIndices[PERCENTUAL],tabIndices[DATA DA PUBLICAÇÃO]>tabLimpGeral[[#This Row],[DATA PUBLICAÇÃO]])),1)} -> 3949.99 | M13: =IF(tabLimpGeral[[#This Row],[TIPO]]="Equipamento",tabLimpGeral[[#This Row],[PREÇO UNIDADE - (R$)]]/60,0) -> 65.833167 | N13: =tabLimpGeral[[#This Row],[VALOR - DEPRECIAÇÃO MENSAL - UNIDADE (R$)]]*tabLimpGeral[[#This Row],[QUANT. ITEM]] -> 263.33267 | O13: =tabLimpGeral[[#This Row],[VALOR DEPRECIAÇÃO MENSAL - TOTAL (R$)]]*12 -> 3159.992 | P13: =IFERROR(IF(tabLimpGeral[[#This Row],[TIPO]]="Equipamento",tabLimpGeral[[#This Row],[VALOR - DEPRECIAÇÃO ANUAL - TOTAL (R$) ]]/12/tabLimpGeral[[#This Row],[CARGA HORÁRIA INICIAL]],tabLimpGeral[[#This Row],[PREÇO TOTAL - (R$)]]/12/tabLimpGeral[[#This Row],[CARGA HORÁRIA INICIAL]]),0) -> 0.0035583091
A14: =ROW()-3 -> 11 | B14: 2000 | C14: UNIDADE | D14: =79*75+77*110+19*150+(254+2+2)*220 -> 74005 | E14: Porta-papel higiênico - matéria-prima: polipropileno; tipo: cilíndrico; medidas: 266 x 277,1 x 120 mm ou outro modelo compatível com o insumo fornecido. | F14: Equipamento | G14: CONTRATUAL | J14: 37.65 | K14: =tabLimpGeral[[#This Row],[PREÇO UNIDADE - (R$)]]*tabLimpGeral[[#This Row],[QUANT. ITEM]] -> 75300 | L14: {=tabLimpGeral[[#This Row],[PREÇO INICIAL - (R$)]]*IFERROR(PRODUCT(1+_xlfn._xlws.FILTER(tabIndices[PERCENTUAL],tabIndices[DATA DA PUBLICAÇÃO]>tabLimpGeral[[#This Row],[DATA PUBLICAÇÃO]])),1)} -> 37.65 | M14: =IF(tabLimpGeral[[#This Row],[TIPO]]="Equipamento",tabLimpGeral[[#This Row],[PREÇO UNIDADE - (R$)]]/60,0) -> 0.6275 | N14: =tabLimpGeral[[#This Row],[VALOR - DEPRECIAÇÃO MENSAL - UNIDADE (R$)]]*tabLimpGeral[[#This Row],[QUANT. ITEM]] -> 1255 | O14: =tabLimpGeral[[#This Row],[VALOR DEPRECIAÇÃO MENSAL - TOTAL (R$)]]*12 -> 15060 | P14: =IFERROR(IF(tabLimpGeral[[#This Row],[TIPO]]="Equipamento",tabLimpGeral[[#This Row],[VALOR - DEPRECIAÇÃO ANUAL - TOTAL (R$) ]]/12/tabLimpGeral[[#This Row],[CARGA HORÁRIA INICIAL]],tabLimpGeral[[#This Row],[PREÇO TOTAL - (R$)]]/12/tabLimpGeral[[#This Row],[CARGA HORÁRIA INICIAL]]),0) -> 0.016958314
A15: =ROW()-3 -> 12 | B15: 5 | C15: UNIDADE | D15: =79*75+77*110+19*150+(254+2+2)*220 -> 74005 | E15: Vaporizador portátil, com potência mínima de 1200 W, tensão de 127 V, ou bivolt. Blace & Decker ou similar. | F15: Equipamento | G15: CONTRATUAL | J15: 228.16 | K15: =tabLimpGeral[[#This Row],[PREÇO UNIDADE - (R$)]]*tabLimpGeral[[#This Row],[QUANT. ITEM]] -> 1140.8 | L15: {=tabLimpGeral[[#This Row],[PREÇO INICIAL - (R$)]]*IFERROR(PRODUCT(1+_xlfn._xlws.FILTER(tabIndices[PERCENTUAL],tabIndices[DATA DA PUBLICAÇÃO]>tabLimpGeral[[#This Row],[DATA PUBLICAÇÃO]])),1)} -> 228.16 | M15: =IF(tabLimpGeral[[#This Row],[TIPO]]="Equipamento",tabLimpGeral[[#This Row],[PREÇO UNIDADE - (R$)]]/60,0) -> 3.8026667 | N15: =tabLimpGeral[[#This Row],[VALOR - DEPRECIAÇÃO MENSAL - UNIDADE (R$)]]*tabLimpGeral[[#This Row],[QUANT. ITEM]] -> 19.013333 | O15: =tabLimpGeral[[#This Row],[VALOR DEPRECIAÇÃO MENSAL - TOTAL (R$)]]*12 -> 228.16 | P15: =IFERROR(IF(tabLimpGeral[[#This Row],[TIPO]]="Equipamento",tabLimpGeral[[#This Row],[VALOR - DEPRECIAÇÃO ANUAL - TOTAL (R$) ]]/12/tabLimpGeral[[#This Row],[CARGA HORÁRIA INICIAL]],tabLimpGeral[[#This Row],[PREÇO TOTAL - (R$)]]/12/tabLimpGeral[[#This Row],[CARGA HORÁRIA INICIAL]]),0) -> 0.00025691958
... A80: =ROW()-3 -> 77 | B80: 31144 | C80: UNIDADE | D80: =79*75+77*110+19*150+(254+2+2)*220 -> 74005 | E80: Toalha de papel - tipo: gofrada, folha simples, 100% celulose virgem; apresentacao: bobina; medidas: 200 metros x 20cm de largura, gramatura 32g/m2; qualidade: alta qualidade e maior resistencia (nao esfarelar); cor: branca; | F80: Produto | G80: MENSAL | J80: 23.88 | K80: =tabLimpGeral[[#This Row],[PREÇO UNIDADE - (R$)]]*tabLimpGeral[[#This Row],[QUANT. ITEM]] -> 743718.72 | L80: {=tabLimpGeral[[#This Row],[PREÇO INICIAL - (R$)]]*IFERROR(PRODUCT(1+_xlfn._xlws.FILTER(tabIndices[PERCENTUAL],tabIndices[DATA DA PUBLICAÇÃO]>tabLimpGeral[[#This Row],[DATA PUBLICAÇÃO]])),1)} -> 23.88 | M80: =IF(tabLimpGeral[[#This Row],[TIPO]]="Equipamento",tabLimpGeral[[#This Row],[PREÇO UNIDADE - (R$)]]/60,0) -> 0 | N80: =tabLimpGeral[[#This Row],[VALOR - DEPRECIAÇÃO MENSAL - UNIDADE (R$)]]*tabLimpGeral[[#This Row],[QUANT. ITEM]] -> 0 | O80: =tabLimpGeral[[#This Row],[VALOR DEPRECIAÇÃO MENSAL - TOTAL (R$)]]*12 -> 0 | P80: =IFERROR(IF(tabLimpGeral[[#This Row],[TIPO]]="Equipamento",tabLimpGeral[[#This Row],[VALOR - DEPRECIAÇÃO ANUAL - TOTAL (R$) ]]/12/tabLimpGeral[[#This Row],[CARGA HORÁRIA INICIAL]],tabLimpGeral[[#This Row],[PREÇO TOTAL - (R$)]]/12/tabLimpGeral[[#This Row],[CARGA HORÁRIA INICIAL]]),0) -> 0.8374645
A81: Total | J81: =SUBTOTAL(9,tabLimpGeral[PREÇO INICIAL - (R$)]) -> 19154.09 | K81: =SUBTOTAL(9,tabLimpGeral[PREÇO TOTAL - (R$)]) -> 4232157.8 | L81: =SUBTOTAL(9,tabLimpGeral[PREÇO UNIDADE - (R$)]) -> 19154.09 | M81: =SUBTOTAL(9,tabLimpGeral[VALOR - DEPRECIAÇÃO MENSAL - UNIDADE (R$)]) -> 266.77233 | N81: =SUBTOTAL(9,tabLimpGeral[VALOR DEPRECIAÇÃO MENSAL - TOTAL (R$)]) -> 21706.808 | O81: =SUBTOTAL(9,tabLimpGeral[VALOR - DEPRECIAÇÃO ANUAL - TOTAL (R$) ]) -> 260481.7 | P81: =SUBTOTAL(9,tabLimpGeral[VALOR UNITÁRIO P/ HORA (R$)]) -> 3.5923597

Sheet INSUMOS LIMP. DE VIDROS
A1: APENSO XI - Quantitativo estimado e preços de Máquinas e Equipamentos – Depreciação Mensal 3) Equipamentos utilizados no serviço de limpeza de vidros
A3: ORDEM | B3: QUANT. ITEM | C3: UNIDADE | D3: QUANT. POSTOS | E3: DESCRIÇÃO | F3: TIPO | G3: PERIODICIDADE DE FORNECIMENTO | H3: TA / APOST | I3: DATA PUBLICAÇÃO | J3: PREÇO INICIAL - (R$) | K3: PREÇO TOTAL - (R$) | L3: PREÇO UNIDADE - (R$) | M3: VALOR - DEPRECIAÇÃO MENSAL - UNIDADE (R$) | N3: VALOR DEPRECIAÇÃO MENSAL - TOTAL (R$) | O3: VALOR - DEPRECIAÇÃO ANUAL - TOTAL (R$) | P3: VALOR UNITÁRIO P/ POSTO (R$)
A4: =ROW()-3 -> 1 | B4: 4 | C4: UNIDADE | D4: 4 | E4: Kit limpa vidros com extensão telescópica em alumínio, com 3 estágios (até 9 metros) composto de lavador, cabo de fixação, guias removíveis, pulverizador e raspador. Marca Bralimpia ou similar. | F4: Equipamento | G4: CONTRATUAL | J4: 373.3 | K4: =tabVidros[[#This Row],[PREÇO UNIDADE - (R$)]]*tabVidros[[#This Row],[QUANT. ITEM]] -> 1493.2 | L4: {=tabVidros[[#This Row],[PREÇO INICIAL - (R$)]]*IFERROR(PRODUCT(1+_xlfn._xlws.FILTER(tabIndices[PERCENTUAL],tabIndices[DATA DA PUBLICAÇÃO]>tabVidros[[#This Row],[DATA PUBLICAÇÃO]])),1)} -> 373.3 | M4: =IF(tabVidros[[#This Row],[TIPO]]="Equipamento",tabVidros[[#This Row],[PREÇO UNIDADE - (R$)]]/60,0) -> 6.2216667 | N4: =tabVidros[[#This Row],[VALOR - DEPRECIAÇÃO MENSAL - UNIDADE (R$)]]*tabVidros[[#This Row],[QUANT. ITEM]] -> 24.886667 | O4: =tabVidros[[#This Row],[VALOR DEPRECIAÇÃO MENSAL - TOTAL (R$)]]*12 -> 298.64 | P4: =IFERROR(IF(tabVidros[[#This Row],[TIPO]]="Equipamento",tabVidros[[#This Row],[VALOR - DEPRECIAÇÃO ANUAL - TOTAL (R$) ]]/12/tabVidros[[#This Row],[QUANT. POSTOS]],tabVidros[[#This Row],[PREÇO TOTAL - (R$)]]/12/tabVidros[[#This Row],[QUANT. POSTOS]]),0) -> 6.2216667
A5: Total | J5: =SUBTOTAL(9,tabVidros[PREÇO INICIAL - (R$)]) -> 373.3 | K5: =SUBTOTAL(9,tabVidros[PREÇO TOTAL - (R$)]) -> 1493.2 | L5: =SUBTOTAL(9,tabVidros[PREÇO UNIDADE - (R$)]) -> 373.3 | M5: =SUBTOTAL(9,tabVidros[VALOR - DEPRECIAÇÃO MENSAL - UNIDADE (R$)]) -> 6.2216667 | N5: =SUBTOTAL(9,tabVidros[VALOR DEPRECIAÇÃO MENSAL - TOTAL (R$)]) -> 24.886667 | O5: =SUBTOTAL(9,tabVidros[VALOR - DEPRECIAÇÃO ANUAL - TOTAL (R$) ]) -> 298.64 | P5: =SUBTOTAL(9,tabVidros[VALOR UNITÁRIO P/ POSTO (R$)]) -> 6.2216667

Sheet RELAÇÃO SINDICATOS
A1: SINDICATOS | B1: ABRANGÊNCIA | C1: COMARCAS PAF | D1: FUNÇÕES | E1: COMARCAS CONTRATO | F1: VA | G1: Cesta Básica | H1: PAF | I1: PQM | J1: PAT | K1: ANO DA CCT | L1: Nº DE PEDIDO DA CCT | M1: TERMO ADITIVO ALTERAÇÃO DA CCT | N1: Nº REGISTRO MTE/ CCT
A2: Alto Paranaiba | B2: Abadia dos Dourados/MG, Água Comprida/MG, Araguari/MG, Araporã/MG, Cachoeira Dourada/MG, Campina Verde/MG, Campo Florido/MG, Campos Altos/MG, Canápolis/MG, Capinópolis/MG, Carmo do Paranaíba/MG,Carneirinho/MG, Cascalho Rico/MG, Centralina/MG, Conquista/MG, Coromandel/MG, Cruzeiro daFortaleza/MG, Delfinópolis/MG, Douradoquara/MG, Estrela do Sul/MG, Grupiara/MG, Guarda-Mor/MG,Guimarânia/MG, Gurinhatã/MG, Ibiá/MG, Indianópolis/MG, Ipiaçu/MG, Iraí de Minas/MG, Itapagipe/MG,Ituiutaba/MG, Iturama/MG, Lagoa Formosa/MG, Limeira do Oeste/MG, Matutina/MG, Medeiros/MG, Monte Alegre de Minas/MG, Monte Carmelo/MG, Nova Ponte/MG, Pedrinópolis/MG, Perdizes/MG, Pirajuba/MG,Prata/MG, Pratinha/MG, Presidente Olegário/MG, Rio Paranaíba/MG, Romaria/MG, Santa Juliana/MG,Santa Rosa da Serra/MG, Santa Vitória/MG, São Francisco de Sales/MG, São Gotardo/MG, São JoãoBatista do Glória/MG, Tapiraí/MG, Tiros/MG e Tupaciguara/MG | D2: Auxiliar de Limpeza - 12 x 36 - Diurno, Auxiliar de Limpeza - 12 x 36 - Noturno, Auxiliar de Limpeza - 75 h, Auxiliar de Limpeza - 110 h, Auxiliar de Limpeza - 150 h, Auxiliar de Limpeza - 220 h e Limpador de vidros - 220 h | E2: {=_xlfn.LET(_xlpm.listaComarcas, _xlfn.UNIQUE(_xlfn._xlws.FILTER(tabParametros[Comarca],tabParametros[CCT DA CATEGORIA]=tabSindicatos[[#This Row],[SINDICATOS]],"")), IF(COUNTA(_xlpm.listaComarcas)=1, _xlpm.listaComarcas&".", SUBSTITUTE(_xlfn.TEXTJOIN(", ",TRUE,_xlpm.listaComarcas),", "," e ",COUNTA(_xlpm.listaComarcas)-1)&"." ) )} -> Araguari, Campos Altos, Canapolis, Carmo do Paranaiba, Conquista, Coromandel, Ibia, Itapagipe, Ituiutaba, Iturama, Monte Carmelo, Nova Ponte, Perdizes, Presidente Olegario, Rio Paranaiba, Santa Vitoria, Sao Gotardo e Tupaciguara. | F2: 0 | G2: 387.79 | H2: 42.97 | I2: 0 | J2: 0 | K2: 45658 | L2: - | M2: - | N2: MG001106/2025
A3: Araxa | B3: Araxá/MG | D3: Auxiliar de Limpeza - 12 x 36 - Diurno, Auxiliar de Limpeza - 12 x 36 - Noturno, Auxiliar de Limpeza - 75 h, Auxiliar de Limpeza - 110 h, Auxiliar de Limpeza - 150 h, Auxiliar de Limpeza - 220 h e Limpador de vidros - 220 h | E3: {=_xlfn.LET(_xlpm.listaComarcas, _xlfn.UNIQUE(_xlfn._xlws.FILTER(tabParametros[Comarca],tabParametros[CCT DA CATEGORIA]=tabSindicatos[[#This Row],[SINDICATOS]],"")), IF(COUNTA(_xlpm.listaComarcas)=1, _xlpm.listaComarcas&".", SUBSTITUTE(_xlfn.TEXTJOIN(", ",TRUE,_xlpm.listaComarcas),", "," e ",COUNTA(_xlpm.listaComarcas)-1)&"." ) )} -> Araxa. | F3: 29.15 | G3: 0 | H3: 58.96 | I3: 0 | J3: 0 | K3: 45658 | L3: - | M3: - | N3: MG000344/2025
A4: Cataguases | B4: Além Paraíba/MG, Astolfo Dutra/MG,Cataguases/MG, Leopoldina/MG, Muriaé/MG, Santana de Cataguases/MG, Ubá/MG e Visconde do Rio Branco/MG | D4: Auxiliar de Limpeza - 12 x 36 - Diurno, Auxiliar de Limpeza - 12 x 36 - Noturno, Auxiliar de Limpeza - 75 h, Auxiliar de Limpeza - 110 h, Auxiliar de Limpeza - 150 h, Auxiliar de Limpeza - 220 h e Limpador de vidros - 220 h | E4: {=_xlfn.LET(_xlpm.listaComarcas, _xlfn.UNIQUE(_xlfn._xlws.FILTER(tabParametros[Comarca],tabParametros[CCT DA CATEGORIA]=tabSindicatos[[#This Row],[SINDICATOS]],"")), IF(COUNTA(_xlpm.listaComarcas)=1, _xlpm.listaComarcas&".", SUBSTITUTE(_xlfn.TEXTJOIN(", ",TRUE,_xlpm.listaComarcas),", "," e ",COUNTA(_xlpm.listaComarcas)-1)&"." ) )} -> Alem Paraiba, Cataguases, Muriae, Uba e Visconde do Rio Branco. | F4: 29.15 | G4: 0 | H4: 57.07 | I4: 0 | J4: 0 | K4: 45658 | L4: - | M4: - | N4: MG000299/2025
A5: Caxambu | B5: Caxambu/MG | D5: Auxiliar de Limpeza - 12 x 36 - Diurno, Auxiliar de Limpeza - 12 x 36 - Noturno, Auxiliar de Limpeza - 75 h, Auxiliar de Limpeza - 110 h, Auxiliar de Limpeza - 150 h, Auxiliar de Limpeza - 220 h e Limpador de vidros - 220 h | E5: {=_xlfn.LET(_xlpm.listaComarcas, _xlfn.UNIQUE(_xlfn._xlws.FILTER(tabParametros[Comarca],tabParametros[CCT DA CATEGORIA]=tabSindicatos[[#This Row],[SINDICATOS]],"")), IF(COUNTA(_xlpm.listaComarcas)=1, _xlpm.listaComarcas&".", SUBSTITUTE(_xlfn.TEXTJOIN(", ",TRUE,_xlpm.listaComarcas),", "," e ",COUNTA(_xlpm.listaComarcas)-1)&"." ) )} -> Caxambu. | F5: 29.15 | G5: 0 | H5: 0 | I5: 15.07 | J5: 0 | K5: 45658 | L5: - | M5: - | N5: MG000360/2025
A6: Curvelo | B6: Abaeté/MG, Alvorada de Minas/MG,Araçaí/MG, Augusto de Lima/MG, Biquinhas/MG, Buenópolis/MG, Conceição do Mato Dentro/MG,Congonhas do Norte/MG, Cordisburgo/MG, Corinto/MG, Curvelo/MG, Datas/MG, Diamantina/MG,Felixlândia/MG, Gouveia/MG, Inimutaba/MG, Joaquim Felício/MG, Lassance/MG, Monjolos/MG,Morada Nova de Minas/MG, Morro da Garça/MG, Paineiras/MG, Pompéu/MG, Presidente Juscelino/MG, Presidente Kubitschek/MG, Santo Hipólito/MG, São Gonçalo do Abaeté/MG, Serro/MG e Três Marias/MG | C6: ABAÉTE, CONCEIÇÃO DO MATO DENTRO, CURVELO, DIAMANTINA, SERRO e TRÊS MARIAS. | D6: Auxiliar de Limpeza - 12 x 36 - Diurno, Auxiliar de Limpeza - 12 x 36 - Noturno, Auxiliar de Limpeza - 75 h, Auxiliar de Limpeza - 110 h, Auxiliar de Limpeza - 150 h, Auxiliar de Limpeza - 220 h e Limpador de vidros - 220 h | E6: {=_xlfn.LET(_xlpm.listaComarcas, _xlfn.UNIQUE(_xlfn._xlws.FILTER(tabParametros[Comarca],tabParametros[CCT DA CATEGORIA]=tabSindicatos[[#This Row],[SINDICATOS]],"")), IF(COUNTA(_xlpm.listaComarcas)=1, _xlpm.listaComarcas&".", SUBSTITUTE(_xlfn.TEXTJOIN(", ",TRUE,_xlpm.listaComarcas),", "," e ",COUNTA(_xlpm.listaComarcas)-1)&"." ) )} -> Abaete, Conceicao do Mato Dentro, Corinto, Curvelo, Diamantina, Pompeu e Serro. | F6: 29.15 | G6: 0 | H6: 51.74 | I6: 0 | J6: 0 | K6: 45658 | L6: - | M6: - | N6: MG0000423/2025
A7: Divinopolis | B7: Divinópolis/MG | D7: Auxiliar de Limpeza - 12 x 36 - Diurno, Auxiliar de Limpeza - 12 x 36 - Noturno, Auxiliar de Limpeza - 75 h, Auxiliar de Limpeza - 110 h, Auxiliar de Limpeza - 150 h, Auxiliar de Limpeza - 220 h e Limpador de vidros - 220 h | E7: {=_xlfn.LET(_xlpm.listaComarcas, _xlfn.UNIQUE(_xlfn._xlws.FILTER(tabParametros[Comarca],tabParametros[CCT DA CATEGORIA]=tabSindicatos[[#This Row],[SINDICATOS]],"")), IF(COUNTA(_xlpm.listaComarcas)=1, _xlpm.listaComarcas&".", SUBSTITUTE(_xlfn.TEXTJOIN(", ",TRUE,_xlpm.listaComarcas),", "," e ",COUNTA(_xlpm.listaComarcas)-1)&"." ) )} -> Divinopolis. | F7: 29.15 | G7: 0 | H7: 51.88 | I7: 0 | J7: 0 | K7: 45658 | L7: - | M7: - | N7: MG000555/2025
A8: Fethemg Interior | B8: Abre Campo/MG, Água Boa/MG,Águas Vermelhas/MG, Aimorés/MG, Alfredo Vasconcelos/MG, Alpercata/MG, Alto Caparaó/MG, Alto Jequitibá/MG, Alvarenga/MG, Angelândia/MG, Araçuaí/MG, Araponga/MG, Arapuá/MG, Aricanduva/MG,Arinos/MG, Bandeira/MG, Berilo/MG, Berizal/MG, Bertópolis/MG, Bom Despacho/MG, Bom Jesus do Galho/MG, Bom Repouso/MG, Bonfinópolis de Minas/MG, Bonito de Minas/MG, Borda da Mata/MG,Brasilândia de Minas/MG, Brazópolis/MG, Bueno Brandão/MG, Bugre/MG, Buritis/MG, Cabeceira Grande/MG,Cachoeira de Minas/MG, Cachoeira de Pajeú/MG, Camanducaia/MG, Cambuí/MG, Campo Azul/MG,Cantagalo/MG, Capela Nova/MG, Capetinga/MG, Capitão Andrade/MG, Caputira/MG, Caraí/MG, Caranaíba/MG,Carandaí/MG, Carbonita/MG, Carmésia/MG, Carmópolis de Minas/MG, Carvalhópolis/MG, Casa Grande/MG,Cássia/MG, Catas Altas/MG, Catuti/MG, Cedro do Abaeté/MG, Central de Minas/MG, Chapada do Norte/MG,Chapada Gaúcha/MG, Cipotânea/MG, Claraval/MG, Cláudio/MG, Coluna/MG, Comercinho/MG, Conceição da Barra de Minas/MG, Conceição de Ipanema/MG, Cônego Marinho/MG, Conselheiro Pena/MG, Consolação/MG,Coroaci/MG, Coronel Murta/MG, Córrego do Bom Jesus/MG, Córrego Novo/MG, Couto de Magalhães de Minas/MG, Crisólita/MG, Cuparaque/MG, Curral de Dentro/MG, Delta/MG, Desterro de Entre Rios/MG,Dionísio/MG, Divino das Laranjeiras/MG, Divinolândia de Minas/MG, Divisa Alegre/MG, Divisópolis/MG, Dom Bosco/MG, Dom Joaquim/MG, Dom Silvério/MG, Dores de Guanhães/MG, Durandé/MG, Entre Folhas/MG,Felício dos Santos/MG, Felisburgo/MG, Fernandes Tourinho/MG, Fervedouro/MG, Formoso/MG, Fortaleza de Minas/MG, Francisco Badaró/MG, Franciscópolis/MG, Frei Lagonegro/MG, Fronteira dos Vales/MG, Fruta de Leite/MG, Galiléia/MG, Glaucilândia/MG, Goiabeira/MG, Goianá/MG, Gonçalves/MG, Gonzaga/MG,Guaraciama/MG, Guaxupé/MG, Ibiracatu/MG, Ibiraci/MG, Icaraí de Minas/MG, Ijaci/MG, Imbé de Minas/MG,Indaiabira/MG, Ipanema/MG, Itabirinha/MG, Itabirito/MG, Itaguara/MG, Itaipé/MG, Itamarandiba/MG,Itanhomi/MG, Itapeva/MG, Itatiaiuçu/MG, Itaúna/MG, Itueta/MG, Jaboticatubas/MG, Jacinto/MG, Japonvar/MG,Jenipapo de Minas/MG, Jequeri/MG, João Pinheiro/MG, Jordânia/MG, José Gonçalves de Minas/MG, José Raydan/MG, Josenópolis/MG, Juvenília/MG, Lagamar/MG, Lagoa Grande/MG, Lamim/MG, Leme do Prado/MG,Luisburgo/MG, Luislândia/MG, Machacalis/MG, Mantena/MG, Marilac/MG, Martins Soares/MG, Mata Verde/MG,Materlândia/MG, Mathias Lobato/MG, Matipó/MG, Mendes Pimentel/MG, Minas Novas/MG, Miravânia/MG,Monte Formoso/MG, Monte Sião/MG, Montezuma/MG, Morro do Pilar/MG, Munhoz/MG, Mutum/MG,Muzambinho/MG, Nacip Raydan/MG, Naque/MG, Natalândia/MG, Ninheira/MG, Nova Belém/MG, Nova Porteirinha/MG, Nova União/MG, Novo Oriente de Minas/MG, Novorizonte/MG, Olhos-d'Água/MG,Oratórios/MG, Orizânia/MG, Padre Carvalho/MG, Pai Pedro/MG, Palmópolis/MG, Pará de Minas/MG,Paracatu/MG, Patis/MG, Patrocínio do Muriaé/MG, Paulistas/MG, Peçanha/MG, Pedra Bonita/MG,Periquito/MG, Pescador/MG, Piedade de Caratinga/MG, Piedade de Ponte Nova/MG, Pingo d'Água/MG,Pintópolis/MG, Pocrane/MG, Ponto Chique/MG, Ponto dos Volantes/MG, Quartel Geral/MG, Queluzito/MG,Reduto/MG, Resende Costa/MG, Resplendor/MG, Ressaquinha/MG, Riachinho/MG, Rio do Prado/MG, Rio Doce/MG, Rio Espera/MG, Rio Preto/MG, Rio Vermelho/MG, Rosário da Limeira/MG, Rubim/MG,Sabinópolis/MG, Salto da Divisa/MG, Santa Bárbara do Leste/MG, Santa Bárbara do Monte Verde/MG, Santa Cruz de Minas/MG, Santa Cruz de Salinas/MG, Santa Cruz do Escalvado/MG, Santa Efigênia de Minas/MG,Santa Fé de Minas/MG, Santa Helena de Minas/MG, Santa Margarida/MG, Santa Maria do Salto/MG, Santa Maria do Suaçuí/MG, Santa Rita de Minas/MG, Santa Rita do Itueto/MG, Santana do Riacho/MG, Santana dosMontes/MG, Santo Antônio do Grama/MG, Santo Antônio do Itambé/MG, Santo Antônio do Jacinto/MG, Santo Antônio do Retiro/MG, Santo Antônio do Rio Abaixo/MG, São Brás do Suaçuí/MG, São Domingos das Dores/MG, São Félix de Minas/MG, São Geraldo da Piedade/MG, São Geraldo do Baixio/MG, São Gonçalo do Rio Preto/MG, São João da Lagoa/MG, São João das Missões/MG, São João do Manhuaçu/MG, São João do Manteninha/MG, São João do Pacuí/MG, São João Evangelista/MG, São José da Barra/MG, São José da Safira/MG, São José do Goiabal/MG, São José do Jacuri/MG, São Pedro do Suaçuí/MG, São Roque de Minas/MG, São Sebastião da Vargem Alegre/MG, São Sebastião do Anta/MG, São Sebastião do Maranhão/MG,São Sebastião do Rio Preto/MG, Sardoá/MG, Sem-Peixe/MG, Senador Amaral/MG, Senador Modestino Gonçalves/MG, Senhora de Oliveira/MG, Senhora do Porto/MG, Senhora dos Remédios/MG, Sericita/MG,Serra Azul de Minas/MG, Serra da Saudade/MG, Serra do Salitre/MG, Serra dos Aimorés/MG, Serranópolis de Minas/MG, Setubinha/MG, Sobrália/MG, Taparuba/MG, Toledo/MG, Tumiritinga/MG, Turmalina/MG,Umburatiba/MG, Unaí/MG, União de Minas/MG, Uruana de Minas/MG, Urucuia/MG, Vargem Alegre/MG, Vargem Bonita/MG, Vargem Grande do Rio Pardo/MG, Varjão de Minas/MG, Vazante/MG, Verdelândia/MG,Veredinha/MG, Vermelho Novo/MG, Virginópolis/MG e Virgolândia/MG | D8: Auxiliar de Limpeza - 12 x 36 - Diurno, Auxiliar de Limpeza - 12 x 36 - Noturno, Auxiliar de Limpeza - 75 h, Auxiliar de Limpeza - 110 h, Auxiliar de Limpeza - 150 h, Auxiliar de Limpeza - 220 h e Limpador de vidros - 220 h | E8: {=_xlfn.LET(_xlpm.listaComarcas, _xlfn.UNIQUE(_xlfn._xlws.FILTER(tabParametros[Comarca],tabParametros[CCT DA CATEGORIA]=tabSindicatos[[#This Row],[SINDICATOS]],"")), IF(COUNTA(_xlpm.listaComarcas)=1, _xlpm.listaComarcas&".", SUBSTITUTE(_xlfn.TEXTJOIN(", ",TRUE,_xlpm.listaComarcas),", "," e ",COUNTA(_xlpm.listaComarcas)-1)&"." ) )} -> Abre Campo, Aimores, Aracuai, Arinos, Bom Despacho, Bonfinopolis de Minas, Brazopolis, Bueno Brandao, Buritis, Cachoeira de Minas, Camanducaia, Cambui, Carandai, Carmopolis de Minas, Cassia, Claudio, Conselheiro Pena, Guaxupe, Ibiraci, Ipanema, Itabirito, Itaguara, Itamarandiba, Itauna, Jaboticatubas, Jacinto, Joao Pinheiro, Mantena, Minas Novas, Mutum, Muzambinho, Para de Minas, Paracatu, Pecanha, Resplendor, Rio Vermelho, Sabinopolis, Santa Maria do Suacui, Turmalina e Unai. | F8: 29.15 | G8: 0 | H8: 0 | I8: 15.07 | J8: 0 | K8: 45658 | L8: - | M8: - | N8: MG004482/2024
A9: Fethemg RM | B9: Caeté/MG, Confins/MG, Esmeraldas/MG, Florestal/MG, Igarapé/MG, Mário Campos/MG, Pedro Leopoldo/MG, Raposos/MG, São Joaquim de Bicas/MG, São José da Lapa/MG e Sarzedo/MG | D9: Auxiliar de Limpeza - 12 x 36 - Diurno, Auxiliar de Limpeza - 12 x 36 - Noturno, Auxiliar de Limpeza - 75 h, Auxiliar de Limpeza - 110 h, Auxiliar de Limpeza - 150 h, Auxiliar de Limpeza - 220 h e Limpador de vidros - 220 h | E9: {=_xlfn.LET(_xlpm.listaComarcas, _xlfn.UNIQUE(_xlfn._xlws.FILTER(tabParametros[Comarca],tabParametros[CCT DA CATEGORIA]=tabSindicatos[[#This Row],[SINDICATOS]],"")), IF(COUNTA(_xlpm.listaComarcas)=1, _xlpm.listaComarcas&".", SUBSTITUTE(_xlfn.TEXTJOIN(", ",TRUE,_xlpm.listaComarcas),", "," e ",COUNTA(_xlpm.listaComarcas)-1)&"." ) )} -> Caete, Esmeraldas, Igarape e Pedro Leopoldo. | F9: 29.15 | G9: 0 | H9: 0 | I9: 15.07 | J9: 0 | K9: 45658 | L9: - | M9: - | N9: MG004479/2024
A10: Gov. Valadares | B10: Governador Valadares/MG | D10: Auxiliar de Limpeza - 12 x 36 - Diurno, Auxiliar de Limpeza - 12 x 36 - Noturno, Auxiliar de Limpeza - 75 h, Auxiliar de Limpeza - 110 h, Auxiliar de Limpeza - 150 h, Auxiliar de Limpeza - 220 h e Limpador de vidros - 220 h | E10: {=_xlfn.LET(_xlpm.listaComarcas, _xlfn.UNIQUE(_xlfn._xlws.FILTER(tabParametros[Comarca],tabParametros[CCT DA CATEGORIA]=tabSindicatos[[#This Row],[SINDICATOS]],"")), IF(COUNTA(_xlpm.listaComarcas)=1, _xlpm.listaComarcas&".", SUBSTITUTE(_xlfn.TEXTJOIN(", ",TRUE,_xlpm.listaComarcas),", "," e ",COUNTA(_xlpm.listaComarcas)-1)&"." ) )} -> Governador Valadares. | F10: 29.15 | G10: 0 | H10: 51.88 | I10: 0 | J10: 0 | K10: 45658 | L10: - | M10: - | N10: MG002846/2025
A11: Itabira | B11: Itabira/MG | D11: Auxiliar de Limpeza - 12 x 36 - Diurno, Auxiliar de Limpeza - 12 x 36 - Noturno, Auxiliar de Limpeza - 75 h, Auxiliar de Limpeza - 110 h, Auxiliar de Limpeza - 150 h, Auxiliar de Limpeza - 220 h e Limpador de vidros - 220 h | E11: {=_xlfn.LET(_xlpm.listaComarcas, _xlfn.UNIQUE(_xlfn._xlws.FILTER(tabParametros[Comarca],tabParametros[CCT DA CATEGORIA]=tabSindicatos[[#This Row],[SINDICATOS]],"")), IF(COUNTA(_xlpm.listaComarcas)=1, _xlpm.listaComarcas&".", SUBSTITUTE(_xlfn.TEXTJOIN(", ",TRUE,_xlpm.listaComarcas),", "," e ",COUNTA(_xlpm.listaComarcas)-1)&"." ) )} -> Itabira. | F11: 29.15 | G11: 0 | H11: 51.88 | I11: 0 | J11: 0 | K11: 45658 | L11: - | M11: - | N11: MG001187/2025
A12: Joao Monlevade | B12: João Monlevade/MG | D12: Auxiliar de Limpeza - 12 x 36 - Diurno, Auxiliar de Limpeza - 12 x 36 - Noturno, Auxiliar de Limpeza - 75 h, Auxiliar de Limpeza - 110 h, Auxiliar de Limpeza - 150 h, Auxiliar de Limpeza - 220 h e Limpador de vidros - 220 h | E12: {=_xlfn.LET(_xlpm.listaComarcas, _xlfn.UNIQUE(_xlfn._xlws.FILTER(tabParametros[Comarca],tabParametros[CCT DA CATEGORIA]=tabSindicatos[[#This Row],[SINDICATOS]],"")), IF(COUNTA(_xlpm.listaComarcas)=1, _xlpm.listaComarcas&".", SUBSTITUTE(_xlfn.TEXTJOIN(", ",TRUE,_xlpm.listaComarcas),", "," e ",COUNTA(_xlpm.listaComarcas)-1)&"." ) )} -> Joao Monlevade. | F12: 29.15 | G12: 0 | H12: 51.88 | I12: 0 | J12: 0 | K12: 45658 | L12: - | M12: - | N12: MG001342/2025
A13: Juiz de Fora | B13: Juiz de Fora/MG | D13: Auxiliar de Limpeza - 12 x 36 - Diurno, Auxiliar de Limpeza - 12 x 36 - Noturno, Auxiliar de Limpeza - 75 h, Auxiliar de Limpeza - 110 h, Auxiliar de Limpeza - 150 h, Auxiliar de Limpeza - 220 h e Limpador de vidros - 220 h | E13: {=_xlfn.LET(_xlpm.listaComarcas, _xlfn.UNIQUE(_xlfn._xlws.FILTER(tabParametros[Comarca],tabParametros[CCT DA CATEGORIA]=tabSindicatos[[#This Row],[SINDICATOS]],"")), IF(COUNTA(_xlpm.listaComarcas)=1, _xlpm.listaComarcas&".", SUBSTITUTE(_xlfn.TEXTJOIN(", ",TRUE,_xlpm.listaComarcas),", "," e ",COUNTA(_xlpm.listaComarcas)-1)&"." ) )} -> Juiz de Fora. | F13: 29.15 | G13: 0 | H13: 56.3 | I13: 14.69 | J13: 0 | K13: 45658 | L13: - | M13: - | N13: MG004343/2024
A14: Montes Claros | B14: Montes Claros/MG | D14: Auxiliar de Limpeza - 12 x 36 - Diurno, Auxiliar de Limpeza - 12 x 36 - Noturno, Auxiliar de Limpeza - 75 h, Auxiliar de Limpeza - 110 h, Auxiliar de Limpeza - 150 h, Auxiliar de Limpeza - 220 h e Limpador de vidros - 220 h | E14: {=_xlfn.LET(_xlpm.listaComarcas, _xlfn.UNIQUE(_xlfn._xlws.FILTER(tabParametros[Comarca],tabParametros[CCT DA CATEGORIA]=tabSindicatos[[#This Row],[SINDICATOS]],"")), IF(COUNTA(_xlpm.listaComarcas)=1, _xlpm.listaComarcas&".", SUBSTITUTE(_xlfn.TEXTJOIN(", ",TRUE,_xlpm.listaComarcas),", "," e ",COUNTA(_xlpm.listaComarcas)-1)&"." ) )} -> Montes Claros. | F14: 29.15 | G14: 0 | H14: 51.86 | I14: 0 | J14: 0 | K14: 45658 | L14: - | M14: - | N14: MG000255/2025
A15: Regiao de Divinopolis | B15: Araújos/MG, Arcos/MG, Bambuí/MG, Bonfim/MG,Camacho/MG, Carmo da Mata/MG, Carmo do Cajuru/MG, Conceição do Pará/MG, Córrego Danta/MG,Córrego Fundo/MG, Crucilândia/MG, Dores do Indaiá/MG, Doresópolis/MG, Estrela do Indaiá/MG,Igaratinga/MG, Iguatama/MG, Itapecerica/MG, Japaraíba/MG, Lagoa da Prata/MG, Leandro Ferreira/MG, Luz/MG, Martinho Campos/MG, Moema/MG, Nova Serrana/MG, Oliveira/MG, Onça de Pitangui/MG, Pains/MG, Passa Tempo/MG, Pedra do Indaiá/MG, Perdigão/MG, Piedade dos Gerais/MG, Piracema/MG, Pitangui/MG, Santo Antônio do Monte/MG, São Francisco de Paula/MG,São Gonçalo do Pará/MG, São José da Varginha/MG, São Sebastião do Oeste/MG e São Tiago/MG | C15: ARCOS/MG, LAGOA DA PRATA/MG, NOVA SERRANA/MG, OLIVEIRA/MG e SANTO ANTÔNIO DO MONTE/MG. | D15: Auxiliar de Limpeza - 12 x 36 - Diurno, Auxiliar de Limpeza - 12 x 36 - Noturno, Auxiliar de Limpeza - 75 h, Auxiliar de Limpeza - 110 h, Auxiliar de Limpeza - 150 h, Auxiliar de Limpeza - 220 h e Limpador de vidros - 220 h | E15: {=_xlfn.LET(_xlpm.listaComarcas, _xlfn.UNIQUE(_xlfn._xlws.FILTER(tabParametros[Comarca],tabParametros[CCT DA CATEGORIA]=tabSindicatos[[#This Row],[SINDICATOS]],"")), IF(COUNTA(_xlpm.listaComarcas)=1, _xlpm.listaComarcas&".", SUBSTITUTE(_xlfn.TEXTJOIN(", ",TRUE,_xlpm.listaComarcas),", "," e ",COUNTA(_xlpm.listaComarcas)-1)&"." ) )} -> Arcos, Bonfim, Dores do Indaia, Itapecerica, Lagoa da Prata, Luz, Martinho Campos, Nova Serrana, Oliveira, Pitangui e Santo Antonio do Monte. | F15: 29.15 | G15: 0 | H15: 51.88 | I15: 0 | J15: 0 | K15: 45658 | L15: - | M15: - | N15: MG001011/2025
A16: Regiao de Itabira | B16: Bom Jesus do Amparo/MG,Ferros/MG, Itambé do Mato Dentro/MG, Passabém/MG, Santa Maria de Itabira/MG e Taquaraçu de Minas/MG | D16: Auxiliar de Limpeza - 12 x 36 - Diurno, Auxiliar de Limpeza - 12 x 36 - Noturno, Auxiliar de Limpeza - 75 h, Auxiliar de Limpeza - 110 h, Auxiliar de Limpeza - 150 h, Auxiliar de Limpeza - 220 h e Limpador de vidros - 220 h | E16: {=_xlfn.LET(_xlpm.listaComarcas, _xlfn.UNIQUE(_xlfn._xlws.FILTER(tabParametros[Comarca],tabParametros[CCT DA CATEGORIA]=tabSindicatos[[#This Row],[SINDICATOS]],"")), IF(COUNTA(_xlpm.listaComarcas)=1, _xlpm.listaComarcas&".", SUBSTITUTE(_xlfn.TEXTJOIN(", ",TRUE,_xlpm.listaComarcas),", "," e ",COUNTA(_xlpm.listaComarcas)-1)&"." ) )} -> . | F16: 0 | G16: 0 | H16: 0 | I16: 29.15 | J16: 0 | K16: 45658 | L16: - | M16: - | N16: MG001108/2025
A17: Regiao de Joao Monlevade | B17: Alvinópolis/MG, Barão de Cocais/MG, Bela Vista de Minas/MG, Nova Era/MG,Rio Piracicaba/MG, Santa Bárbara/MG, São Domingos do Prata/MG e São Gonçalo do Rio Abaixo/MG | C17: BARÃO DE COCAIS/MG, NOVA ERA/MG, RIO PIRACICABA/MG, SANTA BÁRBARA/MG e SÃO GONÇALO DO RIO ABAIXO/MG | D17: Auxiliar de Limpeza - 12 x 36 - Diurno, Auxiliar de Limpeza - 12 x 36 - Noturno, Auxiliar de Limpeza - 75 h, Auxiliar de Limpeza - 110 h, Auxiliar de Limpeza - 150 h, Auxiliar de Limpeza - 220 h e Limpador de vidros - 220 h | E17: {=_xlfn.LET(_xlpm.listaComarcas, _xlfn.UNIQUE(_xlfn._xlws.FILTER(tabParametros[Comarca],tabParametros[CCT DA CATEGORIA]=tabSindicatos[[#This Row],[SINDICATOS]],"")), IF(COUNTA(_xlpm.listaComarcas)=1, _xlpm.listaComarcas&".", SUBSTITUTE(_xlfn.TEXTJOIN(", ",TRUE,_xlpm.listaComarcas),", "," e ",COUNTA(_xlpm.listaComarcas)-1)&"." ) )} -> Alvinopolis, Barao de Cocais e Santa Barbara. | F17: 29.15 | G17: 0 | H17: 50.74 | I17: 0 | J17: 0 | K17: 45658 | L17: - | M17: - | N17: MG001172/2025
A18: Regiao de Juiz de Fora | B18: Alto Rio Doce/MG, Antônio Carlos/MG, Antônio Prado de Minas/MG, Aracitaba/MG,Arantina/MG, Argirita/MG, Barão de Monte Alto/MG, Barbacena/MG, Barroso/MG, Belmiro Braga/MG,Bias Fortes/MG, Bicas/MG, Bom Jardim de Minas/MG, Brás Pires/MG, Caiana/MG, Caparaó/MG,Carangola/MG, Chácara/MG, Chalé/MG, Chiador/MG, Coronel Pacheco/MG, Coronel Xavier Chaves/MG, Descoberto/MG, Desterro do Melo/MG, Divinésia/MG, Divin/MG, Dona Eusébia/MG,Dores de Campos/MG, Dores do Turvo/MG, Espera Feliz/MG, Estrela Dalva/MG, Eugenópolis/MG,Ewbank da Câmara/MG, Faria Lemos/MG, Guarani/MG, Guarará/MG, Guidoval/MG, Ibertioga/MG,Itamarati de Minas/MG, Lajinha/MG, Laranjal/MG, Lima Duarte/MG, Madre de Deus de Minas/MG,Manhuaçu/MG, Mar de Espanha/MG, Maripá de Minas/MG, Matias Barbosa/MG, Mercês/MG,Miradouro/MG, Miraí/MG, Olaria/MG, Oliveira Fortes/MG, Paiva/MG, Palma/MG, Pedra Dourada/MG,Pedro Teixeira/MG, Pequeri/MG, Piau/MG, Piedade do Rio Grande/MG, Pirapetinga/MG, Piraúba/MG,Prados/MG, Presidente Bernardes/MG, Recreio/MG, Rio Novo/MG, Rio Pomba/MG, Ritápolis/MG,Rochedo de Minas/MG, Rodeiro/MG, Santa Bárbara do Tugúrio/MG, Santa Rita de Ibitipoca/MG, Santa Rita de Jacutinga/MG, Santana do Deserto/MG, Santana do Garambéu/MG, Santana do Manhuaçu/MG, Santo Antônio do Aventureiro/MG, Santos Dumont/MG, São Francisco do Glória/MG,São Geraldo/MG, São João del Rei/MG, São João Nepomuceno/MG, São José do Mantimento/MG,Senador Cortes/MG, Senador Firmino/MG, Silveirânia/MG, Simão Pereira/MG, Simonésia/MG,Tabuleiro/MG, Tiradentes/MG, Tocantins/MG, Tombos/MG, Vieiras/MG e Volta Grande/MG | D18: Auxiliar de Limpeza - 12 x 36 - Diurno, Auxiliar de Limpeza - 12 x 36 - Noturno, Auxiliar de Limpeza - 75 h, Auxiliar de Limpeza - 110 h, Auxiliar de Limpeza - 150 h, Auxiliar de Limpeza - 220 h e Limpador de vidros - 220 h | E18: {=_xlfn.LET(_xlpm.listaComarcas, _xlfn.UNIQUE(_xlfn._xlws.FILTER(tabParametros[Comarca],tabParametros[CCT DA CATEGORIA]=tabSindicatos[[#This Row],[SINDICATOS]],"")), IF(COUNTA(_xlpm.listaComarcas)=1, _xlpm.listaComarcas&".", SUBSTITUTE(_xlfn.TEXTJOIN(", ",TRUE,_xlpm.listaComarcas),", "," e ",COUNTA(_xlpm.listaComarcas)-1)&"." ) )} -> Barbacena, Bicas, Carangola, Guarani, Manhuacu, Matias Barbosa, Miradouro, Mirai, Palma, Prados, Rio Pomba, Sao Joao del Rei, Sao Joao Nepomuceno e Tombos. | F18: 29.15 | G18: 0 | H18: 51.88 | I18: 0 | J18: 0 | K18: 45658 | L18: - | M18: - | N18: MG000506/2025
A19: Regiao de Ouro Preto | B19: Acaiaca/MG, Barra Longa/MG, Belo Vale/MG, Catas Altas da Noruega/MG, Congonhas/MG, Conselheiro Lafaiete/MG,Cristiano Otoni/MG, Diogo de Vasconcelos/MG, Entre Rios de Minas/MG, Itaverava/MG, Jeceaba/MG,Lagoa Dourada/MG, Manhuaç/MG, Manhumirim/MG, Mariana/MG, Moeda/MG, Ouro Branco/MG, Ouro Preto/MG, Piranga/MG, Ponte Nova/MG, Porto Firme/MG, Prad/MG, Rio Casca/MG e Urucânia/MG | C19: CONGONHAS/MG, MARIANA/MG, OURO BRANCO/MG, OURO PRETO/MG e PORTO FIRME/MG | D19: Auxiliar de Limpeza - 12 x 36 - Diurno, Auxiliar de Limpeza - 12 x 36 - Noturno, Auxiliar de Limpeza - 75 h, Auxiliar de Limpeza - 110 h, Auxiliar de Limpeza - 150 h, Auxiliar de Limpeza - 220 h e Limpador de vidros - 220 h | E19: {=_xlfn.LET(_xlpm.listaComarcas, _xlfn.UNIQUE(_xlfn._xlws.FILTER(tabParametros[Comarca],tabParametros[CCT DA CATEGORIA]=tabSindicatos[[#This Row],[SINDICATOS]],"")), IF(COUNTA(_xlpm.listaComarcas)=1, _xlpm.listaComarcas&".", SUBSTITUTE(_xlfn.TEXTJOIN(", ",TRUE,_xlpm.listaComarcas),", "," e ",COUNTA(_xlpm.listaComarcas)-1)&"." ) )} -> Congonhas, Conselheiro Lafaiete, Manhumirim, Mariana, Ouro Preto, Piranga, Ponte Nova e Rio Casca. | F19: 29.15 | G19: 0 | H19: 51.87 | I19: 0 | J19: 0 | K19: 45658 | L19: - | M19: - | N19: MG000212/2025
A20: Regiao de Sao Lourenco | B20: Aguanil/MG, Aiuruoca/MG, Alagoa/MG, Albertina/MG, Alfenas/MG,Alpinópolis/MG, Alterosa/MG, Andradas/MG, Andrelândia/MG, Arceburgo/MG, Areado/MG,Baependi/MG, Bandeira do Sul/MG, Boa Esperança/MG, Bocaina de Minas/MG, Bom Jesus daPenha/MG, Bom Sucesso/MG, Botelhos/MG, Cabo Verde/MG, Caldas/MG, Cambuquira/MG,Campanha/MG, Campestre/MG, Campo Belo/MG, Campo do Meio/MG, Campos Gerais/MG, Cana Verde/MG, Candeias/MG, Capitólio/MG, Careaçu/MG, Carmo da Cachoeira/MG, Carmo de Minas/MG,Carmo do Rio Claro/MG, Carrancas/MG, Carvalhos/MG, Conceição da Aparecida/MG, Conceição dasPedras/MG, Conceição do Rio Verde/MG, Conceição dos Ouros/MG, Congonhal/MG, Coqueiral/MG,Cordislândia/MG, Cristais/MG, Cristina/MG, Cruzília/MG, Delfim Moreira/MG, Divisa Nova/MG, Dom Viçoso/MG, Elói Mendes/MG, Espírito Santo do Dourado/MG, Estiva/MG, Extrema/MG, Fama/MG,Formiga/MG, Guapé/MG, Guaranésia/MG, Heliodora/MG, Ibitiúra de Minas/MG, Ibituruna/MG,Ilicínea/MG, Inconfidentes/MG, Ingaí/MG, Ipuiúna/MG, Itajubá/MG, Itamogi/MG, Itamonte/MG,Itanhandu/MG, Itaú de Minas/MG, Itumirim/MG, Itutinga/MG, Jacuí/MG, Jacutinga/MG, Jesuânia/MG,Juruaia/MG, Lambari/MG, Lavras/MG, Liberdade/MG, Luminárias/MG, Machado/MG, Maria da Fé/MG,Marmelópolis/MG, Minduri/MG, Monsenhor Paulo/MG, Monte Belo/MG, Monte Santo de Minas/MG,Natércia/MG, Nazareno/MG, Nepomuceno/MG, Nova Resende/MG, Olímpio Noronha/MG, Ouro Fino/MG,Paraguaçu/MG, Paraisópolis/MG, Passa Quatro/MG, Passa Vinte/MG, Passos/MG, Pedralva/MG,Perdões/MG, Pimenta/MG, Piranguçu/MG, Piranguinho/MG, Piumhi/MG, Poço Fundo/MG, Pouso Alegre/MG, Pouso Alto/MG, Pratápolis/MG, Ribeirão Vermelho/MG, Santa Rita de Caldas/MG, Santa Rita do Sapucaí/MG, Santana da Vargem/MG, Santana do Jacaré/MG, Santo Antônio do Amparo/MG, São Bento Abade/MG, São Gonçalo do Sapucaí/MG, São João da Mata/MG, São José do Alegre/MG, São Pedro da União/MG, São Sebastião da Bela Vista/MG, São Sebastião do Paraíso/MG, São Sebastião do Rio Verde/MG, São Thomé das Letras/MG, São Tomás de Aquino/MG, São Vicente de Minas/MG, Sapucaí-Mirim/MG, Senador José Bento/MG, Seritinga/MG, Serrania/MG, Serranos/MG, Silvianópolis/MG, Soledade de Minas/MG, Tocos do Moji/MG, Três Corações/MG, Três Pontas/MG,Turvolândia/MG, Varginha/MG, Virgínia/MG e Wenceslau Braz/MG | C20: ITAJUBÁ, LAVRAS, POUSO ALEGRE, VARGINHA E TRÊS CORAÇÕES | D20: Auxiliar de Limpeza - 12 x 36 - Diurno, Auxiliar de Limpeza - 12 x 36 - Noturno, Auxiliar de Limpeza - 75 h, Auxiliar de Limpeza - 110 h, Auxiliar de Limpeza - 150 h, Auxiliar de Limpeza - 220 h e Limpador de vidros - 220 h | E20: {=_xlfn.LET(_xlpm.listaComarcas, _xlfn.UNIQUE(_xlfn._xlws.FILTER(tabParametros[Comarca],tabParametros[CCT DA CATEGORIA]=tabSindicatos[[#This Row],[SINDICATOS]],"")), IF(COUNTA(_xlpm.listaComarcas)=1, _xlpm.listaComarcas&".", SUBSTITUTE(_xlfn.TEXTJOIN(", ",TRUE,_xlpm.listaComarcas),", "," e ",COUNTA(_xlpm.listaComarcas)-1)&"." ) )} -> Aiuruoca, Alfenas, Alpinopolis, Andradas, Andrelandia, Areado, Baependi, Boa Esperanca, Bom Sucesso, Caldas, Campanha, Campo Belo, Campos Gerais, Candeias, Carmo do Rio Claro, Cruzilia, Eloi Mendes, Extrema, Formiga, Guaranesia, Itajuba, Itamonte, Lambari, Lavras, Machado, Monte Belo, Natercia, Ouro Fino, Paraguacu, Passos, Piumhi, Poco Fundo, Pouso Alegre, Santa Rita de Caldas, Santa Rita do Sapucai, Sao Goncalo do Sapucai, Sao Sebastiao do Paraiso, Tres Coracoes, Tres Pontas e Varginha. | F20: 29.15 | G20: 0 | H20: 53.27 | I20: 0 | J20: 0 | K20: 45658 | L20: - | M20: - | N20: MG000594/2025
A21: Regiao de Teofilo Otoni | B21: Águas Formosas/MG,Almenara/MG, Ataléia/MG, Campanário/MG, Capelinha/MG, Carlos Chagas/MG, Catuji/MG, Frei Gaspar/MG,Frei Inocêncio/MG, Itambacuri/MG, Itaobim/MG, Itinga/MG, Jampruca/MG, Jequitinhonha/MG, Joaíma/MG,Ladainha/MG, Malacacheta/MG, Medina/MG, Nanuque/MG, Nova Módica/MG, Novo Cruzeiro/MG, Ouro Verdede Minas/MG, Padre Paraíso/MG, Pavão/MG, Pedra Azul/MG, Poté/MG, São José do Divino/MG e Virgem da Lapa/MG | D21: Auxiliar de Limpeza - 12 x 36 - Diurno, Auxiliar de Limpeza - 12 x 36 - Noturno, Auxiliar de Limpeza - 75 h, Auxiliar de Limpeza - 110 h, Auxiliar de Limpeza - 150 h, Auxiliar de Limpeza - 220 h e Limpador de vidros - 220 h | E21: {=_xlfn.LET(_xlpm.listaComarcas, _xlfn.UNIQUE(_xlfn._xlws.FILTER(tabParametros[Comarca],tabParametros[CCT DA CATEGORIA]=tabSindicatos[[#This Row],[SINDICATOS]],"")), IF(COUNTA(_xlpm.listaComarcas)=1, _xlpm.listaComarcas&".", SUBSTITUTE(_xlfn.TEXTJOIN(", ",TRUE,_xlpm.listaComarcas),", "," e ",COUNTA(_xlpm.listaComarcas)-1)&"." ) )} -> Aguas Formosas, Almenara, Capelinha, Carlos Chagas, Itambacuri, Jequitinhonha, Malacacheta, Nanuque, Novo Cruzeiro e Pedra Azul. | F21: 29.15 | G21: 0 | H21: 0 | I21: 15.07 | J21: 0 | K21: 45658 | L21: - | M21: - | N21: MG004488/2024
A22: Regiao Uberaba | B22: Comendador Gomes/MG, Conceição das Alagoas/MG, Fronteira/MG, Frutal/MG, Patos de Minas/MG, Patrocínio/MG, Planura/MG,Sacramento/MG e Veríssimo/MG | C22: FRUTAL/MG,PATOS DE MINAS/MG e PATROCÍNIO/MG | D22: Auxiliar de Limpeza - 12 x 36 - Diurno, Auxiliar de Limpeza - 12 x 36 - Noturno, Auxiliar de Limpeza - 75 h, Auxiliar de Limpeza - 110 h, Auxiliar de Limpeza - 150 h, Auxiliar de Limpeza - 220 h e Limpador de vidros - 220 h | E22: {=_xlfn.LET(_xlpm.listaComarcas, _xlfn.UNIQUE(_xlfn._xlws.FILTER(tabParametros[Comarca],tabParametros[CCT DA CATEGORIA]=tabSindicatos[[#This Row],[SINDICATOS]],"")), IF(COUNTA(_xlpm.listaComarcas)=1, _xlpm.listaComarcas&".", SUBSTITUTE(_xlfn.TEXTJOIN(", ",TRUE,_xlpm.listaComarcas),", "," e ",COUNTA(_xlpm.listaComarcas)-1)&"." ) )} -> Conceicao das Alagoas, Frutal, Patos de Minas e Sacramento. | F22: 29.15 | G22: 0 | H22: 51.86 | I22: 0 | J22: 0 | K22: 45658 | L22: - | M22: - | N22: MG000478/2025
A23: Sao Lourenco | B23: São Lourenço/MG | D23: Auxiliar de Limpeza - 12 x 36 - Diurno, Auxiliar de Limpeza - 12 x 36 - Noturno, Auxiliar de Limpeza - 75 h, Auxiliar de Limpeza - 110 h, Auxiliar de Limpeza - 150 h, Auxiliar de Limpeza - 220 h e Limpador de vidros - 220 h | E23: {=_xlfn.LET(_xlpm.listaComarcas, _xlfn.UNIQUE(_xlfn._xlws.FILTER(tabParametros[Comarca],tabParametros[CCT DA CATEGORIA]=tabSindicatos[[#This Row],[SINDICATOS]],"")), IF(COUNTA(_xlpm.listaComarcas)=1, _xlpm.listaComarcas&".", SUBSTITUTE(_xlfn.TEXTJOIN(", ",TRUE,_xlpm.listaComarcas),", "," e ",COUNTA(_xlpm.listaComarcas)-1)&"." ) )} -> Sao Lourenco. | F23: 29.15 | G23: 0 | H23: 53.27 | I23: 0 | J23: 0 | K23: 45658 | L23: - | M23: - | N23: MG000592/2025
A24: SEAC/SINDEAC | B24: Belo Horizonte/MG | D24: Auxiliar de Limpeza - 12 x 36 - Diurno, Auxiliar de Limpeza - 12 x 36 - Noturno, Auxiliar de Limpeza - 75 h, Auxiliar de Limpeza - 110 h, Auxiliar de Limpeza - 150 h, Auxiliar de Limpeza - 220 h e Limpador de vidros - 220 h | E24: {=_xlfn.LET(_xlpm.listaComarcas, _xlfn.UNIQUE(_xlfn._xlws.FILTER(tabParametros[Comarca],tabParametros[CCT DA CATEGORIA]=tabSindicatos[[#This Row],[SINDICATOS]],"")), IF(COUNTA(_xlpm.listaComarcas)=1, _xlpm.listaComarcas&".", SUBSTITUTE(_xlfn.TEXTJOIN(", ",TRUE,_xlpm.listaComarcas),", "," e ",COUNTA(_xlpm.listaComarcas)-1)&"." ) )} -> Belo Horizonte. | F24: 29.15 | G24: 0 | H24: 95.9 | I24: 0 | J24: 0 | K24: 45658 | L24: - | M24: - | N24: MG004474/2024
A25: SECI | B25: Ipatinga/MG | D25: Auxiliar de Limpeza - 12 x 36 - Diurno, Auxiliar de Limpeza - 12 x 36 - Noturno, Auxiliar de Limpeza - 75 h, Auxiliar de Limpeza - 110 h, Auxiliar de Limpeza - 150 h, Auxiliar de Limpeza - 220 h e Limpador de vidros - 220 h | E25: {=_xlfn.LET(_xlpm.listaComarcas, _xlfn.UNIQUE(_xlfn._xlws.FILTER(tabParametros[Comarca],tabParametros[CCT DA CATEGORIA]=tabSindicatos[[#This Row],[SINDICATOS]],"")), IF(COUNTA(_xlpm.listaComarcas)=1, _xlpm.listaComarcas&".", SUBSTITUTE(_xlfn.TEXTJOIN(", ",TRUE,_xlpm.listaComarcas),", "," e ",COUNTA(_xlpm.listaComarcas)-1)&"." ) )} -> Ipatinga. | F25: 29.15 | G25: 0 | H25: 51.86 | I25: 0 | J25: 0 | K25: 45658 | L25: - | M25: - | N25: MG000736/2025
A26: Seethur | B26: Açucena/MG, Antônio Dias/MG, Belo Oriente/MG,Braúnas/MG, Caratinga/MG, Coronel Fabriciano/MG, Divino/MG, Dom Cavati/MG, EngenheiroCaldas/MG, Guanhães/MG, Iapu/MG, Inhapim/MG, Ipaba/MG, Jaguaraçu/MG, Joanésia/MG, Marliéria/MG,Mesquita/MG, Santana do Paraíso/MG, São João do Oriente/MG, Tarumirim/MG, Timóteo/MG e Ubaporanga/MG | C26: BELO ORIENTE/MG, CARATINGA/MG, CORONEL FABRICIANO/MG, INHAPIM/MG, SANTANA DO PARAÍSO/MG e TIMÓTEO/MG | D26: Auxiliar de Limpeza - 12 x 36 - Diurno, Auxiliar de Limpeza - 12 x 36 - Noturno, Auxiliar de Limpeza - 75 h, Auxiliar de Limpeza - 110 h, Auxiliar de Limpeza - 150 h, Auxiliar de Limpeza - 220 h e Limpador de vidros - 220 h | E26: {=_xlfn.LET(_xlpm.listaComarcas, _xlfn.UNIQUE(_xlfn._xlws.FILTER(tabParametros[Comarca],tabParametros[CCT DA CATEGORIA]=tabSindicatos[[#This Row],[SINDICATOS]],"")), IF(COUNTA(_xlpm.listaComarcas)=1, _xlpm.listaComarcas&".", SUBSTITUTE(_xlfn.TEXTJOIN(", ",TRUE,_xlpm.listaComarcas),", "," e ",COUNTA(_xlpm.listaComarcas)-1)&"." ) )} -> Caratinga, Coronel Fabriciano, Divino, Guanhaes, Inhapim e Timoteo. | F26: 29.15 | G26: 0 | H26: 51.86 | I26: 0 | J26: 0 | K26: 45658 | L26: - | M26: - | N26: MG000493/2025
A27: Sete Lagoas | B27: Baldim/MG, Cachoeira da Prata/MG,Caetanópolis/MG, Capim Branco/MG, Fortuna de Minas/MG, Funilândia/MG, Inhaúma/MG,Jequitibá/MG, Maravilhas/MG, Papagaios/MG, Paraopeba/MG, Pequi/MG, Prudente de Morais/MG,Santana de Pirapama/MG e Sete Lagoas/MG. | D27: Auxiliar de Limpeza - 12 x 36 - Diurno, Auxiliar de Limpeza - 12 x 36 - Noturno, Auxiliar de Limpeza - 75 h, Auxiliar de Limpeza - 110 h, Auxiliar de Limpeza - 150 h, Auxiliar de Limpeza - 220 h e Limpador de vidros - 220 h | E27: {=_xlfn.LET(_xlpm.listaComarcas, _xlfn.UNIQUE(_xlfn._xlws.FILTER(tabParametros[Comarca],tabParametros[CCT DA CATEGORIA]=tabSindicatos[[#This Row],[SINDICATOS]],"")), IF(COUNTA(_xlpm.listaComarcas)=1, _xlpm.listaComarcas&".", SUBSTITUTE(_xlfn.TEXTJOIN(", ",TRUE,_xlpm.listaComarcas),", "," e ",COUNTA(_xlpm.listaComarcas)-1)&"." ) )} -> Paraopeba e Sete Lagoas. | F27: 29.15 | G27: 0 | H27: 51.86 | I27: 0 | J27: 0 | K27: 45658 | L27: - | M27: - | N27: MG000435/2025
A28: Sethac Norte de Minas | B28: Bocaiúva/MG, Botumirim/MG, Brasília de Minas/MG, Buenópolis/MG, Buritizeiro/MG, CapitãoEnéas/MG, Claro dos Poções/MG, Coração de Jesus/MG, Cristália/MG, Engenheiro Navarro/MG, Espinosa/MG,Francisco Dumont/MG, Francisco Sá/MG, Grão Mogol/MG, Ibiaí/MG, Itacambira/MG, Itacarambi/MG, Jaíba/MG,Janaúba/MG, Januária/MG, Jequitaí/MG, Joaquim Felício/MG, Juramento/MG, Lagoa dos Patos/MG, Lontra/MG,Mamonas/MG, Manga/MG, Matias Cardoso/MG, Mato Verde/MG, Mirabela/MG, Montalvânia/MG, Monte Azul/MG,Pedras de Maria da Cruz/MG, Pirapora/MG, Porteirinha/MG, Riacho dos Machados/MG, Rio Pardo de Minas/MG,Rubelita/MG, Salinas/MG, São Francisco/MG, São João da Ponte/MG, São João do Paraíso/MG, São Romão/MG,Taiobeiras/MG, Ubaí/MG, Várzea da Palma/MG e Varzelândia/MG | C28: BOCAIÚVA/MG,JANUÁRIA/MG, PIRAPORA/MG, SALINAS/MG e JANAÚBA/MG | D28: Auxiliar de Limpeza - 12 x 36 - Diurno, Auxiliar de Limpeza - 12 x 36 - Noturno, Auxiliar de Limpeza - 75 h, Auxiliar de Limpeza - 110 h, Auxiliar de Limpeza - 150 h, Auxiliar de Limpeza - 220 h e Limpador de vidros - 220 h | E28: {=_xlfn.LET(_xlpm.listaComarcas, _xlfn.UNIQUE(_xlfn._xlws.FILTER(tabParametros[Comarca],tabParametros[CCT DA CATEGORIA]=tabSindicatos[[#This Row],[SINDICATOS]],"")), IF(COUNTA(_xlpm.listaComarcas)=1, _xlpm.listaComarcas&".", SUBSTITUTE(_xlfn.TEXTJOIN(", ",TRUE,_xlpm.listaComarcas),", "," e ",COUNTA(_xlpm.listaComarcas)-1)&"." ) )} -> Bocaiuva, Brasilia de Minas, Coracao de Jesus, Espinosa, Francisco Sa, Grao Mogol, Janauba, Januaria, Manga, Monte Azul, Pirapora, Porteirinha, Salinas, Sao Francisco, Sao Joao da Ponte, Sao Romao, Taiobeiras e Varzea da Palma. | F28: 29.15 | G28: 0 | H28: 51.86 | I28: 0 | J28: 0 | K28: 45658 | L28: - | M28: - | N28: MG000256/2025
A29: SETHPC - Pocos de Caldas | B29: Poços de Caldas/MG | D29: Auxiliar de Limpeza - 12 x 36 - Diurno, Auxiliar de Limpeza - 12 x 36 - Noturno, Auxiliar de Limpeza - 75 h, Auxiliar de Limpeza - 110 h, Auxiliar de Limpeza - 150 h, Auxiliar de Limpeza - 220 h e Limpador de vidros - 220 h | E29: {=_xlfn.LET(_xlpm.listaComarcas, _xlfn.UNIQUE(_xlfn._xlws.FILTER(tabParametros[Comarca],tabParametros[CCT DA CATEGORIA]=tabSindicatos[[#This Row],[SINDICATOS]],"")), IF(COUNTA(_xlpm.listaComarcas)=1, _xlpm.listaComarcas&".", SUBSTITUTE(_xlfn.TEXTJOIN(", ",TRUE,_xlpm.listaComarcas),", "," e ",COUNTA(_xlpm.listaComarcas)-1)&"." ) )} -> Pocos de Caldas. | F29: 29.15 | G29: 0 | H29: 51.86 | I29: 0 | J29: 0 | K29: 45658 | L29: - | M29: - | N29: MG000165/2025
A30: Sind - Asseio | B30: Betim/MG, Brumadinho/MG, Contagem/MG, Ibirité/MG,Juatuba/MG, Lagoa Santa/MG, Mateus Leme/MG, Matozinhos/MG, Nova Lima/MG, Ribeirão das Neves/MG,Rio Acima/MG, Sabará/MG e Santa Luzia/MG | D30: Auxiliar de Limpeza - 12 x 36 - Diurno, Auxiliar de Limpeza - 12 x 36 - Noturno, Auxiliar de Limpeza - 75 h, Auxiliar de Limpeza - 110 h, Auxiliar de Limpeza - 150 h, Auxiliar de Limpeza - 220 h e Limpador de vidros - 220 h | E30: {=_xlfn.LET(_xlpm.listaComarcas, _xlfn.UNIQUE(_xlfn._xlws.FILTER(tabParametros[Comarca],tabParametros[CCT DA CATEGORIA]=tabSindicatos[[#This Row],[SINDICATOS]],"")), IF(COUNTA(_xlpm.listaComarcas)=1, _xlpm.listaComarcas&".", SUBSTITUTE(_xlfn.TEXTJOIN(", ",TRUE,_xlpm.listaComarcas),", "," e ",COUNTA(_xlpm.listaComarcas)-1)&"." ) )} -> Betim, Brumadinho, Contagem, Ibirite, Lagoa Santa, Mateus Leme, Matozinhos, Nova Lima, Ribeirao das Neves, Sabara e Santa Luzia. | F30: 29.15 | G30: 0 | H30: 77.25 | I30: 0 | J30: 0 | K30: 45658 | L30: - | M30: - | N30: MG000016/2025
A31: Teofilo Otoni | B31: Teofilo Otoni/MG | D31: Auxiliar de Limpeza - 12 x 36 - Diurno, Auxiliar de Limpeza - 12 x 36 - Noturno, Auxiliar de Limpeza - 75 h, Auxiliar de Limpeza - 110 h, Auxiliar de Limpeza - 150 h, Auxiliar de Limpeza - 220 h e Limpador de vidros - 220 h | E31: {=_xlfn.LET(_xlpm.listaComarcas, _xlfn.UNIQUE(_xlfn._xlws.FILTER(tabParametros[Comarca],tabParametros[CCT DA CATEGORIA]=tabSindicatos[[#This Row],[SINDICATOS]],"")), IF(COUNTA(_xlpm.listaComarcas)=1, _xlpm.listaComarcas&".", SUBSTITUTE(_xlfn.TEXTJOIN(", ",TRUE,_xlpm.listaComarcas),", "," e ",COUNTA(_xlpm.listaComarcas)-1)&"." ) )} -> Teofilo Otoni. | F31: 29.15 | G31: 0 | H31: 0 | I31: 15.07 | J31: 0 | K31: 45658 | L31: - | M31: - | N31: MG004477/2024
A32: Uberaba | B32: Uberaba | D32: Auxiliar de Limpeza - 12 x 36 - Diurno, Auxiliar de Limpeza - 12 x 36 - Noturno, Auxiliar de Limpeza - 75 h, Auxiliar de Limpeza - 110 h, Auxiliar de Limpeza - 150 h, Auxiliar de Limpeza - 220 h e Limpador de vidros - 220 h | E32: {=_xlfn.LET(_xlpm.listaComarcas, _xlfn.UNIQUE(_xlfn._xlws.FILTER(tabParametros[Comarca],tabParametros[CCT DA CATEGORIA]=tabSindicatos[[#This Row],[SINDICATOS]],"")), IF(COUNTA(_xlpm.listaComarcas)=1, _xlpm.listaComarcas&".", SUBSTITUTE(_xlfn.TEXTJOIN(", ",TRUE,_xlpm.listaComarcas),", "," e ",COUNTA(_xlpm.listaComarcas)-1)&"." ) )} -> Uberaba. | F32: 29.15 | G32: 0 | H32: 51.86 | I32: 0 | J32: 0 | K32: 45658 | L32: - | M32: - | N32: MG000412/2025
A33: Uberlandia | B33: Uberlândia/MG | D33: Auxiliar de Limpeza - 12 x 36 - Diurno, Auxiliar de Limpeza - 12 x 36 - Noturno, Auxiliar de Limpeza - 75 h, Auxiliar de Limpeza - 110 h, Auxiliar de Limpeza - 150 h, Auxiliar de Limpeza - 220 h e Limpador de vidros - 220 h | E33: {=_xlfn.LET(_xlpm.listaComarcas, _xlfn.UNIQUE(_xlfn._xlws.FILTER(tabParametros[Comarca],tabParametros[CCT DA CATEGORIA]=tabSindicatos[[#This Row],[SINDICATOS]],"")), IF(COUNTA(_xlpm.listaComarcas)=1, _xlpm.listaComarcas&".", SUBSTITUTE(_xlfn.TEXTJOIN(", ",TRUE,_xlpm.listaComarcas),", "," e ",COUNTA(_xlpm.listaComarcas)-1)&"." ) )} -> Uberlandia. | F33: 0 | G33: 387.79 | H33: 42.97 | I33: 0 | J33: 0 | K33: 45658 | L33: - | M33: - | N33: MG001252/2025
A34: Vespasiano | B34: Vespasiano/MG | D34: Auxiliar de Limpeza - 12 x 36 - Diurno, Auxiliar de Limpeza - 12 x 36 - Noturno, Auxiliar de Limpeza - 75 h, Auxiliar de Limpeza - 110 h, Auxiliar de Limpeza - 150 h, Auxiliar de Limpeza - 220 h e Limpador de vidros - 220 h | E34: {=_xlfn.LET(_xlpm.listaComarcas, _xlfn.UNIQUE(_xlfn._xlws.FILTER(tabParametros[Comarca],tabParametros[CCT DA CATEGORIA]=tabSindicatos[[#This Row],[SINDICATOS]],"")), IF(COUNTA(_xlpm.listaComarcas)=1, _xlpm.listaComarcas&".", SUBSTITUTE(_xlfn.TEXTJOIN(", ",TRUE,_xlpm.listaComarcas),", "," e ",COUNTA(_xlpm.listaComarcas)-1)&"." ) )} -> Vespasiano. | F34: 29.15 | G34: 0 | H34: 0 | I34: 0 | J34: 0 | K34: 45658 | L34: - | M34: - | N34: MG000989/2025
A35: Vicosa e Regiao | B35: Amparo do Serra/MG, Araponga/MG, Cajuri/MG, Canaã/MG, Coimbra/MG, Ervália/MG, Guaraciaba/MG,Guiricema/MG, Paula Cândido/MG, Pedra do Anta/MG, Raul Soares/MG, São Miguel do Anta/MG, SãoPedro dos Ferros/MG, Teixeiras/MG e Viçosa/MG | C35: VIÇOSA/MG, ERVÁLIA/MG, ARAPONGA/MG, TEIXEIRAS/MG, RAUL SOARES/MG e GUARACIABA/MG. | D35: Auxiliar de Limpeza - 12 x 36 - Diurno, Auxiliar de Limpeza - 12 x 36 - Noturno, Auxiliar de Limpeza - 75 h, Auxiliar de Limpeza - 110 h, Auxiliar de Limpeza - 150 h, Auxiliar de Limpeza - 220 h e Limpador de vidros - 220 h | E35: {=_xlfn.LET(_xlpm.listaComarcas, _xlfn.UNIQUE(_xlfn._xlws.FILTER(tabParametros[Comarca],tabParametros[CCT DA CATEGORIA]=tabSindicatos[[#This Row],[SINDICATOS]],"")), IF(COUNTA(_xlpm.listaComarcas)=1, _xlpm.listaComarcas&".", SUBSTITUTE(_xlfn.TEXTJOIN(", ",TRUE,_xlpm.listaComarcas),", "," e ",COUNTA(_xlpm.listaComarcas)-1)&"." ) )} -> Ervalia, Raul Soares e Vicosa. | F35: 29.15 | G35: 0 | H35: 51.86 | I35: 0 | J35: 0 | K35: 45658 | L35: - | M35: - | N35: MG001208/2025

Sheet RELAÇÃO POSTOS
A1: Código do Posto | B1: Comarca | C1: Função | D1: CCT DA CATEGORIA | E1: Classificação | F1: Fonte de Recursos | G1: Vagas contratadas | H1: Vagas suspensas | I1: Salário Base | J1: ANO DA CCT | K1: Nº DE PEDIDO DA CCT | L1: TERMO ADITIVO ALTERAÇÃO DA CCT | M1: Nº REGISTRO MTE/ CCT
A2: {=_xlfn.XLOOKUP(tabPostos[[#This Row],[Fonte de Recursos]]&tabPostos[[#This Row],[Classificação]],tabLotacao[Lotacao]&tabLotacao[Tipo],tabLotacao[Codigo Lote],"0")&"."&_xlfn.XLOOKUP(tabPostos[[#This Row],[Comarca]],tabComarca[COMARCA],tabComarca[Codigo Comarca],"000")&"."&_xlfn.XLOOKUP(tabPostos[[#This Row],[Função]],tabCargos[Cargo],tabCargos[Codigo Cargo],"00")} -> 2.002.04 | B2: Abaete | C2: Auxiliar de Limpeza - 110 h | D2: {=IF(tabPostos[[#This Row],[Comarca]]="","", _xlfn.LET( _xlpm.MATRIZ_COMARCA, ","&TRIM(UPPER(SUBSTITUTE(SUBSTITUTE(SUBSTITUTE(SUBSTITUTE(SUBSTITUTE(SUBSTITUTE(SUBSTITUTE(SUBSTITUTE(SUBSTITUTE(SUBSTITUTE(SUBSTITUTE(SUBSTITUTE(SUBSTITUTE(SUBSTITUTE(SUBSTITUTE(SUBSTITUTE(SUBSTITUTE(SUBSTITUTE(SUBSTITUTE(SUBSTITUTE(SUBSTITUTE(SUBSTITUTE(SUBSTITUTE(SUBSTITUTE(SUBSTITUTE(SUBSTITUTE(tabSindicatos[ABRANGÊNCIA],"á","a"),"ã","a"),"â","a"),"é","e"),"ê","e"),"í","i"),"ó","o"),"õ","o"),"ô","o"),"ú","u"),"ç","c"),"Á","a"),"Ã","a"),"Â","a"),"É","e"),"Ê","e"),"Í","i"),"Ó","o"),"Õ","o"),"Ô","o"),"Ú","u"),"Ç","c"),"/MG","")," e ",", ")," ",""),".","")))&",", _xlpm.MATRIZ_FUNCAO, ","&TRIM(UPPER(SUBSTITUTE(SUBSTITUTE(SUBSTITUTE(SUBSTITUTE(SUBSTITUTE(SUBSTITUTE(SUBSTITUTE(SUBSTITUTE(SUBSTITUTE(SUBSTITUTE(SUBSTITUTE(SUBSTITUTE(SUBSTITUTE(SUBSTITUTE(SUBSTITUTE(SUBSTITUTE(SUBSTITUTE(SUBSTITUTE(SUBSTITUTE(SUBSTITUTE(SUBSTITUTE(SUBSTITUTE(SUBSTITUTE(SUBSTITUTE(SUBSTITUTE(tabSindicatos[FUNÇÕES],"á","a"),"ã","a"),"â","a"),"é","e"),"ê","e"),"í","i"),"ó","o"),"õ","o"),"ô","o"),"ú","u"),"ç","c"),"Á","a"),"Ã","a"),"Â","a"),"É","e"),"Ê","e"),"Í","i"),"Ó","o"),"Õ","o"),"Ô","o"),"Ú","u"),"Ç","c")," e ",", ")," ",""),".","")))&",", IFERROR(_xlfn._xlws.FILTER(tabSindicatos[SINDICATOS], (ISNUMBER(SEARCH(","&TRIM(UPPER(SUBSTITUTE(tabPostos[[#This Row],[Comarca]]," ","")))&",",_xlpm.MATRIZ_COMARCA,1)))* (ISNUMBER(SEARCH(","&TRIM(SUBSTITUTE(SUBSTITUTE(SUBSTITUTE(UPPER(tabPostos[[#This Row],[Função]])," E ",", ")," ",""),".",""))&",",_xlpm.MATRIZ_FUNCAO,1))) ),"") ))} -> Curvelo | E2: Limpeza | F2: PGJ | G2: 1 | H2: 0 | I2: =798.14 -> 798.14 | J2: =VLOOKUP(tabPostos[[#This Row],[CCT DA CATEGORIA]],'RELAÇÃO SINDICATOS'!A:N,11,0) -> 45658 | K2: =VLOOKUP(tabPostos[[#This Row],[CCT DA CATEGORIA]],'RELAÇÃO SINDICATOS'!A:N,12,0) -> - | L2: =VLOOKUP(tabPostos[[#This Row],[CCT DA CATEGORIA]],'RELAÇÃO SINDICATOS'!A:N,13,0) -> - | M2: =VLOOKUP(tabPostos[[#This Row],[CCT DA CATEGORIA]],'RELAÇÃO SINDICATOS'!A:N,14,0) -> MG0000423/2025
A3: {=_xlfn.XLOOKUP(tabPostos[[#This Row],[Fonte de Recursos]]&tabPostos[[#This Row],[Classificação]],tabLotacao[Lotacao]&tabLotacao[Tipo],tabLotacao[Codigo Lote],"0")&"."&_xlfn.XLOOKUP(tabPostos[[#This Row],[Comarca]],tabComarca[COMARCA],tabComarca[Codigo Comarca],"000")&"."&_xlfn.XLOOKUP(tabPostos[[#This Row],[Função]],tabCargos[Cargo],tabCargos[Codigo Cargo],"00")} -> 2.003.04 | B3: Abre Campo | C3: Auxiliar de Limpeza - 110 h | D3: {=IF(tabPostos[[#This Row],[Comarca]]="","", _xlfn.LET( _xlpm.MATRIZ_COMARCA, ","&TRIM(UPPER(SUBSTITUTE(SUBSTITUTE(SUBSTITUTE(SUBSTITUTE(SUBSTITUTE(SUBSTITUTE(SUBSTITUTE(SUBSTITUTE(SUBSTITUTE(SUBSTITUTE(SUBSTITUTE(SUBSTITUTE(SUBSTITUTE(SUBSTITUTE(SUBSTITUTE(SUBSTITUTE(SUBSTITUTE(SUBSTITUTE(SUBSTITUTE(SUBSTITUTE(SUBSTITUTE(SUBSTITUTE(SUBSTITUTE(SUBSTITUTE(SUBSTITUTE(SUBSTITUTE(tabSindicatos[ABRANGÊNCIA],"á","a"),"ã","a"),"â","a"),"é","e"),"ê","e"),"í","i"),"ó","o"),"õ","o"),"ô","o"),"ú","u"),"ç","c"),"Á","a"),"Ã","a"),"Â","a"),"É","e"),"Ê","e"),"Í","i"),"Ó","o"),"Õ","o"),"Ô","o"),"Ú","u"),"Ç","c"),"/MG","")," e ",", ")," ",""),".","")))&",", _xlpm.MATRIZ_FUNCAO, ","&TRIM(UPPER(SUBSTITUTE(SUBSTITUTE(SUBSTITUTE(SUBSTITUTE(SUBSTITUTE(SUBSTITUTE(SUBSTITUTE(SUBSTITUTE(SUBSTITUTE(SUBSTITUTE(SUBSTITUTE(SUBSTITUTE(SUBSTITUTE(SUBSTITUTE(SUBSTITUTE(SUBSTITUTE(SUBSTITUTE(SUBSTITUTE(SUBSTITUTE(SUBSTITUTE(SUBSTITUTE(SUBSTITUTE(SUBSTITUTE(SUBSTITUTE(SUBSTITUTE(tabSindicatos[FUNÇÕES],"á","a"),"ã","a"),"â","a"),"é","e"),"ê","e"),"í","i"),"ó","o"),"õ","o"),"ô","o"),"ú","u"),"ç","c"),"Á","a"),"Ã","a"),"Â","a"),"É","e"),"Ê","e"),"Í","i"),"Ó","o"),"Õ","o"),"Ô","o"),"Ú","u"),"Ç","c")," e ",", ")," ",""),".","")))&",", IFERROR(_xlfn._xlws.FILTER(tabSindicatos[SINDICATOS], (ISNUMBER(SEARCH(","&TRIM(UPPER(SUBSTITUTE(tabPostos[[#This Row],[Comarca]]," ","")))&",",_xlpm.MATRIZ_COMARCA,1)))* (ISNUMBER(SEARCH(","&TRIM(SUBSTITUTE(SUBSTITUTE(SUBSTITUTE(UPPER(tabPostos[[#This Row],[Função]])," E ",", ")," ",""),".",""))&",",_xlpm.MATRIZ_FUNCAO,1))) ),"") ))} -> Fethemg Interior | E3: Limpeza | F3: PGJ | G3: 1 | H3: 0 | I3: =798.14 -> 798.14 | J3: =VLOOKUP(tabPostos[[#This Row],[CCT DA CATEGORIA]],'RELAÇÃO SINDICATOS'!A:N,11,0) -> 45658 | K3: =VLOOKUP(tabPostos[[#This Row],[CCT DA CATEGORIA]],'RELAÇÃO SINDICATOS'!A:N,12,0) -> - | L3: =VLOOKUP(tabPostos[[#This Row],[CCT DA CATEGORIA]],'RELAÇÃO SINDICATOS'!A:N,13,0) -> - | M3: =VLOOKUP(tabPostos[[#This Row],[CCT DA CATEGORIA]],'RELAÇÃO SINDICATOS'!A:N,14,0) -> MG004482/2024
A4: {=_xlfn.XLOOKUP(tabPostos[[#This Row],[Fonte de Recursos]]&tabPostos[[#This Row],[Classificação]],tabLotacao[Lotacao]&tabLotacao[Tipo],tabLotacao[Codigo Lote],"0")&"."&_xlfn.XLOOKUP(tabPostos[[#This Row],[Comarca]],tabComarca[COMARCA],tabComarca[Codigo Comarca],"000")&"."&_xlfn.XLOOKUP(tabPostos[[#This Row],[Função]],tabCargos[Cargo],tabCargos[Codigo Cargo],"00")} -> 2.009.06 | B4: Aguas Formosas | C4: Auxiliar de Limpeza - 220 h | D4: {=IF(tabPostos[[#This Row],[Comarca]]="","", _xlfn.LET( _xlpm.MATRIZ_COMARCA, ","&TRIM(UPPER(SUBSTITUTE(SUBSTITUTE(SUBSTITUTE(SUBSTITUTE(SUBSTITUTE(SUBSTITUTE(SUBSTITUTE(SUBSTITUTE(SUBSTITUTE(SUBSTITUTE(SUBSTITUTE(SUBSTITUTE(SUBSTITUTE(SUBSTITUTE(SUBSTITUTE(SUBSTITUTE(SUBSTITUTE(SUBSTITUTE(SUBSTITUTE(SUBSTITUTE(SUBSTITUTE(SUBSTITUTE(SUBSTITUTE(SUBSTITUTE(SUBSTITUTE(SUBSTITUTE(tabSindicatos[ABRANGÊNCIA],"á","a"),"ã","a"),"â","a"),"é","e"),"ê","e"),"í","i"),"ó","o"),"õ","o"),"ô","o"),"ú","u"),"ç","c"),"Á","a"),"Ã","a"),"Â","a"),"É","e"),"Ê","e"),"Í","i"),"Ó","o"),"Õ","o"),"Ô","o"),"Ú","u"),"Ç","c"),"/MG","")," e ",", ")," ",""),".","")))&",", _xlpm.MATRIZ_FUNCAO, ","&TRIM(UPPER(SUBSTITUTE(SUBSTITUTE(SUBSTITUTE(SUBSTITUTE(SUBSTITUTE(SUBSTITUTE(SUBSTITUTE(SUBSTITUTE(SUBSTITUTE(SUBSTITUTE(SUBSTITUTE(SUBSTITUTE(SUBSTITUTE(SUBSTITUTE(SUBSTITUTE(SUBSTITUTE(SUBSTITUTE(SUBSTITUTE(SUBSTITUTE(SUBSTITUTE(SUBSTITUTE(SUBSTITUTE(SUBSTITUTE(SUBSTITUTE(SUBSTITUTE(tabSindicatos[FUNÇÕES],"á","a"),"ã","a"),"â","a"),"é","e"),"ê","e"),"í","i"),"ó","o"),"õ","o"),"ô","o"),"ú","u"),"ç","c"),"Á","a"),"Ã","a"),"Â","a"),"É","e"),"Ê","e"),"Í","i"),"Ó","o"),"Õ","o"),"Ô","o"),"Ú","u"),"Ç","c")," e ",", ")," ",""),".","")))&",", IFERROR(_xlfn._xlws.FILTER(tabSindicatos[SINDICATOS], (ISNUMBER(SEARCH(","&TRIM(UPPER(SUBSTITUTE(tabPostos[[#This Row],[Comarca]]," ","")))&",",_xlpm.MATRIZ_COMARCA,1)))* (ISNUMBER(SEARCH(","&TRIM(SUBSTITUTE(SUBSTITUTE(SUBSTITUTE(UPPER(tabPostos[[#This Row],[Função]])," E ",", ")," ",""),".",""))&",",_xlpm.MATRIZ_FUNCAO,1))) ),"") ))} -> Regiao de Teofilo Otoni | E4: Limpeza | F4: PGJ | G4: 1 | H4: 0 | I4: =1596.28 -> 1596.28 | J4: =VLOOKUP(tabPostos[[#This Row],[CCT DA CATEGORIA]],'RELAÇÃO SINDICATOS'!A:N,11,0) -> 45658 | K4: =VLOOKUP(tabPostos[[#This Row],[CCT DA CATEGORIA]],'RELAÇÃO SINDICATOS'!A:N,12,0) -> - | L4: =VLOOKUP(tabPostos[[#This Row],[CCT DA CATEGORIA]],'RELAÇÃO SINDICATOS'!A:N,13,0) -> - | M4: =VLOOKUP(tabPostos[[#This Row],[CCT DA CATEGORIA]],'RELAÇÃO SINDICATOS'!A:N,14,0) -> MG004488/2024
A5: {=_xlfn.XLOOKUP(tabPostos[[#This Row],[Fonte de Recursos]]&tabPostos[[#This Row],[Classificação]],tabLotacao[Lotacao]&tabLotacao[Tipo],tabLotacao[Codigo Lote],"0")&"."&_xlfn.XLOOKUP(tabPostos[[#This Row],[Comarca]],tabComarca[COMARCA],tabComarca[Codigo Comarca],"000")&"."&_xlfn.XLOOKUP(tabPostos[[#This Row],[Função]],tabCargos[Cargo],tabCargos[Codigo Cargo],"00")} -> 2.011.03 | B5: Aimores | C5: Auxiliar de Limpeza - 75 h | D5: {=IF(tabPostos[[#This Row],[Comarca]]="","", _xlfn.LET( _xlpm.MATRIZ_COMARCA, ","&TRIM(UPPER(SUBSTITUTE(SUBSTITUTE(SUBSTITUTE(SUBSTITUTE(SUBSTITUTE(SUBSTITUTE(SUBSTITUTE(SUBSTITUTE(SUBSTITUTE(SUBSTITUTE(SUBSTITUTE(SUBSTITUTE(SUBSTITUTE(SUBSTITUTE(SUBSTITUTE(SUBSTITUTE(SUBSTITUTE(SUBSTITUTE(SUBSTITUTE(SUBSTITUTE(SUBSTITUTE(SUBSTITUTE(SUBSTITUTE(SUBSTITUTE(SUBSTITUTE(SUBSTITUTE(tabSindicatos[ABRANGÊNCIA],"á","a"),"ã","a"),"â","a"),"é","e"),"ê","e"),"í","i"),"ó","o"),"õ","o"),"ô","o"),"ú","u"),"ç","c"),"Á","a"),"Ã","a"),"Â","a"),"É","e"),"Ê","e"),"Í","i"),"Ó","o"),"Õ","o"),"Ô","o"),"Ú","u"),"Ç","c"),"/MG","")," e ",", ")," ",""),".","")))&",", _xlpm.MATRIZ_FUNCAO, ","&TRIM(UPPER(SUBSTITUTE(SUBSTITUTE(SUBSTITUTE(SUBSTITUTE(SUBSTITUTE(SUBSTITUTE(SUBSTITUTE(SUBSTITUTE(SUBSTITUTE(SUBSTITUTE(SUBSTITUTE(SUBSTITUTE(SUBSTITUTE(SUBSTITUTE(SUBSTITUTE(SUBSTITUTE(SUBSTITUTE(SUBSTITUTE(SUBSTITUTE(SUBSTITUTE(SUBSTITUTE(SUBSTITUTE(SUBSTITUTE(SUBSTITUTE(SUBSTITUTE(tabSindicatos[FUNÇÕES],"á","a"),"ã","a"),"â","a"),"é","e"),"ê","e"),"í","i"),"ó","o"),"õ","o"),"ô","o"),"ú","u"),"ç","c"),"Á","a"),"Ã","a"),"Â","a"),"É","e"),"Ê","e"),"Í","i"),"Ó","o"),"Õ","o"),"Ô","o"),"Ú","u"),"Ç","c")," e ",", ")," ",""),".","")))&",", IFERROR(_xlfn._xlws.FILTER(tabSindicatos[SINDICATOS], (ISNUMBER(SEARCH(","&TRIM(UPPER(SUBSTITUTE(tabPostos[[#This Row],[Comarca]]," ","")))&",",_xlpm.MATRIZ_COMARCA,1)))* (ISNUMBER(SEARCH(","&TRIM(SUBSTITUTE(SUBSTITUTE(SUBSTITUTE(UPPER(tabPostos[[#This Row],[Função]])," E ",", ")," ",""),".",""))&",",_xlpm.MATRIZ_FUNCAO,1))) ),"") ))} -> Fethemg Interior | E5: Limpeza | F5: PGJ | G5: 1 | H5: 0 | I5: =544.18 -> 544.18 | J5: =VLOOKUP(tabPostos[[#This Row],[CCT DA CATEGORIA]],'RELAÇÃO SINDICATOS'!A:N,11,0) -> 45658 | K5: =VLOOKUP(tabPostos[[#This Row],[CCT DA CATEGORIA]],'RELAÇÃO SINDICATOS'!A:N,12,0) -> - | L5: =VLOOKUP(tabPostos[[#This Row],[CCT DA CATEGORIA]],'RELAÇÃO SINDICATOS'!A:N,13,0) -> - | M5: =VLOOKUP(tabPostos[[#This Row],[CCT DA CATEGORIA]],'RELAÇÃO SINDICATOS'!A:N,14,0) -> MG004482/2024
A6: {=_xlfn.XLOOKUP(tabPostos[[#This Row],[Fonte de Recursos]]&tabPostos[[#This Row],[Classificação]],tabLotacao[Lotacao]&tabLotacao[Tipo],tabLotacao[Codigo Lote],"0")&"."&_xlfn.XLOOKUP(tabPostos[[#This Row],[Comarca]],tabComarca[COMARCA],tabComarca[Codigo Comarca],"000")&"."&_xlfn.XLOOKUP(tabPostos[[#This Row],[Função]],tabCargos[Cargo],tabCargos[Codigo Cargo],"00")} -> 2.012.04 | B6: Aiuruoca | C6: Auxiliar de Limpeza - 110 h | D6: {=IF(tabPostos[[#This Row],[Comarca]]="","", _xlfn.LET( _xlpm.MATRIZ_COMARCA, ","&TRIM(UPPER(SUBSTITUTE(SUBSTITUTE(SUBSTITUTE(SUBSTITUTE(SUBSTITUTE(SUBSTITUTE(SUBSTITUTE(SUBSTITUTE(SUBSTITUTE(SUBSTITUTE(SUBSTITUTE(SUBSTITUTE(SUBSTITUTE(SUBSTITUTE(SUBSTITUTE(SUBSTITUTE(SUBSTITUTE(SUBSTITUTE(SUBSTITUTE(SUBSTITUTE(SUBSTITUTE(SUBSTITUTE(SUBSTITUTE(SUBSTITUTE(SUBSTITUTE(SUBSTITUTE(tabSindicatos[ABRANGÊNCIA],"á","a"),"ã","a"),"â","a"),"é","e"),"ê","e"),"í","i"),"ó","o"),"õ","o"),"ô","o"),"ú","u"),"ç","c"),"Á","a"),"Ã","a"),"Â","a"),"É","e"),"Ê","e"),"Í","i"),"Ó","o"),"Õ","o"),"Ô","o"),"Ú","u"),"Ç","c"),"/MG","")," e ",", ")," ",""),".","")))&",", _xlpm.MATRIZ_FUNCAO, ","&TRIM(UPPER(SUBSTITUTE(SUBSTITUTE(SUBSTITUTE(SUBSTITUTE(SUBSTITUTE(SUBSTITUTE(SUBSTITUTE(SUBSTITUTE(SUBSTITUTE(SUBSTITUTE(SUBSTITUTE(SUBSTITUTE(SUBSTITUTE(SUBSTITUTE(SUBSTITUTE(SUBSTITUTE(SUBSTITUTE(SUBSTITUTE(SUBSTITUTE(SUBSTITUTE(SUBSTITUTE(SUBSTITUTE(SUBSTITUTE(SUBSTITUTE(SUBSTITUTE(tabSindicatos[FUNÇÕES],"á","a"),"ã","a"),"â","a"),"é","e"),"ê","e"),"í","i"),"ó","o"),"õ","o"),"ô","o"),"ú","u"),"ç","c"),"Á","a"),"Ã","a"),"Â","a"),"É","e"),"Ê","e"),"Í","i"),"Ó","o"),"Õ","o"),"Ô","o"),"Ú","u"),"Ç","c")," e ",", ")," ",""),".","")))&",", IFERROR(_xlfn._xlws.FILTER(tabSindicatos[SINDICATOS], (ISNUMBER(SEARCH(","&TRIM(UPPER(SUBSTITUTE(tabPostos[[#This Row],[Comarca]]," ","")))&",",_xlpm.MATRIZ_COMARCA,1)))* (ISNUMBER(SEARCH(","&TRIM(SUBSTITUTE(SUBSTITUTE(SUBSTITUTE(UPPER(tabPostos[[#This Row],[Função]])," E ",", ")," ",""),".",""))&",",_xlpm.MATRIZ_FUNCAO,1))) ),"") ))} -> Regiao de Sao Lourenco | E6: Limpeza | F6: PGJ | G6: 1 | H6: 0 | I6: =798.14 -> 798.14 | J6: =VLOOKUP(tabPostos[[#This Row],[CCT DA CATEGORIA]],'RELAÇÃO SINDICATOS'!A:N,11,0) -> 45658 | K6: =VLOOKUP(tabPostos[[#This Row],[CCT DA CATEGORIA]],'RELAÇÃO SINDICATOS'!A:N,12,0) -> - | L6: =VLOOKUP(tabPostos[[#This Row],[CCT DA CATEGORIA]],'RELAÇÃO SINDICATOS'!A:N,13,0) -> - | M6: =VLOOKUP(tabPostos[[#This Row],[CCT DA CATEGORIA]],'RELAÇÃO SINDICATOS'!A:N,14,0) -> MG000594/2025
A7: {=_xlfn.XLOOKUP(tabPostos[[#This Row],[Fonte de Recursos]]&tabPostos[[#This Row],[Classificação]],tabLotacao[Lotacao]&tabLotacao[Tipo],tabLotacao[Codigo Lote],"0")&"."&_xlfn.XLOOKUP(tabPostos[[#This Row],[Comarca]],tabComarca[COMARCA],tabComarca[Codigo Comarca],"000")&"."&_xlfn.XLOOKUP(tabPostos[[#This Row],[Função]],tabCargos[Cargo],tabCargos[Codigo Cargo],"00")} -> 2.015.05 | B7: Alem Paraiba | C7: Auxiliar de Limpeza - 150 h | D7: {=IF(tabPostos[[#This Row],[Comarca]]="","", _xlfn.LET( _xlpm.MATRIZ_COMARCA, ","&TRIM(UPPER(SUBSTITUTE(SUBSTITUTE(SUBSTITUTE(SUBSTITUTE(SUBSTITUTE(SUBSTITUTE(SUBSTITUTE(SUBSTITUTE(SUBSTITUTE(SUBSTITUTE(SUBSTITUTE(SUBSTITUTE(SUBSTITUTE(SUBSTITUTE(SUBSTITUTE(SUBSTITUTE(SUBSTITUTE(SUBSTITUTE(SUBSTITUTE(SUBSTITUTE(SUBSTITUTE(SUBSTITUTE(SUBSTITUTE(SUBSTITUTE(SUBSTITUTE(SUBSTITUTE(tabSindicatos[ABRANGÊNCIA],"á","a"),"ã","a"),"â","a"),"é","e"),"ê","e"),"í","i"),"ó","o"),"õ","o"),"ô","o"),"ú","u"),"ç","c"),"Á","a"),"Ã","a"),"Â","a"),"É","e"),"Ê","e"),"Í","i"),"Ó","o"),"Õ","o"),"Ô","o"),"Ú","u"),"Ç","c"),"/MG","")," e ",", ")," ",""),".","")))&",", _xlpm.MATRIZ_FUNCAO, ","&TRIM(UPPER(SUBSTITUTE(SUBSTITUTE(SUBSTITUTE(SUBSTITUTE(SUBSTITUTE(SUBSTITUTE(SUBSTITUTE(SUBSTITUTE(SUBSTITUTE(SUBSTITUTE(SUBSTITUTE(SUBSTITUTE(SUBSTITUTE(SUBSTITUTE(SUBSTITUTE(SUBSTITUTE(SUBSTITUTE(SUBSTITUTE(SUBSTITUTE(SUBSTITUTE(SUBSTITUTE(SUBSTITUTE(SUBSTITUTE(SUBSTITUTE(SUBSTITUTE(tabSindicatos[FUNÇÕES],"á","a"),"ã","a"),"â","a"),"é","e"),"ê","e"),"í","i"),"ó","o"),"õ","o"),"ô","o"),"ú","u"),"ç","c"),"Á","a"),"Ã","a"),"Â","a"),"É","e"),"Ê","e"),"Í","i"),"Ó","o"),"Õ","o"),"Ô","o"),"Ú","u"),"Ç","c")," e ",", ")," ",""),".","")))&",", IFERROR(_xlfn._xlws.FILTER(tabSindicatos[SINDICATOS], (ISNUMBER(SEARCH(","&TRIM(UPPER(SUBSTITUTE(tabPostos[[#This Row],[Comarca]]," ","")))&",",_xlpm.MATRIZ_COMARCA,1)))* (ISNUMBER(SEARCH(","&TRIM(SUBSTITUTE(SUBSTITUTE(SUBSTITUTE(UPPER(tabPostos[[#This Row],[Função]])," E ",", ")," ",""),".",""))&",",_xlpm.MATRIZ_FUNCAO,1))) ),"") ))} -> Cataguases | E7: Limpeza | F7: PGJ | G7: 1 | H7: 0 | I7: =1088.37 -> 1088.37 | J7: =VLOOKUP(tabPostos[[#This Row],[CCT DA CATEGORIA]],'RELAÇÃO SINDICATOS'!A:N,11,0) -> 45658 | K7: =VLOOKUP(tabPostos[[#This Row],[CCT DA CATEGORIA]],'RELAÇÃO SINDICATOS'!A:N,12,0) -> - | L7: =VLOOKUP(tabPostos[[#This Row],[CCT DA CATEGORIA]],'RELAÇÃO SINDICATOS'!A:N,13,0) -> - | M7: =VLOOKUP(tabPostos[[#This Row],[CCT DA CATEGORIA]],'RELAÇÃO SINDICATOS'!A:N,14,0) -> MG000299/2025
A8: {=_xlfn.XLOOKUP(tabPostos[[#This Row],[Fonte de Recursos]]&tabPostos[[#This Row],[Classificação]],tabLotacao[Lotacao]&tabLotacao[Tipo],tabLotacao[Codigo Lote],"0")&"."&_xlfn.XLOOKUP(tabPostos[[#This Row],[Comarca]],tabComarca[COMARCA],tabComarca[Codigo Comarca],"000")&"."&_xlfn.XLOOKUP(tabPostos[[#This Row],[Função]],tabCargos[Cargo],tabCargos[Codigo Cargo],"00")} -> 2.016.06 | B8: Alfenas | C8: Auxiliar de Limpeza - 220 h | D8: {=IF(tabPostos[[#This Row],[Comarca]]="","", _xlfn.LET( _xlpm.MATRIZ_COMARCA, ","&TRIM(UPPER(SUBSTITUTE(SUBSTITUTE(SUBSTITUTE(SUBSTITUTE(SUBSTITUTE(SUBSTITUTE(SUBSTITUTE(SUBSTITUTE(SUBSTITUTE(SUBSTITUTE(SUBSTITUTE(SUBSTITUTE(SUBSTITUTE(SUBSTITUTE(SUBSTITUTE(SUBSTITUTE(SUBSTITUTE(SUBSTITUTE(SUBSTITUTE(SUBSTITUTE(SUBSTITUTE(SUBSTITUTE(SUBSTITUTE(SUBSTITUTE(SUBSTITUTE(SUBSTITUTE(tabSindicatos[ABRANGÊNCIA],"á","a"),"ã","a"),"â","a"),"é","e"),"ê","e"),"í","i"),"ó","o"),"õ","o"),"ô","o"),"ú","u"),"ç","c"),"Á","a"),"Ã","a"),"Â","a"),"É","e"),"Ê","e"),"Í","i"),"Ó","o"),"Õ","o"),"Ô","o"),"Ú","u"),"Ç","c"),"/MG","")," e ",", ")," ",""),".","")))&",", _xlpm.MATRIZ_FUNCAO, ","&TRIM(UPPER(SUBSTITUTE(SUBSTITUTE(SUBSTITUTE(SUBSTITUTE(SUBSTITUTE(SUBSTITUTE(SUBSTITUTE(SUBSTITUTE(SUBSTITUTE(SUBSTITUTE(SUBSTITUTE(SUBSTITUTE(SUBSTITUTE(SUBSTITUTE(SUBSTITUTE(SUBSTITUTE(SUBSTITUTE(SUBSTITUTE(SUBSTITUTE(SUBSTITUTE(SUBSTITUTE(SUBSTITUTE(SUBSTITUTE(SUBSTITUTE(SUBSTITUTE(tabSindicatos[FUNÇÕES],"á","a"),"ã","a"),"â","a"),"é","e"),"ê","e"),"í","i"),"ó","o"),"õ","o"),"ô","o"),"ú","u"),"ç","c"),"Á","a"),"Ã","a"),"Â","a"),"É","e"),"Ê","e"),"Í","i"),"Ó","o"),"Õ","o"),"Ô","o"),"Ú","u"),"Ç","c")," e ",", ")," ",""),".","")))&",", IFERROR(_xlfn._xlws.FILTER(tabSindicatos[SINDICATOS], (ISNUMBER(SEARCH(","&TRIM(UPPER(SUBSTITUTE(tabPostos[[#This Row],[Comarca]]," ","")))&",",_xlpm.MATRIZ_COMARCA,1)))* (ISNUMBER(SEARCH(","&TRIM(SUBSTITUTE(SUBSTITUTE(SUBSTITUTE(UPPER(tabPostos[[#This Row],[Função]])," E ",", ")," ",""),".",""))&",",_xlpm.MATRIZ_FUNCAO,1))) ),"") ))} -> Regiao de Sao Lourenco | E8: Limpeza | F8: PGJ | G8: 2 | H8: 0 | I8: =1596.28 -> 1596.28 | J8: =VLOOKUP(tabPostos[[#This Row],[CCT DA CATEGORIA]],'RELAÇÃO SINDICATOS'!A:N,11,0) -> 45658 | K8: =VLOOKUP(tabPostos[[#This Row],[CCT DA CATEGORIA]],'RELAÇÃO SINDICATOS'!A:N,12,0) -> - | L8: =VLOOKUP(tabPostos[[#This Row],[CCT DA CATEGORIA]],'RELAÇÃO SINDICATOS'!A:N,13,0) -> - | M8: =VLOOKUP(tabPostos[[#This Row],[CCT DA CATEGORIA]],'RELAÇÃO SINDICATOS'!A:N,14,0) -> MG000594/2025
A9: {=_xlfn.XLOOKUP(tabPostos[[#This Row],[Fonte de Recursos]]&tabPostos[[#This Row],[Classificação]],tabLotacao[Lotacao]&tabLotacao[Tipo],tabLotacao[Codigo Lote],"0")&"."&_xlfn.XLOOKUP(tabPostos[[#This Row],[Comarca]],tabComarca[COMARCA],tabComarca[Codigo Comarca],"000")&"."&_xlfn.XLOOKUP(tabPostos[[#This Row],[Função]],tabCargos[Cargo],tabCargos[Codigo Cargo],"00")} -> 2.017.06 | B9: Almenara | C9: Auxiliar de Limpeza - 220 h | D9: {=IF(tabPostos[[#This Row],[Comarca]]="","", _xlfn.LET( _xlpm.MATRIZ_COMARCA, ","&TRIM(UPPER(SUBSTITUTE(SUBSTITUTE(SUBSTITUTE(SUBSTITUTE(SUBSTITUTE(SUBSTITUTE(SUBSTITUTE(SUBSTITUTE(SUBSTITUTE(SUBSTITUTE(SUBSTITUTE(SUBSTITUTE(SUBSTITUTE(SUBSTITUTE(SUBSTITUTE(SUBSTITUTE(SUBSTITUTE(SUBSTITUTE(SUBSTITUTE(SUBSTITUTE(SUBSTITUTE(SUBSTITUTE(SUBSTITUTE(SUBSTITUTE(SUBSTITUTE(SUBSTITUTE(tabSindicatos[ABRANGÊNCIA],"á","a"),"ã","a"),"â","a"),"é","e"),"ê","e"),"í","i"),"ó","o"),"õ","o"),"ô","o"),"ú","u"),"ç","c"),"Á","a"),"Ã","a"),"Â","a"),"É","e"),"Ê","e"),"Í","i"),"Ó","o"),"Õ","o"),"Ô","o"),"Ú","u"),"Ç","c"),"/MG","")," e ",", ")," ",""),".","")))&",", _xlpm.MATRIZ_FUNCAO, ","&TRIM(UPPER(SUBSTITUTE(SUBSTITUTE(SUBSTITUTE(SUBSTITUTE(SUBSTITUTE(SUBSTITUTE(SUBSTITUTE(SUBSTITUTE(SUBSTITUTE(SUBSTITUTE(SUBSTITUTE(SUBSTITUTE(SUBSTITUTE(SUBSTITUTE(SUBSTITUTE(SUBSTITUTE(SUBSTITUTE(SUBSTITUTE(SUBSTITUTE(SUBSTITUTE(SUBSTITUTE(SUBSTITUTE(SUBSTITUTE(SUBSTITUTE(SUBSTITUTE(tabSindicatos[FUNÇÕES],"á","a"),"ã","a"),"â","a"),"é","e"),"ê","e"),"í","i"),"ó","o"),"õ","o"),"ô","o"),"ú","u"),"ç","c"),"Á","a"),"Ã","a"),"Â","a"),"É","e"),"Ê","e"),"Í","i"),"Ó","o"),"Õ","o"),"Ô","o"),"Ú","u"),"Ç","c")," e ",", ")," ",""),".","")))&",", IFERROR(_xlfn._xlws.FILTER(tabSindicatos[SINDICATOS], (ISNUMBER(SEARCH(","&TRIM(UPPER(SUBSTITUTE(tabPostos[[#This Row],[Comarca]]," ","")))&",",_xlpm.MATRIZ_COMARCA,1)))* (ISNUMBER(SEARCH(","&TRIM(SUBSTITUTE(SUBSTITUTE(SUBSTITUTE(UPPER(tabPostos[[#This Row],[Função]])," E ",", ")," ",""),".",""))&",",_xlpm.MATRIZ_FUNCAO,1))) ),"") ))} -> Regiao de Teofilo Otoni | E9: Limpeza | F9: PGJ | G9: 1 | H9: 0 | I9: =1596.28 -> 1596.28 | J9: =VLOOKUP(tabPostos[[#This Row],[CCT DA CATEGORIA]],'RELAÇÃO SINDICATOS'!A:N,11,0) -> 45658 | K9: =VLOOKUP(tabPostos[[#This Row],[CCT DA CATEGORIA]],'RELAÇÃO SINDICATOS'!A:N,12,0) -> - | L9: =VLOOKUP(tabPostos[[#This Row],[CCT DA CATEGORIA]],'RELAÇÃO SINDICATOS'!A:N,13,0) -> - | M9: =VLOOKUP(tabPostos[[#This Row],[CCT DA CATEGORIA]],'RELAÇÃO SINDICATOS'!A:N,14,0) -> MG004488/2024
A10: {=_xlfn.XLOOKUP(tabPostos[[#This Row],[Fonte de Recursos]]&tabPostos[[#This Row],[Classificação]],tabLotacao[Lotacao]&tabLotacao[Tipo],tabLotacao[Codigo Lote],"0")&"."&_xlfn.XLOOKUP(tabPostos[[#This Row],[Comarca]],tabComarca[COMARCA],tabComarca[Codigo Comarca],"000")&"."&_xlfn.XLOOKUP(tabPostos[[#This Row],[Função]],tabCargos[Cargo],tabCargos[Codigo Cargo],"00")} -> 2.019.03 | B10: Alpinopolis | C10: Auxiliar de Limpeza - 75 h | D10: {=IF(tabPostos[[#This Row],[Comarca]]="","", _xlfn.LET( _xlpm.MATRIZ_COMARCA, ","&TRIM(UPPER(SUBSTITUTE(SUBSTITUTE(SUBSTITUTE(SUBSTITUTE(SUBSTITUTE(SUBSTITUTE(SUBSTITUTE(SUBSTITUTE(SUBSTITUTE(SUBSTITUTE(SUBSTITUTE(SUBSTITUTE(SUBSTITUTE(SUBSTITUTE(SUBSTITUTE(SUBSTITUTE(SUBSTITUTE(SUBSTITUTE(SUBSTITUTE(SUBSTITUTE(SUBSTITUTE(SUBSTITUTE(SUBSTITUTE(SUBSTITUTE(SUBSTITUTE(SUBSTITUTE(tabSindicatos[ABRANGÊNCIA],"á","a"),"ã","a"),"â","a"),"é","e"),"ê","e"),"í","i"),"ó","o"),"õ","o"),"ô","o"),"ú","u"),"ç","c"),"Á","a"),"Ã","a"),"Â","a"),"É","e"),"Ê","e"),"Í","i"),"Ó","o"),"Õ","o"),"Ô","o"),"Ú","u"),"Ç","c"),"/MG","")," e ",", ")," ",""),".","")))&",", _xlpm.MATRIZ_FUNCAO, ","&TRIM(UPPER(SUBSTITUTE(SUBSTITUTE(SUBSTITUTE(SUBSTITUTE(SUBSTITUTE(SUBSTITUTE(SUBSTITUTE(SUBSTITUTE(SUBSTITUTE(SUBSTITUTE(SUBSTITUTE(SUBSTITUTE(SUBSTITUTE(SUBSTITUTE(SUBSTITUTE(SUBSTITUTE(SUBSTITUTE(SUBSTITUTE(SUBSTITUTE(SUBSTITUTE(SUBSTITUTE(SUBSTITUTE(SUBSTITUTE(SUBSTITUTE(SUBSTITUTE(tabSindicatos[FUNÇÕES],"á","a"),"ã","a"),"â","a"),"é","e"),"ê","e"),"í","i"),"ó","o"),"õ","o"),"ô","o"),"ú","u"),"ç","c"),"Á","a"),"Ã","a"),"Â","a"),"É","e"),"Ê","e"),"Í","i"),"Ó","o"),"Õ","o"),"Ô","o"),"Ú","u"),"Ç","c")," e ",", ")," ",""),".","")))&",", IFERROR(_xlfn._xlws.FILTER(tabSindicatos[SINDICATOS], (ISNUMBER(SEARCH(","&TRIM(UPPER(SUBSTITUTE(tabPostos[[#This Row],[Comarca]]," ","")))&",",_xlpm.MATRIZ_COMARCA,1)))* (ISNUMBER(SEARCH(","&TRIM(SUBSTITUTE(SUBSTITUTE(SUBSTITUTE(UPPER(tabPostos[[#This Row],[Função]])," E ",", ")," ",""),".",""))&",",_xlpm.MATRIZ_FUNCAO,1))) ),"") ))} -> Regiao de Sao Lourenco | E10: Limpeza | F10: PGJ | G10: 1 | H10: 0 | I10: =544.18 -> 544.18 | J10: =VLOOKUP(tabPostos[[#This Row],[CCT DA CATEGORIA]],'RELAÇÃO SINDICATOS'!A:N,11,0) -> 45658 | K10: =VLOOKUP(tabPostos[[#This Row],[CCT DA CATEGORIA]],'RELAÇÃO SINDICATOS'!A:N,12,0) -> - | L10: =VLOOKUP(tabPostos[[#This Row],[CCT DA CATEGORIA]],'RELAÇÃO SINDICATOS'!A:N,13,0) -> - | M10: =VLOOKUP(tabPostos[[#This Row],[CCT DA CATEGORIA]],'RELAÇÃO SINDICATOS'!A:N,14,0) -> MG000594/2025
A11: {=_xlfn.XLOOKUP(tabPostos[[#This Row],[Fonte de Recursos]]&tabPostos[[#This Row],[Classificação]],tabLotacao[Lotacao]&tabLotacao[Tipo],tabLotacao[Codigo Lote],"0")&"."&_xlfn.XLOOKUP(tabPostos[[#This Row],[Comarca]],tabComarca[COMARCA],tabComarca[Codigo Comarca],"000")&"."&_xlfn.XLOOKUP(tabPostos[[#This Row],[Função]],tabCargos[Cargo],tabCargos[Codigo Cargo],"00")} -> 2.023.03 | B11: Alvinopolis | C11: Auxiliar de Limpeza - 75 h | D11: {=IF(tabPostos[[#This Row],[Comarca]]="","", _xlfn.LET( _xlpm.MATRIZ_COMARCA, ","&TRIM(UPPER(SUBSTITUTE(SUBSTITUTE(SUBSTITUTE(SUBSTITUTE(SUBSTITUTE(SUBSTITUTE(SUBSTITUTE(SUBSTITUTE(SUBSTITUTE(SUBSTITUTE(SUBSTITUTE(SUBSTITUTE(SUBSTITUTE(SUBSTITUTE(SUBSTITUTE(SUBSTITUTE(SUBSTITUTE(SUBSTITUTE(SUBSTITUTE(SUBSTITUTE(SUBSTITUTE(SUBSTITUTE(SUBSTITUTE(SUBSTITUTE(SUBSTITUTE(SUBSTITUTE(tabSindicatos[ABRANGÊNCIA],"á","a"),"ã","a"),"â","a"),"é","e"),"ê","e"),"í","i"),"ó","o"),"õ","o"),"ô","o"),"ú","u"),"ç","c"),"Á","a"),"Ã","a"),"Â","a"),"É","e"),"Ê","e"),"Í","i"),"Ó","o"),"Õ","o"),"Ô","o"),"Ú","u"),"Ç","c"),"/MG","")," e ",", ")," ",""),".","")))&",", _xlpm.MATRIZ_FUNCAO, ","&TRIM(UPPER(SUBSTITUTE(SUBSTITUTE(SUBSTITUTE(SUBSTITUTE(SUBSTITUTE(SUBSTITUTE(SUBSTITUTE(SUBSTITUTE(SUBSTITUTE(SUBSTITUTE(SUBSTITUTE(SUBSTITUTE(SUBSTITUTE(SUBSTITUTE(SUBSTITUTE(SUBSTITUTE(SUBSTITUTE(SUBSTITUTE(SUBSTITUTE(SUBSTITUTE(SUBSTITUTE(SUBSTITUTE(SUBSTITUTE(SUBSTITUTE(SUBSTITUTE(tabSindicatos[FUNÇÕES],"á","a"),"ã","a"),"â","a"),"é","e"),"ê","e"),"í","i"),"ó","o"),"õ","o"),"ô","o"),"ú","u"),"ç","c"),"Á","a"),"Ã","a"),"Â","a"),"É","e"),"Ê","e"),"Í","i"),"Ó","o"),"Õ","o"),"Ô","o"),"Ú","u"),"Ç","c")," e ",", ")," ",""),".","")))&",", IFERROR(_xlfn._xlws.FILTER(tabSindicatos[SINDICATOS], (ISNUMBER(SEARCH(","&TRIM(UPPER(SUBSTITUTE(tabPostos[[#This Row],[Comarca]]," ","")))&",",_xlpm.MATRIZ_COMARCA,1)))* (ISNUMBER(SEARCH(","&TRIM(SUBSTITUTE(SUBSTITUTE(SUBSTITUTE(UPPER(tabPostos[[#This Row],[Função]])," E ",", ")," ",""),".",""))&",",_xlpm.MATRIZ_FUNCAO,1))) ),"") ))} -> Regiao de Joao Monlevade | E11: Limpeza | F11: PGJ | G11: 1 | H11: 0 | I11: =544.18 -> 544.18 | J11: =VLOOKUP(tabPostos[[#This Row],[CCT DA CATEGORIA]],'RELAÇÃO SINDICATOS'!A:N,11,0) -> 45658 | K11: =VLOOKUP(tabPostos[[#This Row],[CCT DA CATEGORIA]],'RELAÇÃO SINDICATOS'!A:N,12,0) -> - | L11: =VLOOKUP(tabPostos[[#This Row],[CCT DA CATEGORIA]],'RELAÇÃO SINDICATOS'!A:N,13,0) -> - | M11: =VLOOKUP(tabPostos[[#This Row],[CCT DA CATEGORIA]],'RELAÇÃO SINDICATOS'!A:N,14,0) -> MG001172/2025
A12: {=_xlfn.XLOOKUP(tabPostos[[#This Row],[Fonte de Recursos]]&tabPostos[[#This Row],[Classificação]],tabLotacao[Lotacao]&tabLotacao[Tipo],tabLotacao[Codigo Lote],"0")&"."&_xlfn.XLOOKUP(tabPostos[[#This Row],[Comarca]],tabComarca[COMARCA],tabComarca[Codigo Comarca],"000")&"."&_xlfn.XLOOKUP(tabPostos[[#This Row],[Função]],tabCargos[Cargo],tabCargos[Codigo Cargo],"00")} -> 2.026.04 | B12: Andradas | C12: Auxiliar de Limpeza - 110 h | D12: {=IF(tabPostos[[#This Row],[Comarca]]="","", _xlfn.LET( _xlpm.MATRIZ_COMARCA, ","&TRIM(UPPER(SUBSTITUTE(SUBSTITUTE(SUBSTITUTE(SUBSTITUTE(SUBSTITUTE(SUBSTITUTE(SUBSTITUTE(SUBSTITUTE(SUBSTITUTE(SUBSTITUTE(SUBSTITUTE(SUBSTITUTE(SUBSTITUTE(SUBSTITUTE(SUBSTITUTE(SUBSTITUTE(SUBSTITUTE(SUBSTITUTE(SUBSTITUTE(SUBSTITUTE(SUBSTITUTE(SUBSTITUTE(SUBSTITUTE(SUBSTITUTE(SUBSTITUTE(SUBSTITUTE(tabSindicatos[ABRANGÊNCIA],"á","a"),"ã","a"),"â","a"),"é","e"),"ê","e"),"í","i"),"ó","o"),"õ","o"),"ô","o"),"ú","u"),"ç","c"),"Á","a"),"Ã","a"),"Â","a"),"É","e"),"Ê","e"),"Í","i"),"Ó","o"),"Õ","o"),"Ô","o"),"Ú","u"),"Ç","c"),"/MG","")," e ",", ")," ",""),".","")))&",", _xlpm.MATRIZ_FUNCAO, ","&TRIM(UPPER(SUBSTITUTE(SUBSTITUTE(SUBSTITUTE(SUBSTITUTE(SUBSTITUTE(SUBSTITUTE(SUBSTITUTE(SUBSTITUTE(SUBSTITUTE(SUBSTITUTE(SUBSTITUTE(SUBSTITUTE(SUBSTITUTE(SUBSTITUTE(SUBSTITUTE(SUBSTITUTE(SUBSTITUTE(SUBSTITUTE(SUBSTITUTE(SUBSTITUTE(SUBSTITUTE(SUBSTITUTE(SUBSTITUTE(SUBSTITUTE(SUBSTITUTE(tabSindicatos[FUNÇÕES],"á","a"),"ã","a"),"â","a"),"é","e"),"ê","e"),"í","i"),"ó","o"),"õ","o"),"ô","o"),"ú","u"),"ç","c"),"Á","a"),"Ã","a"),"Â","a"),"É","e"),"Ê","e"),"Í","i"),"Ó","o"),"Õ","o"),"Ô","o"),"Ú","u"),"Ç","c")," e ",", ")," ",""),".","")))&",", IFERROR(_xlfn._xlws.FILTER(tabSindicatos[SINDICATOS], (ISNUMBER(SEARCH(","&TRIM(UPPER(SUBSTITUTE(tabPostos[[#This Row],[Comarca]]," ","")))&",",_xlpm.MATRIZ_COMARCA,1)))* (ISNUMBER(SEARCH(","&TRIM(SUBSTITUTE(SUBSTITUTE(SUBSTITUTE(UPPER(tabPostos[[#This Row],[Função]])," E ",", ")," ",""),".",""))&",",_xlpm.MATRIZ_FUNCAO,1))) ),"") ))} -> Regiao de Sao Lourenco | E12: Limpeza | F12: PGJ | G12: 1 | H12: 0 | I12: =798.14 -> 798.14 | J12: =VLOOKUP(tabPostos[[#This Row],[CCT DA CATEGORIA]],'RELAÇÃO SINDICATOS'!A:N,11,0) -> 45658 | K12: =VLOOKUP(tabPostos[[#This Row],[CCT DA CATEGORIA]],'RELAÇÃO SINDICATOS'!A:N,12,0) -> - | L12: =VLOOKUP(tabPostos[[#This Row],[CCT DA CATEGORIA]],'RELAÇÃO SINDICATOS'!A:N,13,0) -> - | M12: =VLOOKUP(tabPostos[[#This Row],[CCT DA CATEGORIA]],'RELAÇÃO SINDICATOS'!A:N,14,0) -> MG000594/2025
A13: {=_xlfn.XLOOKUP(tabPostos[[#This Row],[Fonte de Recursos]]&tabPostos[[#This Row],[Classificação]],tabLotacao[Lotacao]&tabLotacao[Tipo],tabLotacao[Codigo Lote],"0")&"."&_xlfn.XLOOKUP(tabPostos[[#This Row],[Comarca]],tabComarca[COMARCA],tabComarca[Codigo Comarca],"000")&"."&_xlfn.XLOOKUP(tabPostos[[#This Row],[Função]],tabCargos[Cargo],tabCargos[Codigo Cargo],"00")} -> 2.028.04 | B13: Andrelandia | C13: Auxiliar de Limpeza - 110 h | D13: {=IF(tabPostos[[#This Row],[Comarca]]="","", _xlfn.LET( _xlpm.MATRIZ_COMARCA, ","&TRIM(UPPER(SUBSTITUTE(SUBSTITUTE(SUBSTITUTE(SUBSTITUTE(SUBSTITUTE(SUBSTITUTE(SUBSTITUTE(SUBSTITUTE(SUBSTITUTE(SUBSTITUTE(SUBSTITUTE(SUBSTITUTE(SUBSTITUTE(SUBSTITUTE(SUBSTITUTE(SUBSTITUTE(SUBSTITUTE(SUBSTITUTE(SUBSTITUTE(SUBSTITUTE(SUBSTITUTE(SUBSTITUTE(SUBSTITUTE(SUBSTITUTE(SUBSTITUTE(SUBSTITUTE(tabSindicatos[ABRANGÊNCIA],"á","a"),"ã","a"),"â","a"),"é","e"),"ê","e"),"í","i"),"ó","o"),"õ","o"),"ô","o"),"ú","u"),"ç","c"),"Á","a"),"Ã","a"),"Â","a"),"É","e"),"Ê","e"),"Í","i"),"Ó","o"),"Õ","o"),"Ô","o"),"Ú","u"),"Ç","c"),"/MG","")," e ",", ")," ",""),".","")))&",", _xlpm.MATRIZ_FUNCAO, ","&TRIM(UPPER(SUBSTITUTE(SUBSTITUTE(SUBSTITUTE(SUBSTITUTE(SUBSTITUTE(SUBSTITUTE(SUBSTITUTE(SUBSTITUTE(SUBSTITUTE(SUBSTITUTE(SUBSTITUTE(SUBSTITUTE(SUBSTITUTE(SUBSTITUTE(SUBSTITUTE(SUBSTITUTE(SUBSTITUTE(SUBSTITUTE(SUBSTITUTE(SUBSTITUTE(SUBSTITUTE(SUBSTITUTE(SUBSTITUTE(SUBSTITUTE(SUBSTITUTE(tabSindicatos[FUNÇÕES],"á","a"),"ã","a"),"â","a"),"é","e"),"ê","e"),"í","i"),"ó","o"),"õ","o"),"ô","o"),"ú","u"),"ç","c"),"Á","a"),"Ã","a"),"Â","a"),"É","e"),"Ê","e"),"Í","i"),"Ó","o"),"Õ","o"),"Ô","o"),"Ú","u"),"Ç","c")," e ",", ")," ",""),".","")))&",", IFERROR(_xlfn._xlws.FILTER(tabSindicatos[SINDICATOS], (ISNUMBER(SEARCH(","&TRIM(UPPER(SUBSTITUTE(tabPostos[[#This Row],[Comarca]]," ","")))&",",_xlpm.MATRIZ_COMARCA,1)))* (ISNUMBER(SEARCH(","&TRIM(SUBSTITUTE(SUBSTITUTE(SUBSTITUTE(UPPER(tabPostos[[#This Row],[Função]])," E ",", ")," ",""),".",""))&",",_xlpm.MATRIZ_FUNCAO,1))) ),"") ))} -> Regiao de Sao Lourenco | E13: Limpeza | F13: PGJ | G13: 1 | H13: 0 | I13: =798.14 -> 798.14 | J13: =VLOOKUP(tabPostos[[#This Row],[CCT DA CATEGORIA]],'RELAÇÃO SINDICATOS'!A:N,11,0) -> 45658 | K13: =VLOOKUP(tabPostos[[#This Row],[CCT DA CATEGORIA]],'RELAÇÃO SINDICATOS'!A:N,12,0) -> - | L13: =VLOOKUP(tabPostos[[#This Row],[CCT DA CATEGORIA]],'RELAÇÃO SINDICATOS'!A:N,13,0) -> - | M13: =VLOOKUP(tabPostos[[#This Row],[CCT DA CATEGORIA]],'RELAÇÃO SINDICATOS'!A:N,14,0) -> MG000594/2025
A14: {=_xlfn.XLOOKUP(tabPostos[[#This Row],[Fonte de Recursos]]&tabPostos[[#This Row],[Classificação]],tabLotacao[Lotacao]&tabLotacao[Tipo],tabLotacao[Codigo Lote],"0")&"."&_xlfn.XLOOKUP(tabPostos[[#This Row],[Comarca]],tabComarca[COMARCA],tabComarca[Codigo Comarca],"000")&"."&_xlfn.XLOOKUP(tabPostos[[#This Row],[Função]],tabCargos[Cargo],tabCargos[Codigo Cargo],"00")} -> 2.034.04 | B14: Aracuai | C14: Auxiliar de Limpeza - 110 h | D14: {=IF(tabPostos[[#This Row],[Comarca]]="","", _xlfn.LET( _xlpm.MATRIZ_COMARCA, ","&TRIM(UPPER(SUBSTITUTE(SUBSTITUTE(SUBSTITUTE(SUBSTITUTE(SUBSTITUTE(SUBSTITUTE(SUBSTITUTE(SUBSTITUTE(SUBSTITUTE(SUBSTITUTE(SUBSTITUTE(SUBSTITUTE(SUBSTITUTE(SUBSTITUTE(SUBSTITUTE(SUBSTITUTE(SUBSTITUTE(SUBSTITUTE(SUBSTITUTE(SUBSTITUTE(SUBSTITUTE(SUBSTITUTE(SUBSTITUTE(SUBSTITUTE(SUBSTITUTE(SUBSTITUTE(tabSindicatos[ABRANGÊNCIA],"á","a"),"ã","a"),"â","a"),"é","e"),"ê","e"),"í","i"),"ó","o"),"õ","o"),"ô","o"),"ú","u"),"ç","c"),"Á","a"),"Ã","a"),"Â","a"),"É","e"),"Ê","e"),"Í","i"),"Ó","o"),"Õ","o"),"Ô","o"),"Ú","u"),"Ç","c"),"/MG","")," e ",", ")," ",""),".","")))&",", _xlpm.MATRIZ_FUNCAO, ","&TRIM(UPPER(SUBSTITUTE(SUBSTITUTE(SUBSTITUTE(SUBSTITUTE(SUBSTITUTE(SUBSTITUTE(SUBSTITUTE(SUBSTITUTE(SUBSTITUTE(SUBSTITUTE(SUBSTITUTE(SUBSTITUTE(SUBSTITUTE(SUBSTITUTE(SUBSTITUTE(SUBSTITUTE(SUBSTITUTE(SUBSTITUTE(SUBSTITUTE(SUBSTITUTE(SUBSTITUTE(SUBSTITUTE(SUBSTITUTE(SUBSTITUTE(SUBSTITUTE(tabSindicatos[FUNÇÕES],"á","a"),"ã","a"),"â","a"),"é","e"),"ê","e"),"í","i"),"ó","o"),"õ","o"),"ô","o"),"ú","u"),"ç","c"),"Á","a"),"Ã","a"),"Â","a"),"É","e"),"Ê","e"),"Í","i"),"Ó","o"),"Õ","o"),"Ô","o"),"Ú","u"),"Ç","c")," e ",", ")," ",""),".","")))&",", IFERROR(_xlfn._xlws.FILTER(tabSindicatos[SINDICATOS], (ISNUMBER(SEARCH(","&TRIM(UPPER(SUBSTITUTE(tabPostos[[#This Row],[Comarca]]," ","")))&",",_xlpm.MATRIZ_COMARCA,1)))* (ISNUMBER(SEARCH(","&TRIM(SUBSTITUTE(SUBSTITUTE(SUBSTITUTE(UPPER(tabPostos[[#This Row],[Função]])," E ",", ")," ",""),".",""))&",",_xlpm.MATRIZ_FUNCAO,1))) ),"") ))} -> Fethemg Interior | E14: Limpeza | F14: PGJ | G14: 1 | H14: 0 | I14: =798.14 -> 798.14 | J14: =VLOOKUP(tabPostos[[#This Row],[CCT DA CATEGORIA]],'RELAÇÃO SINDICATOS'!A:N,11,0) -> 45658 | K14: =VLOOKUP(tabPostos[[#This Row],[CCT DA CATEGORIA]],'RELAÇÃO SINDICATOS'!A:N,12,0) -> - | L14: =VLOOKUP(tabPostos[[#This Row],[CCT DA CATEGORIA]],'RELAÇÃO SINDICATOS'!A:N,13,0) -> - | M14: =VLOOKUP(tabPostos[[#This Row],[CCT DA CATEGORIA]],'RELAÇÃO SINDICATOS'!A:N,14,0) -> MG004482/2024
A15: {=_xlfn.XLOOKUP(tabPostos[[#This Row],[Fonte de Recursos]]&tabPostos[[#This Row],[Classificação]],tabLotacao[Lotacao]&tabLotacao[Tipo],tabLotacao[Codigo Lote],"0")&"."&_xlfn.XLOOKUP(tabPostos[[#This Row],[Comarca]],tabComarca[COMARCA],tabComarca[Codigo Comarca],"000")&"."&_xlfn.XLOOKUP(tabPostos[[#This Row],[Função]],tabCargos[Cargo],tabCargos[Codigo Cargo],"00")} -> 2.035.06 | B15: Araguari | C15: Auxiliar de Limpeza - 220 h | D15: {=IF(tabPostos[[#This Row],[Comarca]]="","", _xlfn.LET( _xlpm.MATRIZ_COMARCA, ","&TRIM(UPPER(SUBSTITUTE(SUBSTITUTE(SUBSTITUTE(SUBSTITUTE(SUBSTITUTE(SUBSTITUTE(SUBSTITUTE(SUBSTITUTE(SUBSTITUTE(SUBSTITUTE(SUBSTITUTE(SUBSTITUTE(SUBSTITUTE(SUBSTITUTE(SUBSTITUTE(SUBSTITUTE(SUBSTITUTE(SUBSTITUTE(SUBSTITUTE(SUBSTITUTE(SUBSTITUTE(SUBSTITUTE(SUBSTITUTE(SUBSTITUTE(SUBSTITUTE(SUBSTITUTE(tabSindicatos[ABRANGÊNCIA],"á","a"),"ã","a"),"â","a"),"é","e"),"ê","e"),"í","i"),"ó","o"),"õ","o"),"ô","o"),"ú","u"),"ç","c"),"Á","a"),"Ã","a"),"Â","a"),"É","e"),"Ê","e"),"Í","i"),"Ó","o"),"Õ","o"),"Ô","o"),"Ú","u"),"Ç","c"),"/MG","")," e ",", ")," ",""),".","")))&",", _xlpm.MATRIZ_FUNCAO, ","&TRIM(UPPER(SUBSTITUTE(SUBSTITUTE(SUBSTITUTE(SUBSTITUTE(SUBSTITUTE(SUBSTITUTE(SUBSTITUTE(SUBSTITUTE(SUBSTITUTE(SUBSTITUTE(SUBSTITUTE(SUBSTITUTE(SUBSTITUTE(SUBSTITUTE(SUBSTITUTE(SUBSTITUTE(SUBSTITUTE(SUBSTITUTE(SUBSTITUTE(SUBSTITUTE(SUBSTITUTE(SUBSTITUTE(SUBSTITUTE(SUBSTITUTE(SUBSTITUTE(tabSindicatos[FUNÇÕES],"á","a"),"ã","a"),"â","a"),"é","e"),"ê","e"),"í","i"),"ó","o"),"õ","o"),"ô","o"),"ú","u"),"ç","c"),"Á","a"),"Ã","a"),"Â","a"),"É","e"),"Ê","e"),"Í","i"),"Ó","o"),"Õ","o"),"Ô","o"),"Ú","u"),"Ç","c")," e ",", ")," ",""),".","")))&",", IFERROR(_xlfn._xlws.FILTER(tabSindicatos[SINDICATOS], (ISNUMBER(SEARCH(","&TRIM(UPPER(SUBSTITUTE(tabPostos[[#This Row],[Comarca]]," ","")))&",",_xlpm.MATRIZ_COMARCA,1)))* (ISNUMBER(SEARCH(","&TRIM(SUBSTITUTE(SUBSTITUTE(SUBSTITUTE(UPPER(tabPostos[[#This Row],[Função]])," E ",", ")," ",""),".",""))&",",_xlpm.MATRIZ_FUNCAO,1))) ),"") ))} -> Alto Paranaiba | E15: Limpeza | F15: PGJ | G15: 2 | H15: 0 | I15: =1596.28 -> 1596.28 | J15: =VLOOKUP(tabPostos[[#This Row],[CCT DA CATEGORIA]],'RELAÇÃO SINDICATOS'!A:N,11,0) -> 45658 | K15: =VLOOKUP(tabPostos[[#This Row],[CCT DA CATEGORIA]],'RELAÇÃO SINDICATOS'!A:N,12,0) -> - | L15: =VLOOKUP(tabPostos[[#This Row],[CCT DA CATEGORIA]],'RELAÇÃO SINDICATOS'!A:N,13,0) -> - | M15: =VLOOKUP(tabPostos[[#This Row],[CCT DA CATEGORIA]],'RELAÇÃO SINDICATOS'!A:N,14,0) -> MG001106/2025
A16: {=_xlfn.XLOOKUP(tabPostos[[#This Row],[Fonte de Recursos]]&tabPostos[[#This Row],[Classificação]],tabLotacao[Lotacao]&tabLotacao[Tipo],tabLotacao[Codigo Lote],"0")&"."&_xlfn.XLOOKUP(tabPostos[[#This Row],[Comarca]],tabComarca[COMARCA],tabComarca[Codigo Comarca],"000")&"."&_xlfn.XLOOKUP(tabPostos[[#This Row],[Função]],tabCargos[Cargo],tabCargos[Codigo Cargo],"00")} -> 2.040.06 | B16: Araxa | C16: Auxiliar de Limpeza - 220 h | D16: {=IF(tabPostos[[#This Row],[Comarca]]="","", _xlfn.LET( _xlpm.MATRIZ_COMARCA, ","&TRIM(UPPER(SUBSTITUTE(SUBSTITUTE(SUBSTITUTE(SUBSTITUTE(SUBSTITUTE(SUBSTITUTE(SUBSTITUTE(SUBSTITUTE(SUBSTITUTE(SUBSTITUTE(SUBSTITUTE(SUBSTITUTE(SUBSTITUTE(SUBSTITUTE(SUBSTITUTE(SUBSTITUTE(SUBSTITUTE(SUBSTITUTE(SUBSTITUTE(SUBSTITUTE(SUBSTITUTE(SUBSTITUTE(SUBSTITUTE(SUBSTITUTE(SUBSTITUTE(SUBSTITUTE(tabSindicatos[ABRANGÊNCIA],"á","a"),"ã","a"),"â","a"),"é","e"),"ê","e"),"í","i"),"ó","o"),"õ","o"),"ô","o"),"ú","u"),"ç","c"),"Á","a"),"Ã","a"),"Â","a"),"É","e"),"Ê","e"),"Í","i"),"Ó","o"),"Õ","o"),"Ô","o"),"Ú","u"),"Ç","c"),"/MG","")," e ",", ")," ",""),".","")))&",", _xlpm.MATRIZ_FUNCAO, ","&TRIM(UPPER(SUBSTITUTE(SUBSTITUTE(SUBSTITUTE(SUBSTITUTE(SUBSTITUTE(SUBSTITUTE(SUBSTITUTE(SUBSTITUTE(SUBSTITUTE(SUBSTITUTE(SUBSTITUTE(SUBSTITUTE(SUBSTITUTE(SUBSTITUTE(SUBSTITUTE(SUBSTITUTE(SUBSTITUTE(SUBSTITUTE(SUBSTITUTE(SUBSTITUTE(SUBSTITUTE(SUBSTITUTE(SUBSTITUTE(SUBSTITUTE(SUBSTITUTE(tabSindicatos[FUNÇÕES],"á","a"),"ã","a"),"â","a"),"é","e"),"ê","e"),"í","i"),"ó","o"),"õ","o"),"ô","o"),"ú","u"),"ç","c"),"Á","a"),"Ã","a"),"Â","a"),"É","e"),"Ê","e"),"Í","i"),"Ó","o"),"Õ","o"),"Ô","o"),"Ú","u"),"Ç","c")," e ",", ")," ",""),".","")))&",", IFERROR(_xlfn._xlws.FILTER(tabSindicatos[SINDICATOS], (ISNUMBER(SEARCH(","&TRIM(UPPER(SUBSTITUTE(tabPostos[[#This Row],[Comarca]]," ","")))&",",_xlpm.MATRIZ_COMARCA,1)))* (ISNUMBER(SEARCH(","&TRIM(SUBSTITUTE(SUBSTITUTE(SUBSTITUTE(UPPER(tabPostos[[#This Row],[Função]])," E ",", ")," ",""),".",""))&",",_xlpm.MATRIZ_FUNCAO,1))) ),"") ))} -> Araxa | E16: Limpeza | F16: PGJ | G16: 2 | H16: 0 | I16: =1649.12 -> 1649.12 | J16: =VLOOKUP(tabPostos[[#This Row],[CCT DA CATEGORIA]],'RELAÇÃO SINDICATOS'!A:N,11,0) -> 45658 | K16: =VLOOKUP(tabPostos[[#This Row],[CCT DA CATEGORIA]],'RELAÇÃO SINDICATOS'!A:N,12,0) -> - | L16: =VLOOKUP(tabPostos[[#This Row],[CCT DA CATEGORIA]],'RELAÇÃO SINDICATOS'!A:N,13,0) -> - | M16: =VLOOKUP(tabPostos[[#This Row],[CCT DA CATEGORIA]],'RELAÇÃO SINDICATOS'!A:N,14,0) -> MG000344/2025
A17: {=_xlfn.XLOOKUP(tabPostos[[#This Row],[Fonte de Recursos]]&tabPostos[[#This Row],[Classificação]],tabLotacao[Lotacao]&tabLotacao[Tipo],tabLotacao[Codigo Lote],"0")&"."&_xlfn.XLOOKUP(tabPostos[[#This Row],[Comarca]],tabComarca[COMARCA],tabComarca[Codigo Comarca],"000")&"."&_xlfn.XLOOKUP(tabPostos[[#This Row],[Função]],tabCargos[Cargo],tabCargos[Codigo Cargo],"00")} -> 2.042.03 | B17: Arcos | C17: Auxiliar de Limpeza - 75 h | D17: {=IF(tabPostos[[#This Row],[Comarca]]="","", _xlfn.LET( _xlpm.MATRIZ_COMARCA, ","&TRIM(UPPER(SUBSTITUTE(SUBSTITUTE(SUBSTITUTE(SUBSTITUTE(SUBSTITUTE(SUBSTITUTE(SUBSTITUTE(SUBSTITUTE(SUBSTITUTE(SUBSTITUTE(SUBSTITUTE(SUBSTITUTE(SUBSTITUTE(SUBSTITUTE(SUBSTITUTE(SUBSTITUTE(SUBSTITUTE(SUBSTITUTE(SUBSTITUTE(SUBSTITUTE(SUBSTITUTE(SUBSTITUTE(SUBSTITUTE(SUBSTITUTE(SUBSTITUTE(SUBSTITUTE(tabSindicatos[ABRANGÊNCIA],"á","a"),"ã","a"),"â","a"),"é","e"),"ê","e"),"í","i"),"ó","o"),"õ","o"),"ô","o"),"ú","u"),"ç","c"),"Á","a"),"Ã","a"),"Â","a"),"É","e"),"Ê","e"),"Í","i"),"Ó","o"),"Õ","o"),"Ô","o"),"Ú","u"),"Ç","c"),"/MG","")," e ",", ")," ",""),".","")))&",", _xlpm.MATRIZ_FUNCAO, ","&TRIM(UPPER(SUBSTITUTE(SUBSTITUTE(SUBSTITUTE(SUBSTITUTE(SUBSTITUTE(SUBSTITUTE(SUBSTITUTE(SUBSTITUTE(SUBSTITUTE(SUBSTITUTE(SUBSTITUTE(SUBSTITUTE(SUBSTITUTE(SUBSTITUTE(SUBSTITUTE(SUBSTITUTE(SUBSTITUTE(SUBSTITUTE(SUBSTITUTE(SUBSTITUTE(SUBSTITUTE(SUBSTITUTE(SUBSTITUTE(SUBSTITUTE(SUBSTITUTE(tabSindicatos[FUNÇÕES],"á","a"),"ã","a"),"â","a"),"é","e"),"ê","e"),"í","i"),"ó","o"),"õ","o"),"ô","o"),"ú","u"),"ç","c"),"Á","a"),"Ã","a"),"Â","a"),"É","e"),"Ê","e"),"Í","i"),"Ó","o"),"Õ","o"),"Ô","o"),"Ú","u"),"Ç","c")," e ",", ")," ",""),".","")))&",", IFERROR(_xlfn._xlws.FILTER(tabSindicatos[SINDICATOS], (ISNUMBER(SEARCH(","&TRIM(UPPER(SUBSTITUTE(tabPostos[[#This Row],[Comarca]]," ","")))&",",_xlpm.MATRIZ_COMARCA,1)))* (ISNUMBER(SEARCH(","&TRIM(SUBSTITUTE(SUBSTITUTE(SUBSTITUTE(UPPER(tabPostos[[#This Row],[Função]])," E ",", ")," ",""),".",""))&",",_xlpm.MATRIZ_FUNCAO,1))) ),"") ))} -> Regiao de Divinopolis | E17: Limpeza | F17: PGJ | G17: 1 | H17: 0 | I17: =544.18 -> 544.18 | J17: =VLOOKUP(tabPostos[[#This Row],[CCT DA CATEGORIA]],'RELAÇÃO SINDICATOS'!A:N,11,0) -> 45658 | K17: =VLOOKUP(tabPostos[[#This Row],[CCT DA CATEGORIA]],'RELAÇÃO SINDICATOS'!A:N,12,0) -> - | L17: =VLOOKUP(tabPostos[[#This Row],[CCT DA CATEGORIA]],'RELAÇÃO SINDICATOS'!A:N,13,0) -> - | M17: =VLOOKUP(tabPostos[[#This Row],[CCT DA CATEGORIA]],'RELAÇÃO SINDICATOS'!A:N,14,0) -> MG001011/2025
A18: {=_xlfn.XLOOKUP(tabPostos[[#This Row],[Fonte de Recursos]]&tabPostos[[#This Row],[Classificação]],tabLotacao[Lotacao]&tabLotacao[Tipo],tabLotacao[Codigo Lote],"0")&"."&_xlfn.XLOOKUP(tabPostos[[#This Row],[Comarca]],tabComarca[COMARCA],tabComarca[Codigo Comarca],"000")&"."&_xlfn.XLOOKUP(tabPostos[[#This Row],[Função]],tabCargos[Cargo],tabCargos[Codigo Cargo],"00")} -> 2.043.04 | B18: Areado | C18: Auxiliar de Limpeza - 110 h | D18: {=IF(tabPostos[[#This Row],[Comarca]]="","", _xlfn.LET( _xlpm.MATRIZ_COMARCA, ","&TRIM(UPPER(SUBSTITUTE(SUBSTITUTE(SUBSTITUTE(SUBSTITUTE(SUBSTITUTE(SUBSTITUTE(SUBSTITUTE(SUBSTITUTE(SUBSTITUTE(SUBSTITUTE(SUBSTITUTE(SUBSTITUTE(SUBSTITUTE(SUBSTITUTE(SUBSTITUTE(SUBSTITUTE(SUBSTITUTE(SUBSTITUTE(SUBSTITUTE(SUBSTITUTE(SUBSTITUTE(SUBSTITUTE(SUBSTITUTE(SUBSTITUTE(SUBSTITUTE(SUBSTITUTE(tabSindicatos[ABRANGÊNCIA],"á","a"),"ã","a"),"â","a"),"é","e"),"ê","e"),"í","i"),"ó","o"),"õ","o"),"ô","o"),"ú","u"),"ç","c"),"Á","a"),"Ã","a"),"Â","a"),"É","e"),"Ê","e"),"Í","i"),"Ó","o"),"Õ","o"),"Ô","o"),"Ú","u"),"Ç","c"),"/MG","")," e ",", ")," ",""),".","")))&",", _xlpm.MATRIZ_FUNCAO, ","&TRIM(UPPER(SUBSTITUTE(SUBSTITUTE(SUBSTITUTE(SUBSTITUTE(SUBSTITUTE(SUBSTITUTE(SUBSTITUTE(SUBSTITUTE(SUBSTITUTE(SUBSTITUTE(SUBSTITUTE(SUBSTITUTE(SUBSTITUTE(SUBSTITUTE(SUBSTITUTE(SUBSTITUTE(SUBSTITUTE(SUBSTITUTE(SUBSTITUTE(SUBSTITUTE(SUBSTITUTE(SUBSTITUTE(SUBSTITUTE(SUBSTITUTE(SUBSTITUTE(tabSindicatos[FUNÇÕES],"á","a"),"ã","a"),"â","a"),"é","e"),"ê","e"),"í","i"),"ó","o"),"õ","o"),"ô","o"),"ú","u"),"ç","c"),"Á","a"),"Ã","a"),"Â","a"),"É","e"),"Ê","e"),"Í","i"),"Ó","o"),"Õ","o"),"Ô","o"),"Ú","u"),"Ç","c")," e ",", ")," ",""),".","")))&",", IFERROR(_xlfn._xlws.FILTER(tabSindicatos[SINDICATOS], (ISNUMBER(SEARCH(","&TRIM(UPPER(SUBSTITUTE(tabPostos[[#This Row],[Comarca]]," ","")))&",",_xlpm.MATRIZ_COMARCA,1)))* (ISNUMBER(SEARCH(","&TRIM(SUBSTITUTE(SUBSTITUTE(SUBSTITUTE(UPPER(tabPostos[[#This Row],[Função]])," E ",", ")," ",""),".",""))&",",_xlpm.MATRIZ_FUNCAO,1))) ),"") ))} -> Regiao de Sao Lourenco | E18: Limpeza | F18: PGJ | G18: 1 | H18: 0 | I18: =798.14 -> 798.14 | J18: =VLOOKUP(tabPostos[[#This Row],[CCT DA CATEGORIA]],'RELAÇÃO SINDICATOS'!A:N,11,0) -> 45658 | K18: =VLOOKUP(tabPostos[[#This Row],[CCT DA CATEGORIA]],'RELAÇÃO SINDICATOS'!A:N,12,0) -> - | L18: =VLOOKUP(tabPostos[[#This Row],[CCT DA CATEGORIA]],'RELAÇÃO SINDICATOS'!A:N,13,0) -> - | M18: =VLOOKUP(tabPostos[[#This Row],[CCT DA CATEGORIA]],'RELAÇÃO SINDICATOS'!A:N,14,0) -> MG000594/2025
A19: {=_xlfn.XLOOKUP(tabPostos[[#This Row],[Fonte de Recursos]]&tabPostos[[#This Row],[Classificação]],tabLotacao[Lotacao]&tabLotacao[Tipo],tabLotacao[Codigo Lote],"0")&"."&_xlfn.XLOOKUP(tabPostos[[#This Row],[Comarca]],tabComarca[COMARCA],tabComarca[Codigo Comarca],"000")&"."&_xlfn.XLOOKUP(tabPostos[[#This Row],[Função]],tabCargos[Cargo],tabCargos[Codigo Cargo],"00")} -> 2.778.03 | B19: Arinos | C19: Auxiliar de Limpeza - 75 h | D19: {=IF(tabPostos[[#This Row],[Comarca]]="","", _xlfn.LET( _xlpm.MATRIZ_COMARCA, ","&TRIM(UPPER(SUBSTITUTE(SUBSTITUTE(SUBSTITUTE(SUBSTITUTE(SUBSTITUTE(SUBSTITUTE(SUBSTITUTE(SUBSTITUTE(SUBSTITUTE(SUBSTITUTE(SUBSTITUTE(SUBSTITUTE(SUBSTITUTE(SUBSTITUTE(SUBSTITUTE(SUBSTITUTE(SUBSTITUTE(SUBSTITUTE(SUBSTITUTE(SUBSTITUTE(SUBSTITUTE(SUBSTITUTE(SUBSTITUTE(SUBSTITUTE(SUBSTITUTE(SUBSTITUTE(tabSindicatos[ABRANGÊNCIA],"á","a"),"ã","a"),"â","a"),"é","e"),"ê","e"),"í","i"),"ó","o"),"õ","o"),"ô","o"),"ú","u"),"ç","c"),"Á","a"),"Ã","a"),"Â","a"),"É","e"),"Ê","e"),"Í","i"),"Ó","o"),"Õ","o"),"Ô","o"),"Ú","u"),"Ç","c"),"/MG","")," e ",", ")," ",""),".","")))&",", _xlpm.MATRIZ_FUNCAO, ","&TRIM(UPPER(SUBSTITUTE(SUBSTITUTE(SUBSTITUTE(SUBSTITUTE(SUBSTITUTE(SUBSTITUTE(SUBSTITUTE(SUBSTITUTE(SUBSTITUTE(SUBSTITUTE(SUBSTITUTE(SUBSTITUTE(SUBSTITUTE(SUBSTITUTE(SUBSTITUTE(SUBSTITUTE(SUBSTITUTE(SUBSTITUTE(SUBSTITUTE(SUBSTITUTE(SUBSTITUTE(SUBSTITUTE(SUBSTITUTE(SUBSTITUTE(SUBSTITUTE(tabSindicatos[FUNÇÕES],"á","a"),"ã","a"),"â","a"),"é","e"),"ê","e"),"í","i"),"ó","o"),"õ","o"),"ô","o"),"ú","u"),"ç","c"),"Á","a"),"Ã","a"),"Â","a"),"É","e"),"Ê","e"),"Í","i"),"Ó","o"),"Õ","o"),"Ô","o"),"Ú","u"),"Ç","c")," e ",", ")," ",""),".","")))&",", IFERROR(_xlfn._xlws.FILTER(tabSindicatos[SINDICATOS], (ISNUMBER(SEARCH(","&TRIM(UPPER(SUBSTITUTE(tabPostos[[#This Row],[Comarca]]," ","")))&",",_xlpm.MATRIZ_COMARCA,1)))* (ISNUMBER(SEARCH(","&TRIM(SUBSTITUTE(SUBSTITUTE(SUBSTITUTE(UPPER(tabPostos[[#This Row],[Função]])," E ",", ")," ",""),".",""))&",",_xlpm.MATRIZ_FUNCAO,1))) ),"") ))} -> Fethemg Interior | E19: Limpeza | F19: PGJ | G19: 1 | H19: 0 | I19: =544.18 -> 544.18 | J19: =VLOOKUP(tabPostos[[#This Row],[CCT DA CATEGORIA]],'RELAÇÃO SINDICATOS'!A:N,11,0) -> 45658 | K19: =VLOOKUP(tabPostos[[#This Row],[CCT DA CATEGORIA]],'RELAÇÃO SINDICATOS'!A:N,12,0) -> - | L19: =VLOOKUP(tabPostos[[#This Row],[CCT DA CATEGORIA]],'RELAÇÃO SINDICATOS'!A:N,13,0) -> - | M19: =VLOOKUP(tabPostos[[#This Row],[CCT DA CATEGORIA]],'RELAÇÃO SINDICATOS'!A:N,14,0) -> MG004482/2024
A20: {=_xlfn.XLOOKUP(tabPostos[[#This Row],[Fonte de Recursos]]&tabPostos[[#This Row],[Classificação]],tabLotacao[Lotacao]&tabLotacao[Tipo],tabLotacao[Codigo Lote],"0")&"."&_xlfn.XLOOKUP(tabPostos[[#This Row],[Comarca]],tabComarca[COMARCA],tabComarca[Codigo Comarca],"000")&"."&_xlfn.XLOOKUP(tabPostos[[#This Row],[Função]],tabCargos[Cargo],tabCargos[Codigo Cargo],"00")} -> 2.049.03 | B20: Baependi | C20: Auxiliar de Limpeza - 75 h | D20: {=IF(tabPostos[[#This Row],[Comarca]]="","", _xlfn.LET( _xlpm.MATRIZ_COMARCA, ","&TRIM(UPPER(SUBSTITUTE(SUBSTITUTE(SUBSTITUTE(SUBSTITUTE(SUBSTITUTE(SUBSTITUTE(SUBSTITUTE(SUBSTITUTE(SUBSTITUTE(SUBSTITUTE(SUBSTITUTE(SUBSTITUTE(SUBSTITUTE(SUBSTITUTE(SUBSTITUTE(SUBSTITUTE(SUBSTITUTE(SUBSTITUTE(SUBSTITUTE(SUBSTITUTE(SUBSTITUTE(SUBSTITUTE(SUBSTITUTE(SUBSTITUTE(SUBSTITUTE(SUBSTITUTE(tabSindicatos[ABRANGÊNCIA],"á","a"),"ã","a"),"â","a"),"é","e"),"ê","e"),"í","i"),"ó","o"),"õ","o"),"ô","o"),"ú","u"),"ç","c"),"Á","a"),"Ã","a"),"Â","a"),"É","e"),"Ê","e"),"Í","i"),"Ó","o"),"Õ","o"),"Ô","o"),"Ú","u"),"Ç","c"),"/MG","")," e ",", ")," ",""),".","")))&",", _xlpm.MATRIZ_FUNCAO, ","&TRIM(UPPER(SUBSTITUTE(SUBSTITUTE(SUBSTITUTE(SUBSTITUTE(SUBSTITUTE(SUBSTITUTE(SUBSTITUTE(SUBSTITUTE(SUBSTITUTE(SUBSTITUTE(SUBSTITUTE(SUBSTITUTE(SUBSTITUTE(SUBSTITUTE(SUBSTITUTE(SUBSTITUTE(SUBSTITUTE(SUBSTITUTE(SUBSTITUTE(SUBSTITUTE(SUBSTITUTE(SUBSTITUTE(SUBSTITUTE(SUBSTITUTE(SUBSTITUTE(tabSindicatos[FUNÇÕES],"á","a"),"ã","a"),"â","a"),"é","e"),"ê","e"),"í","i"),"ó","o"),"õ","o"),"ô","o"),"ú","u"),"ç","c"),"Á","a"),"Ã","a"),"Â","a"),"É","e"),"Ê","e"),"Í","i"),"Ó","o"),"Õ","o"),"Ô","o"),"Ú","u"),"Ç","c")," e ",", ")," ",""),".","")))&",", IFERROR(_xlfn._xlws.FILTER(tabSindicatos[SINDICATOS], (ISNUMBER(SEARCH(","&TRIM(UPPER(SUBSTITUTE(tabPostos[[#This Row],[Comarca]]," ","")))&",",_xlpm.MATRIZ_COMARCA,1)))* (ISNUMBER(SEARCH(","&TRIM(SUBSTITUTE(SUBSTITUTE(SUBSTITUTE(UPPER(tabPostos[[#This Row],[Função]])," E ",", ")," ",""),".",""))&",",_xlpm.MATRIZ_FUNCAO,1))) ),"") ))} -> Regiao de Sao Lourenco | E20: Limpeza | F20: PGJ | G20: 1 | H20: 0 | I20: =544.18 -> 544.18 | J20: =VLOOKUP(tabPostos[[#This Row],[CCT DA CATEGORIA]],'RELAÇÃO SINDICATOS'!A:N,11,0) -> 45658 | K20: =VLOOKUP(tabPostos[[#This Row],[CCT DA CATEGORIA]],'RELAÇÃO SINDICATOS'!A:N,12,0) -> - | L20: =VLOOKUP(tabPostos[[#This Row],[CCT DA CATEGORIA]],'RELAÇÃO SINDICATOS'!A:N,13,0) -> - | M20: =VLOOKUP(tabPostos[[#This Row],[CCT DA CATEGORIA]],'RELAÇÃO SINDICATOS'!A:N,14,0) -> MG000594/2025
A21: {=_xlfn.XLOOKUP(tabPostos[[#This Row],[Fonte de Recursos]]&tabPostos[[#This Row],[Classificação]],tabLotacao[Lotacao]&tabLotacao[Tipo],tabLotacao[Codigo Lote],"0")&"."&_xlfn.XLOOKUP(tabPostos[[#This Row],[Comarca]],tabComarca[COMARCA],tabComarca[Codigo Comarca],"000")&"."&_xlfn.XLOOKUP(tabPostos[[#This Row],[Função]],tabCargos[Cargo],tabCargos[Codigo Cargo],"00")} -> 2.054.04 | B21: Barao de Cocais | C21: Auxiliar de Limpeza - 110 h | D21: {=IF(tabPostos[[#This Row],[Comarca]]="","", _xlfn.LET( _xlpm.MATRIZ_COMARCA, ","&TRIM(UPPER(SUBSTITUTE(SUBSTITUTE(SUBSTITUTE(SUBSTITUTE(SUBSTITUTE(SUBSTITUTE(SUBSTITUTE(SUBSTITUTE(SUBSTITUTE(SUBSTITUTE(SUBSTITUTE(SUBSTITUTE(SUBSTITUTE(SUBSTITUTE(SUBSTITUTE(SUBSTITUTE(SUBSTITUTE(SUBSTITUTE(SUBSTITUTE(SUBSTITUTE(SUBSTITUTE(SUBSTITUTE(SUBSTITUTE(SUBSTITUTE(SUBSTITUTE(SUBSTITUTE(tabSindicatos[ABRANGÊNCIA],"á","a"),"ã","a"),"â","a"),"é","e"),"ê","e"),"í","i"),"ó","o"),"õ","o"),"ô","o"),"ú","u"),"ç","c"),"Á","a"),"Ã","a"),"Â","a"),"É","e"),"Ê","e"),"Í","i"),"Ó","o"),"Õ","o"),"Ô","o"),"Ú","u"),"Ç","c"),"/MG","")," e ",", ")," ",""),".","")))&",", _xlpm.MATRIZ_FUNCAO, ","&TRIM(UPPER(SUBSTITUTE(SUBSTITUTE(SUBSTITUTE(SUBSTITUTE(SUBSTITUTE(SUBSTITUTE(SUBSTITUTE(SUBSTITUTE(SUBSTITUTE(SUBSTITUTE(SUBSTITUTE(SUBSTITUTE(SUBSTITUTE(SUBSTITUTE(SUBSTITUTE(SUBSTITUTE(SUBSTITUTE(SUBSTITUTE(SUBSTITUTE(SUBSTITUTE(SUBSTITUTE(SUBSTITUTE(SUBSTITUTE(SUBSTITUTE(SUBSTITUTE(tabSindicatos[FUNÇÕES],"á","a"),"ã","a"),"â","a"),"é","e"),"ê","e"),"í","i"),"ó","o"),"õ","o"),"ô","o"),"ú","u"),"ç","c"),"Á","a"),"Ã","a"),"Â","a"),"É","e"),"Ê","e"),"Í","i"),"Ó","o"),"Õ","o"),"Ô","o"),"Ú","u"),"Ç","c")," e ",", ")," ",""),".","")))&",", IFERROR(_xlfn._xlws.FILTER(tabSindicatos[SINDICATOS], (ISNUMBER(SEARCH(","&TRIM(UPPER(SUBSTITUTE(tabPostos[[#This Row],[Comarca]]," ","")))&",",_xlpm.MATRIZ_COMARCA,1)))* (ISNUMBER(SEARCH(","&TRIM(SUBSTITUTE(SUBSTITUTE(SUBSTITUTE(UPPER(tabPostos[[#This Row],[Função]])," E ",", ")," ",""),".",""))&",",_xlpm.MATRIZ_FUNCAO,1))) ),"") ))} -> Regiao de Joao Monlevade | E21: Limpeza | F21: PGJ | G21: 1 | H21: 0 | I21: =798.14 -> 798.14 | J21: =VLOOKUP(tabPostos[[#This Row],[CCT DA CATEGORIA]],'RELAÇÃO SINDICATOS'!A:N,11,0) -> 45658 | K21: =VLOOKUP(tabPostos[[#This Row],[CCT DA CATEGORIA]],'RELAÇÃO SINDICATOS'!A:N,12,0) -> - | L21: =VLOOKUP(tabPostos[[#This Row],[CCT DA CATEGORIA]],'RELAÇÃO SINDICATOS'!A:N,13,0) -> - | M21: =VLOOKUP(tabPostos[[#This Row],[CCT DA CATEGORIA]],'RELAÇÃO SINDICATOS'!A:N,14,0) -> MG001172/2025
A22: {=_xlfn.XLOOKUP(tabPostos[[#This Row],[Fonte de Recursos]]&tabPostos[[#This Row],[Classificação]],tabLotacao[Lotacao]&tabLotacao[Tipo],tabLotacao[Codigo Lote],"0")&"."&_xlfn.XLOOKUP(tabPostos[[#This Row],[Comarca]],tabComarca[COMARCA],tabComarca[Codigo Comarca],"000")&"."&_xlfn.XLOOKUP(tabPostos[[#This Row],[Função]],tabCargos[Cargo],tabCargos[Codigo Cargo],"00")} -> 2.056.06 | B22: Barbacena | C22: Auxiliar de Limpeza - 220 h | D22: {=IF(tabPostos[[#This Row],[Comarca]]="","", _xlfn.LET( _xlpm.MATRIZ_COMARCA, ","&TRIM(UPPER(SUBSTITUTE(SUBSTITUTE(SUBSTITUTE(SUBSTITUTE(SUBSTITUTE(SUBSTITUTE(SUBSTITUTE(SUBSTITUTE(SUBSTITUTE(SUBSTITUTE(SUBSTITUTE(SUBSTITUTE(SUBSTITUTE(SUBSTITUTE(SUBSTITUTE(SUBSTITUTE(SUBSTITUTE(SUBSTITUTE(SUBSTITUTE(SUBSTITUTE(SUBSTITUTE(SUBSTITUTE(SUBSTITUTE(SUBSTITUTE(SUBSTITUTE(SUBSTITUTE(tabSindicatos[ABRANGÊNCIA],"á","a"),"ã","a"),"â","a"),"é","e"),"ê","e"),"í","i"),"ó","o"),"õ","o"),"ô","o"),"ú","u"),"ç","c"),"Á","a"),"Ã","a"),"Â","a"),"É","e"),"Ê","e"),"Í","i"),"Ó","o"),"Õ","o"),"Ô","o"),"Ú","u"),"Ç","c"),"/MG","")," e ",", ")," ",""),".","")))&",", _xlpm.MATRIZ_FUNCAO, ","&TRIM(UPPER(SUBSTITUTE(SUBSTITUTE(SUBSTITUTE(SUBSTITUTE(SUBSTITUTE(SUBSTITUTE(SUBSTITUTE(SUBSTITUTE(SUBSTITUTE(SUBSTITUTE(SUBSTITUTE(SUBSTITUTE(SUBSTITUTE(SUBSTITUTE(SUBSTITUTE(SUBSTITUTE(SUBSTITUTE(SUBSTITUTE(SUBSTITUTE(SUBSTITUTE(SUBSTITUTE(SUBSTITUTE(SUBSTITUTE(SUBSTITUTE(SUBSTITUTE(tabSindicatos[FUNÇÕES],"á","a"),"ã","a"),"â","a"),"é","e"),"ê","e"),"í","i"),"ó","o"),"õ","o"),"ô","o"),"ú","u"),"ç","c"),"Á","a"),"Ã","a"),"Â","a"),"É","e"),"Ê","e"),"Í","i"),"Ó","o"),"Õ","o"),"Ô","o"),"Ú","u"),"Ç","c")," e ",", ")," ",""),".","")))&",", IFERROR(_xlfn._xlws.FILTER(tabSindicatos[SINDICATOS], (ISNUMBER(SEARCH(","&TRIM(UPPER(SUBSTITUTE(tabPostos[[#This Row],[Comarca]]," ","")))&",",_xlpm.MATRIZ_COMARCA,1)))* (ISNUMBER(SEARCH(","&TRIM(SUBSTITUTE(SUBSTITUTE(SUBSTITUTE(UPPER(tabPostos[[#This Row],[Função]])," E ",", ")," ",""),".",""))&",",_xlpm.MATRIZ_FUNCAO,1))) ),"") ))} -> Regiao de Juiz de Fora | E22: Limpeza | F22: PGJ | G22: 2 | H22: 0 | I22: =1596.28 -> 1596.28 | J22: =VLOOKUP(tabPostos[[#This Row],[CCT DA CATEGORIA]],'RELAÇÃO SINDICATOS'!A:N,11,0) -> 45658 | K22: =VLOOKUP(tabPostos[[#This Row],[CCT DA CATEGORIA]],'RELAÇÃO SINDICATOS'!A:N,12,0) -> - | L22: =VLOOKUP(tabPostos[[#This Row],[CCT DA CATEGORIA]],'RELAÇÃO SINDICATOS'!A:N,13,0) -> - | M22: =VLOOKUP(tabPostos[[#This Row],[CCT DA CATEGORIA]],'RELAÇÃO SINDICATOS'!A:N,14,0) -> MG000506/2025
A23: {=_xlfn.XLOOKUP(tabPostos[[#This Row],[Fonte de Recursos]]&tabPostos[[#This Row],[Classificação]],tabLotacao[Lotacao]&tabLotacao[Tipo],tabLotacao[Codigo Lote],"0")&"."&_xlfn.XLOOKUP(tabPostos[[#This Row],[Comarca]],tabComarca[COMARCA],tabComarca[Codigo Comarca],"000")&"."&_xlfn.XLOOKUP(tabPostos[[#This Row],[Função]],tabCargos[Cargo],tabCargos[Codigo Cargo],"00")} -> 2.024.01 | B23: Belo Horizonte | C23: Auxiliar de Limpeza - 12 x 36 - Diurno | D23: {=IF(tabPostos[[#This Row],[Comarca]]="","", _xlfn.LET( _xlpm.MATRIZ_COMARCA, ","&TRIM(UPPER(SUBSTITUTE(SUBSTITUTE(SUBSTITUTE(SUBSTITUTE(SUBSTITUTE(SUBSTITUTE(SUBSTITUTE(SUBSTITUTE(SUBSTITUTE(SUBSTITUTE(SUBSTITUTE(SUBSTITUTE(SUBSTITUTE(SUBSTITUTE(SUBSTITUTE(SUBSTITUTE(SUBSTITUTE(SUBSTITUTE(SUBSTITUTE(SUBSTITUTE(SUBSTITUTE(SUBSTITUTE(SUBSTITUTE(SUBSTITUTE(SUBSTITUTE(SUBSTITUTE(tabSindicatos[ABRANGÊNCIA],"á","a"),"ã","a"),"â","a"),"é","e"),"ê","e"),"í","i"),"ó","o"),"õ","o"),"ô","o"),"ú","u"),"ç","c"),"Á","a"),"Ã","a"),"Â","a"),"É","e"),"Ê","e"),"Í","i"),"Ó","o"),"Õ","o"),"Ô","o"),"Ú","u"),"Ç","c"),"/MG","")," e ",", ")," ",""),".","")))&",", _xlpm.MATRIZ_FUNCAO, ","&TRIM(UPPER(SUBSTITUTE(SUBSTITUTE(SUBSTITUTE(SUBSTITUTE(SUBSTITUTE(SUBSTITUTE(SUBSTITUTE(SUBSTITUTE(SUBSTITUTE(SUBSTITUTE(SUBSTITUTE(SUBSTITUTE(SUBSTITUTE(SUBSTITUTE(SUBSTITUTE(SUBSTITUTE(SUBSTITUTE(SUBSTITUTE(SUBSTITUTE(SUBSTITUTE(SUBSTITUTE(SUBSTITUTE(SUBSTITUTE(SUBSTITUTE(SUBSTITUTE(tabSindicatos[FUNÇÕES],"á","a"),"ã","a"),"â","a"),"é","e"),"ê","e"),"í","i"),"ó","o"),"õ","o"),"ô","o"),"ú","u"),"ç","c"),"Á","a"),"Ã","a"),"Â","a"),"É","e"),"Ê","e"),"Í","i"),"Ó","o"),"Õ","o"),"Ô","o"),"Ú","u"),"Ç","c")," e ",", ")," ",""),".","")))&",", IFERROR(_xlfn._xlws.FILTER(tabSindicatos[SINDICATOS], (ISNUMBER(SEARCH(","&TRIM(UPPER(SUBSTITUTE(tabPostos[[#This Row],[Comarca]]," ","")))&",",_xlpm.MATRIZ_COMARCA,1)))* (ISNUMBER(SEARCH(","&TRIM(SUBSTITUTE(SUBSTITUTE(SUBSTITUTE(UPPER(tabPostos[[#This Row],[Função]])," E ",", ")," ",""),".",""))&",",_xlpm.MATRIZ_FUNCAO,1))) ),"") ))} -> SEAC/SINDEAC | E23: Limpeza | F23: PGJ | G23: 2 | H23: 0 | I23: =1649.12 -> 1649.12 | J23: =VLOOKUP(tabPostos[[#This Row],[CCT DA CATEGORIA]],'RELAÇÃO SINDICATOS'!A:N,11,0) -> 45658 | K23: =VLOOKUP(tabPostos[[#This Row],[CCT DA CATEGORIA]],'RELAÇÃO SINDICATOS'!A:N,12,0) -> - | L23: =VLOOKUP(tabPostos[[#This Row],[CCT DA CATEGORIA]],'RELAÇÃO SINDICATOS'!A:N,13,0) -> - | M23: =VLOOKUP(tabPostos[[#This Row],[CCT DA CATEGORIA]],'RELAÇÃO SINDICATOS'!A:N,14,0) -> MG004474/2024
A24: {=_xlfn.XLOOKUP(tabPostos[[#This Row],[Fonte de Recursos]]&tabPostos[[#This Row],[Classificação]],tabLotacao[Lotacao]&tabLotacao[Tipo],tabLotacao[Codigo Lote],"0")&"."&_xlfn.XLOOKUP(tabPostos[[#This Row],[Comarca]],tabComarca[COMARCA],tabComarca[Codigo Comarca],"000")&"."&_xlfn.XLOOKUP(tabPostos[[#This Row],[Função]],tabCargos[Cargo],tabCargos[Codigo Cargo],"00")} -> 2.024.02 | B24: Belo Horizonte | C24: Auxiliar de Limpeza - 12 x 36 - Noturno | D24: {=IF(tabPostos[[#This Row],[Comarca]]="","", _xlfn.LET( _xlpm.MATRIZ_COMARCA, ","&TRIM(UPPER(SUBSTITUTE(SUBSTITUTE(SUBSTITUTE(SUBSTITUTE(SUBSTITUTE(SUBSTITUTE(SUBSTITUTE(SUBSTITUTE(SUBSTITUTE(SUBSTITUTE(SUBSTITUTE(SUBSTITUTE(SUBSTITUTE(SUBSTITUTE(SUBSTITUTE(SUBSTITUTE(SUBSTITUTE(SUBSTITUTE(SUBSTITUTE(SUBSTITUTE(SUBSTITUTE(SUBSTITUTE(SUBSTITUTE(SUBSTITUTE(SUBSTITUTE(SUBSTITUTE(tabSindicatos[ABRANGÊNCIA],"á","a"),"ã","a"),"â","a"),"é","e"),"ê","e"),"í","i"),"ó","o"),"õ","o"),"ô","o"),"ú","u"),"ç","c"),"Á","a"),"Ã","a"),"Â","a"),"É","e"),"Ê","e"),"Í","i"),"Ó","o"),"Õ","o"),"Ô","o"),"Ú","u"),"Ç","c"),"/MG","")," e ",", ")," ",""),".","")))&",", _xlpm.MATRIZ_FUNCAO, ","&TRIM(UPPER(SUBSTITUTE(SUBSTITUTE(SUBSTITUTE(SUBSTITUTE(SUBSTITUTE(SUBSTITUTE(SUBSTITUTE(SUBSTITUTE(SUBSTITUTE(SUBSTITUTE(SUBSTITUTE(SUBSTITUTE(SUBSTITUTE(SUBSTITUTE(SUBSTITUTE(SUBSTITUTE(SUBSTITUTE(SUBSTITUTE(SUBSTITUTE(SUBSTITUTE(SUBSTITUTE(SUBSTITUTE(SUBSTITUTE(SUBSTITUTE(SUBSTITUTE(tabSindicatos[FUNÇÕES],"á","a"),"ã","a"),"â","a"),"é","e"),"ê","e"),"í","i"),"ó","o"),"õ","o"),"ô","o"),"ú","u"),"ç","c"),"Á","a"),"Ã","a"),"Â","a"),"É","e"),"Ê","e"),"Í","i"),"Ó","o"),"Õ","o"),"Ô","o"),"Ú","u"),"Ç","c")," e ",", ")," ",""),".","")))&",", IFERROR(_xlfn._xlws.FILTER(tabSindicatos[SINDICATOS], (ISNUMBER(SEARCH(","&TRIM(UPPER(SUBSTITUTE(tabPostos[[#This Row],[Comarca]]," ","")))&",",_xlpm.MATRIZ_COMARCA,1)))* (ISNUMBER(SEARCH(","&TRIM(SUBSTITUTE(SUBSTITUTE(SUBSTITUTE(UPPER(tabPostos[[#This Row],[Função]])," E ",", ")," ",""),".",""))&",",_xlpm.MATRIZ_FUNCAO,1))) ),"") ))} -> SEAC/SINDEAC | E24: Limpeza | F24: PGJ | G24: 2 | H24: 0 | I24: =1649.12 -> 1649.12 | J24: =VLOOKUP(tabPostos[[#This Row],[CCT DA CATEGORIA]],'RELAÇÃO SINDICATOS'!A:N,11,0) -> 45658 | K24: =VLOOKUP(tabPostos[[#This Row],[CCT DA CATEGORIA]],'RELAÇÃO SINDICATOS'!A:N,12,0) -> - | L24: =VLOOKUP(tabPostos[[#This Row],[CCT DA CATEGORIA]],'RELAÇÃO SINDICATOS'!A:N,13,0) -> - | M24: =VLOOKUP(tabPostos[[#This Row],[CCT DA CATEGORIA]],'RELAÇÃO SINDICATOS'!A:N,14,0) -> MG004474/2024
A25: {=_xlfn.XLOOKUP(tabPostos[[#This Row],[Fonte de Recursos]]&tabPostos[[#This Row],[Classificação]],tabLotacao[Lotacao]&tabLotacao[Tipo],tabLotacao[Codigo Lote],"0")&"."&_xlfn.XLOOKUP(tabPostos[[#This Row],[Comarca]],tabComarca[COMARCA],tabComarca[Codigo Comarca],"000")&"."&_xlfn.XLOOKUP(tabPostos[[#This Row],[Função]],tabCargos[Cargo],tabCargos[Codigo Cargo],"00")} -> 2.024.03 | B25: Belo Horizonte | C25: Auxiliar de Limpeza - 75 h | D25: {=IF(tabPostos[[#This Row],[Comarca]]="","", _xlfn.LET( _xlpm.MATRIZ_COMARCA, ","&TRIM(UPPER(SUBSTITUTE(SUBSTITUTE(SUBSTITUTE(SUBSTITUTE(SUBSTITUTE(SUBSTITUTE(SUBSTITUTE(SUBSTITUTE(SUBSTITUTE(SUBSTITUTE(SUBSTITUTE(SUBSTITUTE(SUBSTITUTE(SUBSTITUTE(SUBSTITUTE(SUBSTITUTE(SUBSTITUTE(SUBSTITUTE(SUBSTITUTE(SUBSTITUTE(SUBSTITUTE(SUBSTITUTE(SUBSTITUTE(SUBSTITUTE(SUBSTITUTE(SUBSTITUTE(tabSindicatos[ABRANGÊNCIA],"á","a"),"ã","a"),"â","a"),"é","e"),"ê","e"),"í","i"),"ó","o"),"õ","o"),"ô","o"),"ú","u"),"ç","c"),"Á","a"),"Ã","a"),"Â","a"),"É","e"),"Ê","e"),"Í","i"),"Ó","o"),"Õ","o"),"Ô","o"),"Ú","u"),"Ç","c"),"/MG","")," e ",", ")," ",""),".","")))&",", _xlpm.MATRIZ_FUNCAO, ","&TRIM(UPPER(SUBSTITUTE(SUBSTITUTE(SUBSTITUTE(SUBSTITUTE(SUBSTITUTE(SUBSTITUTE(SUBSTITUTE(SUBSTITUTE(SUBSTITUTE(SUBSTITUTE(SUBSTITUTE(SUBSTITUTE(SUBSTITUTE(SUBSTITUTE(SUBSTITUTE(SUBSTITUTE(SUBSTITUTE(SUBSTITUTE(SUBSTITUTE(SUBSTITUTE(SUBSTITUTE(SUBSTITUTE(SUBSTITUTE(SUBSTITUTE(SUBSTITUTE(tabSindicatos[FUNÇÕES],"á","a"),"ã","a"),"â","a"),"é","e"),"ê","e"),"í","i"),"ó","o"),"õ","o"),"ô","o"),"ú","u"),"ç","c"),"Á","a"),"Ã","a"),"Â","a"),"É","e"),"Ê","e"),"Í","i"),"Ó","o"),"Õ","o"),"Ô","o"),"Ú","u"),"Ç","c")," e ",", ")," ",""),".","")))&",", IFERROR(_xlfn._xlws.FILTER(tabSindicatos[SINDICATOS], (ISNUMBER(SEARCH(","&TRIM(UPPER(SUBSTITUTE(tabPostos[[#This Row],[Comarca]]," ","")))&",",_xlpm.MATRIZ_COMARCA,1)))* (ISNUMBER(SEARCH(","&TRIM(SUBSTITUTE(SUBSTITUTE(SUBSTITUTE(UPPER(tabPostos[[#This Row],[Função]])," E ",", ")," ",""),".",""))&",",_xlpm.MATRIZ_FUNCAO,1))) ),"") ))} -> SEAC/SINDEAC | E25: Limpeza | F25: PGJ | G25: 1 | H25: 0 | I25: =562.2 -> 562.2 | J25: =VLOOKUP(tabPostos[[#This Row],[CCT DA CATEGORIA]],'RELAÇÃO SINDICATOS'!A:N,11,0) -> 45658 | K25: =VLOOKUP(tabPostos[[#This Row],[CCT DA CATEGORIA]],'RELAÇÃO SINDICATOS'!A:N,12,0) -> - | L25: =VLOOKUP(tabPostos[[#This Row],[CCT DA CATEGORIA]],'RELAÇÃO SINDICATOS'!A:N,13,0) -> - | M25: =VLOOKUP(tabPostos[[#This Row],[CCT DA CATEGORIA]],'RELAÇÃO SINDICATOS'!A:N,14,0) -> MG004474/2024
A26: {=_xlfn.XLOOKUP(tabPostos[[#This Row],[Fonte de Recursos]]&tabPostos[[#This Row],[Classificação]],tabLotacao[Lotacao]&tabLotacao[Tipo],tabLotacao[Codigo Lote],"0")&"."&_xlfn.XLOOKUP(tabPostos[[#This Row],[Comarca]],tabComarca[COMARCA],tabComarca[Codigo Comarca],"000")&"."&_xlfn.XLOOKUP(tabPostos[[#This Row],[Função]],tabCargos[Cargo],tabCargos[Codigo Cargo],"00")} -> 2.024.04 | B26: Belo Horizonte | C26: Auxiliar de Limpeza - 110 h | D26: {=IF(tabPostos[[#This Row],[Comarca]]="","", _xlfn.LET( _xlpm.MATRIZ_COMARCA, ","&TRIM(UPPER(SUBSTITUTE(SUBSTITUTE(SUBSTITUTE(SUBSTITUTE(SUBSTITUTE(SUBSTITUTE(SUBSTITUTE(SUBSTITUTE(SUBSTITUTE(SUBSTITUTE(SUBSTITUTE(SUBSTITUTE(SUBSTITUTE(SUBSTITUTE(SUBSTITUTE(SUBSTITUTE(SUBSTITUTE(SUBSTITUTE(SUBSTITUTE(SUBSTITUTE(SUBSTITUTE(SUBSTITUTE(SUBSTITUTE(SUBSTITUTE(SUBSTITUTE(SUBSTITUTE(tabSindicatos[ABRANGÊNCIA],"á","a"),"ã","a"),"â","a"),"é","e"),"ê","e"),"í","i"),"ó","o"),"õ","o"),"ô","o"),"ú","u"),"ç","c"),"Á","a"),"Ã","a"),"Â","a"),"É","e"),"Ê","e"),"Í","i"),"Ó","o"),"Õ","o"),"Ô","o"),"Ú","u"),"Ç","c"),"/MG","")," e ",", ")," ",""),".","")))&",", _xlpm.MATRIZ_FUNCAO, ","&TRIM(UPPER(SUBSTITUTE(SUBSTITUTE(SUBSTITUTE(SUBSTITUTE(SUBSTITUTE(SUBSTITUTE(SUBSTITUTE(SUBSTITUTE(SUBSTITUTE(SUBSTITUTE(SUBSTITUTE(SUBSTITUTE(SUBSTITUTE(SUBSTITUTE(SUBSTITUTE(SUBSTITUTE(SUBSTITUTE(SUBSTITUTE(SUBSTITUTE(SUBSTITUTE(SUBSTITUTE(SUBSTITUTE(SUBSTITUTE(SUBSTITUTE(SUBSTITUTE(tabSindicatos[FUNÇÕES],"á","a"),"ã","a"),"â","a"),"é","e"),"ê","e"),"í","i"),"ó","o"),"õ","o"),"ô","o"),"ú","u"),"ç","c"),"Á","a"),"Ã","a"),"Â","a"),"É","e"),"Ê","e"),"Í","i"),"Ó","o"),"Õ","o"),"Ô","o"),"Ú","u"),"Ç","c")," e ",", ")," ",""),".","")))&",", IFERROR(_xlfn._xlws.FILTER(tabSindicatos[SINDICATOS], (ISNUMBER(SEARCH(","&TRIM(UPPER(SUBSTITUTE(tabPostos[[#This Row],[Comarca]]," ","")))&",",_xlpm.MATRIZ_COMARCA,1)))* (ISNUMBER(SEARCH(","&TRIM(SUBSTITUTE(SUBSTITUTE(SUBSTITUTE(UPPER(tabPostos[[#This Row],[Função]])," E ",", ")," ",""),".",""))&",",_xlpm.MATRIZ_FUNCAO,1))) ),"") ))} -> SEAC/SINDEAC | E26: Limpeza | F26: PGJ | G26: 6 | H26: 0 | I26: =824.56 -> 824.56 | J26: =VLOOKUP(tabPostos[[#This Row],[CCT DA CATEGORIA]],'RELAÇÃO SINDICATOS'!A:N,11,0) -> 45658 | K26: =VLOOKUP(tabPostos[[#This Row],[CCT DA CATEGORIA]],'RELAÇÃO SINDICATOS'!A:N,12,0) -> - | L26: =VLOOKUP(tabPostos[[#This Row],[CCT DA CATEGORIA]],'RELAÇÃO SINDICATOS'!A:N,13,0) -> - | M26: =VLOOKUP(tabPostos[[#This Row],[CCT DA CATEGORIA]],'RELAÇÃO SINDICATOS'!A:N,14,0) -> MG004474/2024
A27: {=_xlfn.XLOOKUP(tabPostos[[#This Row],[Fonte de Recursos]]&tabPostos[[#This Row],[Classificação]],tabLotacao[Lotacao]&tabLotacao[Tipo],tabLotacao[Codigo Lote],"0")&"."&_xlfn.XLOOKUP(tabPostos[[#This Row],[Comarca]],tabComarca[COMARCA],tabComarca[Codigo Comarca],"000")&"."&_xlfn.XLOOKUP(tabPostos[[#This Row],[Função]],tabCargos[Cargo],tabCargos[Codigo Cargo],"00")} -> 2.024.05 | B27: Belo Horizonte | C27: Auxiliar de Limpeza - 150 h | D27: {=IF(tabPostos[[#This Row],[Comarca]]="","", _xlfn.LET( _xlpm.MATRIZ_COMARCA, ","&TRIM(UPPER(SUBSTITUTE(SUBSTITUTE(SUBSTITUTE(SUBSTITUTE(SUBSTITUTE(SUBSTITUTE(SUBSTITUTE(SUBSTITUTE(SUBSTITUTE(SUBSTITUTE(SUBSTITUTE(SUBSTITUTE(SUBSTITUTE(SUBSTITUTE(SUBSTITUTE(SUBSTITUTE(SUBSTITUTE(SUBSTITUTE(SUBSTITUTE(SUBSTITUTE(SUBSTITUTE(SUBSTITUTE(SUBSTITUTE(SUBSTITUTE(SUBSTITUTE(SUBSTITUTE(tabSindicatos[ABRANGÊNCIA],"á","a"),"ã","a"),"â","a"),"é","e"),"ê","e"),"í","i"),"ó","o"),"õ","o"),"ô","o"),"ú","u"),"ç","c"),"Á","a"),"Ã","a"),"Â","a"),"É","e"),"Ê","e"),"Í","i"),"Ó","o"),"Õ","o"),"Ô","o"),"Ú","u"),"Ç","c"),"/MG","")," e ",", ")," ",""),".","")))&",", _xlpm.MATRIZ_FUNCAO, ","&TRIM(UPPER(SUBSTITUTE(SUBSTITUTE(SUBSTITUTE(SUBSTITUTE(SUBSTITUTE(SUBSTITUTE(SUBSTITUTE(SUBSTITUTE(SUBSTITUTE(SUBSTITUTE(SUBSTITUTE(SUBSTITUTE(SUBSTITUTE(SUBSTITUTE(SUBSTITUTE(SUBSTITUTE(SUBSTITUTE(SUBSTITUTE(SUBSTITUTE(SUBSTITUTE(SUBSTITUTE(SUBSTITUTE(SUBSTITUTE(SUBSTITUTE(SUBSTITUTE(tabSindicatos[FUNÇÕES],"á","a"),"ã","a"),"â","a"),"é","e"),"ê","e"),"í","i"),"ó","o"),"õ","o"),"ô","o"),"ú","u"),"ç","c"),"Á","a"),"Ã","a"),"Â","a"),"É","e"),"Ê","e"),"Í","i"),"Ó","o"),"Õ","o"),"Ô","o"),"Ú","u"),"Ç","c")," e ",", ")," ",""),".","")))&",", IFERROR(_xlfn._xlws.FILTER(tabSindicatos[SINDICATOS], (ISNUMBER(SEARCH(","&TRIM(UPPER(SUBSTITUTE(tabPostos[[#This Row],[Comarca]]," ","")))&",",_xlpm.MATRIZ_COMARCA,1)))* (ISNUMBER(SEARCH(","&TRIM(SUBSTITUTE(SUBSTITUTE(SUBSTITUTE(UPPER(tabPostos[[#This Row],[Função]])," E ",", ")," ",""),".",""))&",",_xlpm.MATRIZ_FUNCAO,1))) ),"") ))} -> SEAC/SINDEAC | E27: Limpeza | F27: PGJ | G27: 2 | H27: 0 | I27: =1124.39 -> 1124.39 | J27: =VLOOKUP(tabPostos[[#This Row],[CCT DA CATEGORIA]],'RELAÇÃO SINDICATOS'!A:N,11,0) -> 45658 | K27: =VLOOKUP(tabPostos[[#This Row],[CCT DA CATEGORIA]],'RELAÇÃO SINDICATOS'!A:N,12,0) -> - | L27: =VLOOKUP(tabPostos[[#This Row],[CCT DA CATEGORIA]],'RELAÇÃO SINDICATOS'!A:N,13,0) -> - | M27: =VLOOKUP(tabPostos[[#This Row],[CCT DA CATEGORIA]],'RELAÇÃO SINDICATOS'!A:N,14,0) -> MG004474/2024
A28: {=_xlfn.XLOOKUP(tabPostos[[#This Row],[Fonte de Recursos]]&tabPostos[[#This Row],[Classificação]],tabLotacao[Lotacao]&tabLotacao[Tipo],tabLotacao[Codigo Lote],"0")&"."&_xlfn.XLOOKUP(tabPostos[[#This Row],[Comarca]],tabComarca[COMARCA],tabComarca[Codigo Comarca],"000")&"."&_xlfn.XLOOKUP(tabPostos[[#This Row],[Função]],tabCargos[Cargo],tabCargos[Codigo Cargo],"00")} -> 2.024.06 | B28: Belo Horizonte | C28: Auxiliar de Limpeza - 220 h | D28: {=IF(tabPostos[[#This Row],[Comarca]]="","", _xlfn.LET( _xlpm.MATRIZ_COMARCA, ","&TRIM(UPPER(SUBSTITUTE(SUBSTITUTE(SUBSTITUTE(SUBSTITUTE(SUBSTITUTE(SUBSTITUTE(SUBSTITUTE(SUBSTITUTE(SUBSTITUTE(SUBSTITUTE(SUBSTITUTE(SUBSTITUTE(SUBSTITUTE(SUBSTITUTE(SUBSTITUTE(SUBSTITUTE(SUBSTITUTE(SUBSTITUTE(SUBSTITUTE(SUBSTITUTE(SUBSTITUTE(SUBSTITUTE(SUBSTITUTE(SUBSTITUTE(SUBSTITUTE(SUBSTITUTE(tabSindicatos[ABRANGÊNCIA],"á","a"),"ã","a"),"â","a"),"é","e"),"ê","e"),"í","i"),"ó","o"),"õ","o"),"ô","o"),"ú","u"),"ç","c"),"Á","a"),"Ã","a"),"Â","a"),"É","e"),"Ê","e"),"Í","i"),"Ó","o"),"Õ","o"),"Ô","o"),"Ú","u"),"Ç","c"),"/MG","")," e ",", ")," ",""),".","")))&",", _xlpm.MATRIZ_FUNCAO, ","&TRIM(UPPER(SUBSTITUTE(SUBSTITUTE(SUBSTITUTE(SUBSTITUTE(SUBSTITUTE(SUBSTITUTE(SUBSTITUTE(SUBSTITUTE(SUBSTITUTE(SUBSTITUTE(SUBSTITUTE(SUBSTITUTE(SUBSTITUTE(SUBSTITUTE(SUBSTITUTE(SUBSTITUTE(SUBSTITUTE(SUBSTITUTE(SUBSTITUTE(SUBSTITUTE(SUBSTITUTE(SUBSTITUTE(SUBSTITUTE(SUBSTITUTE(SUBSTITUTE(tabSindicatos[FUNÇÕES],"á","a"),"ã","a"),"â","a"),"é","e"),"ê","e"),"í","i"),"ó","o"),"õ","o"),"ô","o"),"ú","u"),"ç","c"),"Á","a"),"Ã","a"),"Â","a"),"É","e"),"Ê","e"),"Í","i"),"Ó","o"),"Õ","o"),"Ô","o"),"Ú","u"),"Ç","c")," e ",", ")," ",""),".","")))&",", IFERROR(_xlfn._xlws.FILTER(tabSindicatos[SINDICATOS], (ISNUMBER(SEARCH(","&TRIM(UPPER(SUBSTITUTE(tabPostos[[#This Row],[Comarca]]," ","")))&",",_xlpm.MATRIZ_COMARCA,1)))* (ISNUMBER(SEARCH(","&TRIM(SUBSTITUTE(SUBSTITUTE(SUBSTITUTE(UPPER(tabPostos[[#This Row],[Função]])," E ",", ")," ",""),".",""))&",",_xlpm.MATRIZ_FUNCAO,1))) ),"") ))} -> SEAC/SINDEAC | E28: Limpeza | F28: PGJ | G28: 101 | H28: 0 | I28: =1649.12 -> 1649.12 | J28: =VLOOKUP(tabPostos[[#This Row],[CCT DA CATEGORIA]],'RELAÇÃO SINDICATOS'!A:N,11,0) -> 45658 | K28: =VLOOKUP(tabPostos[[#This Row],[CCT DA CATEGORIA]],'RELAÇÃO SINDICATOS'!A:N,12,0) -> - | L28: =VLOOKUP(tabPostos[[#This Row],[CCT DA CATEGORIA]],'RELAÇÃO SINDICATOS'!A:N,13,0) -> - | M28: =VLOOKUP(tabPostos[[#This Row],[CCT DA CATEGORIA]],'RELAÇÃO SINDICATOS'!A:N,14,0) -> MG004474/2024
A29: {=_xlfn.XLOOKUP(tabPostos[[#This Row],[Fonte de Recursos]]&tabPostos[[#This Row],[Classificação]],tabLotacao[Lotacao]&tabLotacao[Tipo],tabLotacao[Codigo Lote],"0")&"."&_xlfn.XLOOKUP(tabPostos[[#This Row],[Comarca]],tabComarca[COMARCA],tabComarca[Codigo Comarca],"000")&"."&_xlfn.XLOOKUP(tabPostos[[#This Row],[Função]],tabCargos[Cargo],tabCargos[Codigo Cargo],"00")} -> 4.024.06 | B29: Belo Horizonte | C29: Auxiliar de Limpeza - 220 h | D29: {=IF(tabPostos[[#This Row],[Comarca]]="","", _xlfn.LET( _xlpm.MATRIZ_COMARCA, ","&TRIM(UPPER(SUBSTITUTE(SUBSTITUTE(SUBSTITUTE(SUBSTITUTE(SUBSTITUTE(SUBSTITUTE(SUBSTITUTE(SUBSTITUTE(SUBSTITUTE(SUBSTITUTE(SUBSTITUTE(SUBSTITUTE(SUBSTITUTE(SUBSTITUTE(SUBSTITUTE(SUBSTITUTE(SUBSTITUTE(SUBSTITUTE(SUBSTITUTE(SUBSTITUTE(SUBSTITUTE(SUBSTITUTE(SUBSTITUTE(SUBSTITUTE(SUBSTITUTE(SUBSTITUTE(tabSindicatos[ABRANGÊNCIA],"á","a"),"ã","a"),"â","a"),"é","e"),"ê","e"),"í","i"),"ó","o"),"õ","o"),"ô","o"),"ú","u"),"ç","c"),"Á","a"),"Ã","a"),"Â","a"),"É","e"),"Ê","e"),"Í","i"),"Ó","o"),"Õ","o"),"Ô","o"),"Ú","u"),"Ç","c"),"/MG","")," e ",", ")," ",""),".","")))&",", _xlpm.MATRIZ_FUNCAO, ","&TRIM(UPPER(SUBSTITUTE(SUBSTITUTE(SUBSTITUTE(SUBSTITUTE(SUBSTITUTE(SUBSTITUTE(SUBSTITUTE(SUBSTITUTE(SUBSTITUTE(SUBSTITUTE(SUBSTITUTE(SUBSTITUTE(SUBSTITUTE(SUBSTITUTE(SUBSTITUTE(SUBSTITUTE(SUBSTITUTE(SUBSTITUTE(SUBSTITUTE(SUBSTITUTE(SUBSTITUTE(SUBSTITUTE(SUBSTITUTE(SUBSTITUTE(SUBSTITUTE(tabSindicatos[FUNÇÕES],"á","a"),"ã","a"),"â","a"),"é","e"),"ê","e"),"í","i"),"ó","o"),"õ","o"),"ô","o"),"ú","u"),"ç","c"),"Á","a"),"Ã","a"),"Â","a"),"É","e"),"Ê","e"),"Í","i"),"Ó","o"),"Õ","o"),"Ô","o"),"Ú","u"),"Ç","c")," e ",", ")," ",""),".","")))&",", IFERROR(_xlfn._xlws.FILTER(tabSindicatos[SINDICATOS], (ISNUMBER(SEARCH(","&TRIM(UPPER(SUBSTITUTE(tabPostos[[#This Row],[Comarca]]," ","")))&",",_xlpm.MATRIZ_COMARCA,1)))* (ISNUMBER(SEARCH(","&TRIM(SUBSTITUTE(SUBSTITUTE(SUBSTITUTE(UPPER(tabPostos[[#This Row],[Função]])," E ",", ")," ",""),".",""))&",",_xlpm.MATRIZ_FUNCAO,1))) ),"") ))} -> SEAC/SINDEAC | E29: Limpeza | F29: FEPDC | G29: 2 | H29: 0 | I29: =1649.12 -> 1649.12 | J29: =VLOOKUP(tabPostos[[#This Row],[CCT DA CATEGORIA]],'RELAÇÃO SINDICATOS'!A:N,11,0) -> 45658 | K29: =VLOOKUP(tabPostos[[#This Row],[CCT DA CATEGORIA]],'RELAÇÃO SINDICATOS'!A:N,12,0) -> - | L29: =VLOOKUP(tabPostos[[#This Row],[CCT DA CATEGORIA]],'RELAÇÃO SINDICATOS'!A:N,13,0) -> - | M29: =VLOOKUP(tabPostos[[#This Row],[CCT DA CATEGORIA]],'RELAÇÃO SINDICATOS'!A:N,14,0) -> MG004474/2024
A30: {=_xlfn.XLOOKUP(tabPostos[[#This Row],[Fonte de Recursos]]&tabPostos[[#This Row],[Classificação]],tabLotacao[Lotacao]&tabLotacao[Tipo],tabLotacao[Codigo Lote],"0")&"."&_xlfn.XLOOKUP(tabPostos[[#This Row],[Comarca]],tabComarca[COMARCA],tabComarca[Codigo Comarca],"000")&"."&_xlfn.XLOOKUP(tabPostos[[#This Row],[Função]],tabCargos[Cargo],tabCargos[Codigo Cargo],"00")} -> 2.024.07 | B30: Belo Horizonte | C30: Limpador de vidros - 220 h | D30: {=IF(tabPostos[[#This Row],[Comarca]]="","", _xlfn.LET( _xlpm.MATRIZ_COMARCA, ","&TRIM(UPPER(SUBSTITUTE(SUBSTITUTE(SUBSTITUTE(SUBSTITUTE(SUBSTITUTE(SUBSTITUTE(SUBSTITUTE(SUBSTITUTE(SUBSTITUTE(SUBSTITUTE(SUBSTITUTE(SUBSTITUTE(SUBSTITUTE(SUBSTITUTE(SUBSTITUTE(SUBSTITUTE(SUBSTITUTE(SUBSTITUTE(SUBSTITUTE(SUBSTITUTE(SUBSTITUTE(SUBSTITUTE(SUBSTITUTE(SUBSTITUTE(SUBSTITUTE(SUBSTITUTE(tabSindicatos[ABRANGÊNCIA],"á","a"),"ã","a"),"â","a"),"é","e"),"ê","e"),"í","i"),"ó","o"),"õ","o"),"ô","o"),"ú","u"),"ç","c"),"Á","a"),"Ã","a"),"Â","a"),"É","e"),"Ê","e"),"Í","i"),"Ó","o"),"Õ","o"),"Ô","o"),"Ú","u"),"Ç","c"),"/MG","")," e ",", ")," ",""),".","")))&",", _xlpm.MATRIZ_FUNCAO, ","&TRIM(UPPER(SUBSTITUTE(SUBSTITUTE(SUBSTITUTE(SUBSTITUTE(SUBSTITUTE(SUBSTITUTE(SUBSTITUTE(SUBSTITUTE(SUBSTITUTE(SUBSTITUTE(SUBSTITUTE(SUBSTITUTE(SUBSTITUTE(SUBSTITUTE(SUBSTITUTE(SUBSTITUTE(SUBSTITUTE(SUBSTITUTE(SUBSTITUTE(SUBSTITUTE(SUBSTITUTE(SUBSTITUTE(SUBSTITUTE(SUBSTITUTE(SUBSTITUTE(tabSindicatos[FUNÇÕES],"á","a"),"ã","a"),"â","a"),"é","e"),"ê","e"),"í","i"),"ó","o"),"õ","o"),"ô","o"),"ú","u"),"ç","c"),"Á","a"),"Ã","a"),"Â","a"),"É","e"),"Ê","e"),"Í","i"),"Ó","o"),"Õ","o"),"Ô","o"),"Ú","u"),"Ç","c")," e ",", ")," ",""),".","")))&",", IFERROR(_xlfn._xlws.FILTER(tabSindicatos[SINDICATOS], (ISNUMBER(SEARCH(","&TRIM(UPPER(SUBSTITUTE(tabPostos[[#This Row],[Comarca]]," ","")))&",",_xlpm.MATRIZ_COMARCA,1)))* (ISNUMBER(SEARCH(","&TRIM(SUBSTITUTE(SUBSTITUTE(SUBSTITUTE(UPPER(tabPostos[[#This Row],[Função]])," E ",", ")," ",""),".",""))&",",_xlpm.MATRIZ_FUNCAO,1))) ),"") ))} -> SEAC/SINDEAC | E30: Limpeza | F30: PGJ | G30: 4 | H30: 0 | I30: =1805.94 -> 1805.94 | J30: =VLOOKUP(tabPostos[[#This Row],[CCT DA CATEGORIA]],'RELAÇÃO SINDICATOS'!A:N,11,0) -> 45658 | K30: =VLOOKUP(tabPostos[[#This Row],[CCT DA CATEGORIA]],'RELAÇÃO SINDICATOS'!A:N,12,0) -> - | L30: =VLOOKUP(tabPostos[[#This Row],[CCT DA CATEGORIA]],'RELAÇÃO SINDICATOS'!A:N,13,0) -> - | M30: =VLOOKUP(tabPostos[[#This Row],[CCT DA CATEGORIA]],'RELAÇÃO SINDICATOS'!A:N,14,0) -> MG004474/2024
A31: {=_xlfn.XLOOKUP(tabPostos[[#This Row],[Fonte de Recursos]]&tabPostos[[#This Row],[Classificação]],tabLotacao[Lotacao]&tabLotacao[Tipo],tabLotacao[Codigo Lote],"0")&"."&_xlfn.XLOOKUP(tabPostos[[#This Row],[Comarca]],tabComarca[COMARCA],tabComarca[Codigo Comarca],"000")&"."&_xlfn.XLOOKUP(tabPostos[[#This Row],[Função]],tabCargos[Cargo],tabCargos[Codigo Cargo],"00")} -> 2.027.04 | B31: Betim | C31: Auxiliar de Limpeza - 110 h | D31: {=IF(tabPostos[[#This Row],[Comarca]]="","", _xlfn.LET( _xlpm.MATRIZ_COMARCA, ","&TRIM(UPPER(SUBSTITUTE(SUBSTITUTE(SUBSTITUTE(SUBSTITUTE(SUBSTITUTE(SUBSTITUTE(SUBSTITUTE(SUBSTITUTE(SUBSTITUTE(SUBSTITUTE(SUBSTITUTE(SUBSTITUTE(SUBSTITUTE(SUBSTITUTE(SUBSTITUTE(SUBSTITUTE(SUBSTITUTE(SUBSTITUTE(SUBSTITUTE(SUBSTITUTE(SUBSTITUTE(SUBSTITUTE(SUBSTITUTE(SUBSTITUTE(SUBSTITUTE(SUBSTITUTE(tabSindicatos[ABRANGÊNCIA],"á","a"),"ã","a"),"â","a"),"é","e"),"ê","e"),"í","i"),"ó","o"),"õ","o"),"ô","o"),"ú","u"),"ç","c"),"Á","a"),"Ã","a"),"Â","a"),"É","e"),"Ê","e"),"Í","i"),"Ó","o"),"Õ","o"),"Ô","o"),"Ú","u"),"Ç","c"),"/MG","")," e ",", ")," ",""),".","")))&",", _xlpm.MATRIZ_FUNCAO, ","&TRIM(UPPER(SUBSTITUTE(SUBSTITUTE(SUBSTITUTE(SUBSTITUTE(SUBSTITUTE(SUBSTITUTE(SUBSTITUTE(SUBSTITUTE(SUBSTITUTE(SUBSTITUTE(SUBSTITUTE(SUBSTITUTE(SUBSTITUTE(SUBSTITUTE(SUBSTITUTE(SUBSTITUTE(SUBSTITUTE(SUBSTITUTE(SUBSTITUTE(SUBSTITUTE(SUBSTITUTE(SUBSTITUTE(SUBSTITUTE(SUBSTITUTE(SUBSTITUTE(tabSindicatos[FUNÇÕES],"á","a"),"ã","a"),"â","a"),"é","e"),"ê","e"),"í","i"),"ó","o"),"õ","o"),"ô","o"),"ú","u"),"ç","c"),"Á","a"),"Ã","a"),"Â","a"),"É","e"),"Ê","e"),"Í","i"),"Ó","o"),"Õ","o"),"Ô","o"),"Ú","u"),"Ç","c")," e ",", ")," ",""),".","")))&",", IFERROR(_xlfn._xlws.FILTER(tabSindicatos[SINDICATOS], (ISNUMBER(SEARCH(","&TRIM(UPPER(SUBSTITUTE(tabPostos[[#This Row],[Comarca]]," ","")))&",",_xlpm.MATRIZ_COMARCA,1)))* (ISNUMBER(SEARCH(","&TRIM(SUBSTITUTE(SUBSTITUTE(SUBSTITUTE(UPPER(tabPostos[[#This Row],[Função]])," E ",", ")," ",""),".",""))&",",_xlpm.MATRIZ_FUNCAO,1))) ),"") ))} -> Sind - Asseio | E31: Limpeza | F31: PGJ | G31: 1 | H31: 0 | I31: =824.56 -> 824.56 | J31: =VLOOKUP(tabPostos[[#This Row],[CCT DA CATEGORIA]],'RELAÇÃO SINDICATOS'!A:N,11,0) -> 45658 | K31: =VLOOKUP(tabPostos[[#This Row],[CCT DA CATEGORIA]],'RELAÇÃO SINDICATOS'!A:N,12,0) -> - | L31: =VLOOKUP(tabPostos[[#This Row],[CCT DA CATEGORIA]],'RELAÇÃO SINDICATOS'!A:N,13,0) -> - | M31: =VLOOKUP(tabPostos[[#This Row],[CCT DA CATEGORIA]],'RELAÇÃO SINDICATOS'!A:N,14,0) -> MG000016/2025
A32: {=_xlfn.XLOOKUP(tabPostos[[#This Row],[Fonte de Recursos]]&tabPostos[[#This Row],[Classificação]],tabLotacao[Lotacao]&tabLotacao[Tipo],tabLotacao[Codigo Lote],"0")&"."&_xlfn.XLOOKUP(tabPostos[[#This Row],[Comarca]],tabComarca[COMARCA],tabComarca[Codigo Comarca],"000")&"."&_xlfn.XLOOKUP(tabPostos[[#This Row],[Função]],tabCargos[Cargo],tabCargos[Codigo Cargo],"00")} -> 2.027.06 | B32: Betim | C32: Auxiliar de Limpeza - 220 h | D32: {=IF(tabPostos[[#This Row],[Comarca]]="","", _xlfn.LET( _xlpm.MATRIZ_COMARCA, ","&TRIM(UPPER(SUBSTITUTE(SUBSTITUTE(SUBSTITUTE(SUBSTITUTE(SUBSTITUTE(SUBSTITUTE(SUBSTITUTE(SUBSTITUTE(SUBSTITUTE(SUBSTITUTE(SUBSTITUTE(SUBSTITUTE(SUBSTITUTE(SUBSTITUTE(SUBSTITUTE(SUBSTITUTE(SUBSTITUTE(SUBSTITUTE(SUBSTITUTE(SUBSTITUTE(SUBSTITUTE(SUBSTITUTE(SUBSTITUTE(SUBSTITUTE(SUBSTITUTE(SUBSTITUTE(tabSindicatos[ABRANGÊNCIA],"á","a"),"ã","a"),"â","a"),"é","e"),"ê","e"),"í","i"),"ó","o"),"õ","o"),"ô","o"),"ú","u"),"ç","c"),"Á","a"),"Ã","a"),"Â","a"),"É","e"),"Ê","e"),"Í","i"),"Ó","o"),"Õ","o"),"Ô","o"),"Ú","u"),"Ç","c"),"/MG","")," e ",", ")," ",""),".","")))&",", _xlpm.MATRIZ_FUNCAO, ","&TRIM(UPPER(SUBSTITUTE(SUBSTITUTE(SUBSTITUTE(SUBSTITUTE(SUBSTITUTE(SUBSTITUTE(SUBSTITUTE(SUBSTITUTE(SUBSTITUTE(SUBSTITUTE(SUBSTITUTE(SUBSTITUTE(SUBSTITUTE(SUBSTITUTE(SUBSTITUTE(SUBSTITUTE(SUBSTITUTE(SUBSTITUTE(SUBSTITUTE(SUBSTITUTE(SUBSTITUTE(SUBSTITUTE(SUBSTITUTE(SUBSTITUTE(SUBSTITUTE(tabSindicatos[FUNÇÕES],"á","a"),"ã","a"),"â","a"),"é","e"),"ê","e"),"í","i"),"ó","o"),"õ","o"),"ô","o"),"ú","u"),"ç","c"),"Á","a"),"Ã","a"),"Â","a"),"É","e"),"Ê","e"),"Í","i"),"Ó","o"),"Õ","o"),"Ô","o"),"Ú","u"),"Ç","c")," e ",", ")," ",""),".","")))&",", IFERROR(_xlfn._xlws.FILTER(tabSindicatos[SINDICATOS], (ISNUMBER(SEARCH(","&TRIM(UPPER(SUBSTITUTE(tabPostos[[#This Row],[Comarca]]," ","")))&",",_xlpm.MATRIZ_COMARCA,1)))* (ISNUMBER(SEARCH(","&TRIM(SUBSTITUTE(SUBSTITUTE(SUBSTITUTE(UPPER(tabPostos[[#This Row],[Função]])," E ",", ")," ",""),".",""))&",",_xlpm.MATRIZ_FUNCAO,1))) ),"") ))} -> Sind - Asseio | E32: Limpeza | F32: PGJ | G32: 3 | H32: 0 | I32: =1649.12 -> 1649.12 | J32: =VLOOKUP(tabPostos[[#This Row],[CCT DA CATEGORIA]],'RELAÇÃO SINDICATOS'!A:N,11,0) -> 45658 | K32: =VLOOKUP(tabPostos[[#This Row],[CCT DA CATEGORIA]],'RELAÇÃO SINDICATOS'!A:N,12,0) -> - | L32: =VLOOKUP(tabPostos[[#This Row],[CCT DA CATEGORIA]],'RELAÇÃO SINDICATOS'!A:N,13,0) -> - | M32: =VLOOKUP(tabPostos[[#This Row],[CCT DA CATEGORIA]],'RELAÇÃO SINDICATOS'!A:N,14,0) -> MG000016/2025
A33: {=_xlfn.XLOOKUP(tabPostos[[#This Row],[Fonte de Recursos]]&tabPostos[[#This Row],[Classificação]],tabLotacao[Lotacao]&tabLotacao[Tipo],tabLotacao[Codigo Lote],"0")&"."&_xlfn.XLOOKUP(tabPostos[[#This Row],[Comarca]],tabComarca[COMARCA],tabComarca[Codigo Comarca],"000")&"."&_xlfn.XLOOKUP(tabPostos[[#This Row],[Função]],tabCargos[Cargo],tabCargos[Codigo Cargo],"00")} -> 2.069.03 | B33: Bicas | C33: Auxiliar de Limpeza - 75 h | D33: {=IF(tabPostos[[#This Row],[Comarca]]="","", _xlfn.LET( _xlpm.MATRIZ_COMARCA, ","&TRIM(UPPER(SUBSTITUTE(SUBSTITUTE(SUBSTITUTE(SUBSTITUTE(SUBSTITUTE(SUBSTITUTE(SUBSTITUTE(SUBSTITUTE(SUBSTITUTE(SUBSTITUTE(SUBSTITUTE(SUBSTITUTE(SUBSTITUTE(SUBSTITUTE(SUBSTITUTE(SUBSTITUTE(SUBSTITUTE(SUBSTITUTE(SUBSTITUTE(SUBSTITUTE(SUBSTITUTE(SUBSTITUTE(SUBSTITUTE(SUBSTITUTE(SUBSTITUTE(SUBSTITUTE(tabSindicatos[ABRANGÊNCIA],"á","a"),"ã","a"),"â","a"),"é","e"),"ê","e"),"í","i"),"ó","o"),"õ","o"),"ô","o"),"ú","u"),"ç","c"),"Á","a"),"Ã","a"),"Â","a"),"É","e"),"Ê","e"),"Í","i"),"Ó","o"),"Õ","o"),"Ô","o"),"Ú","u"),"Ç","c"),"/MG","")," e ",", ")," ",""),".","")))&",", _xlpm.MATRIZ_FUNCAO, ","&TRIM(UPPER(SUBSTITUTE(SUBSTITUTE(SUBSTITUTE(SUBSTITUTE(SUBSTITUTE(SUBSTITUTE(SUBSTITUTE(SUBSTITUTE(SUBSTITUTE(SUBSTITUTE(SUBSTITUTE(SUBSTITUTE(SUBSTITUTE(SUBSTITUTE(SUBSTITUTE(SUBSTITUTE(SUBSTITUTE(SUBSTITUTE(SUBSTITUTE(SUBSTITUTE(SUBSTITUTE(SUBSTITUTE(SUBSTITUTE(SUBSTITUTE(SUBSTITUTE(tabSindicatos[FUNÇÕES],"á","a"),"ã","a"),"â","a"),"é","e"),"ê","e"),"í","i"),"ó","o"),"õ","o"),"ô","o"),"ú","u"),"ç","c"),"Á","a"),"Ã","a"),"Â","a"),"É","e"),"Ê","e"),"Í","i"),"Ó","o"),"Õ","o"),"Ô","o"),"Ú","u"),"Ç","c")," e ",", ")," ",""),".","")))&",", IFERROR(_xlfn._xlws.FILTER(tabSindicatos[SINDICATOS], (ISNUMBER(SEARCH(","&TRIM(UPPER(SUBSTITUTE(tabPostos[[#This Row],[Comarca]]," ","")))&",",_xlpm.MATRIZ_COMARCA,1)))* (ISNUMBER(SEARCH(","&TRIM(SUBSTITUTE(SUBSTITUTE(SUBSTITUTE(UPPER(tabPostos[[#This Row],[Função]])," E ",", ")," ",""),".",""))&",",_xlpm.MATRIZ_FUNCAO,1))) ),"") ))} -> Regiao de Juiz de Fora | E33: Limpeza | F33: PGJ | G33: 1 | H33: 0 | I33: =544.18 -> 544.18 | J33: =VLOOKUP(tabPostos[[#This Row],[CCT DA CATEGORIA]],'RELAÇÃO SINDICATOS'!A:N,11,0) -> 45658 | K33: =VLOOKUP(tabPostos[[#This Row],[CCT DA CATEGORIA]],'RELAÇÃO SINDICATOS'!A:N,12,0) -> - | L33: =VLOOKUP(tabPostos[[#This Row],[CCT DA CATEGORIA]],'RELAÇÃO SINDICATOS'!A:N,13,0) -> - | M33: =VLOOKUP(tabPostos[[#This Row],[CCT DA CATEGORIA]],'RELAÇÃO SINDICATOS'!A:N,14,0) -> MG000506/2025
A34: {=_xlfn.XLOOKUP(tabPostos[[#This Row],[Fonte de Recursos]]&tabPostos[[#This Row],[Classificação]],tabLotacao[Lotacao]&tabLotacao[Tipo],tabLotacao[Codigo Lote],"0")&"."&_xlfn.XLOOKUP(tabPostos[[#This Row],[Comarca]],tabComarca[COMARCA],tabComarca[Codigo Comarca],"000")&"."&_xlfn.XLOOKUP(tabPostos[[#This Row],[Função]],tabCargos[Cargo],tabCargos[Codigo Cargo],"00")} -> 2.071.04 | B34: Boa Esperanca | C34: Auxiliar de Limpeza - 110 h | D34: {=IF(tabPostos[[#This Row],[Comarca]]="","", _xlfn.LET( _xlpm.MATRIZ_COMARCA, ","&TRIM(UPPER(SUBSTITUTE(SUBSTITUTE(SUBSTITUTE(SUBSTITUTE(SUBSTITUTE(SUBSTITUTE(SUBSTITUTE(SUBSTITUTE(SUBSTITUTE(SUBSTITUTE(SUBSTITUTE(SUBSTITUTE(SUBSTITUTE(SUBSTITUTE(SUBSTITUTE(SUBSTITUTE(SUBSTITUTE(SUBSTITUTE(SUBSTITUTE(SUBSTITUTE(SUBSTITUTE(SUBSTITUTE(SUBSTITUTE(SUBSTITUTE(SUBSTITUTE(SUBSTITUTE(tabSindicatos[ABRANGÊNCIA],"á","a"),"ã","a"),"â","a"),"é","e"),"ê","e"),"í","i"),"ó","o"),"õ","o"),"ô","o"),"ú","u"),"ç","c"),"Á","a"),"Ã","a"),"Â","a"),"É","e"),"Ê","e"),"Í","i"),"Ó","o"),"Õ","o"),"Ô","o"),"Ú","u"),"Ç","c"),"/MG","")," e ",", ")," ",""),".","")))&",", _xlpm.MATRIZ_FUNCAO, ","&TRIM(UPPER(SUBSTITUTE(SUBSTITUTE(SUBSTITUTE(SUBSTITUTE(SUBSTITUTE(SUBSTITUTE(SUBSTITUTE(SUBSTITUTE(SUBSTITUTE(SUBSTITUTE(SUBSTITUTE(SUBSTITUTE(SUBSTITUTE(SUBSTITUTE(SUBSTITUTE(SUBSTITUTE(SUBSTITUTE(SUBSTITUTE(SUBSTITUTE(SUBSTITUTE(SUBSTITUTE(SUBSTITUTE(SUBSTITUTE(SUBSTITUTE(SUBSTITUTE(tabSindicatos[FUNÇÕES],"á","a"),"ã","a"),"â","a"),"é","e"),"ê","e"),"í","i"),"ó","o"),"õ","o"),"ô","o"),"ú","u"),"ç","c"),"Á","a"),"Ã","a"),"Â","a"),"É","e"),"Ê","e"),"Í","i"),"Ó","o"),"Õ","o"),"Ô","o"),"Ú","u"),"Ç","c")," e ",", ")," ",""),".","")))&",", IFERROR(_xlfn._xlws.FILTER(tabSindicatos[SINDICATOS], (ISNUMBER(SEARCH(","&TRIM(UPPER(SUBSTITUTE(tabPostos[[#This Row],[Comarca]]," ","")))&",",_xlpm.MATRIZ_COMARCA,1)))* (ISNUMBER(SEARCH(","&TRIM(SUBSTITUTE(SUBSTITUTE(SUBSTITUTE(UPPER(tabPostos[[#This Row],[Função]])," E ",", ")," ",""),".",""))&",",_xlpm.MATRIZ_FUNCAO,1))) ),"") ))} -> Regiao de Sao Lourenco | E34: Limpeza | F34: PGJ | G34: 1 | H34: 0 | I34: =798.14 -> 798.14 | J34: =VLOOKUP(tabPostos[[#This Row],[CCT DA CATEGORIA]],'RELAÇÃO SINDICATOS'!A:N,11,0) -> 45658 | K34: =VLOOKUP(tabPostos[[#This Row],[CCT DA CATEGORIA]],'RELAÇÃO SINDICATOS'!A:N,12,0) -> - | L34: =VLOOKUP(tabPostos[[#This Row],[CCT DA CATEGORIA]],'RELAÇÃO SINDICATOS'!A:N,13,0) -> - | M34: =VLOOKUP(tabPostos[[#This Row],[CCT DA CATEGORIA]],'RELAÇÃO SINDICATOS'!A:N,14,0) -> MG000594/2025
A35: {=_xlfn.XLOOKUP(tabPostos[[#This Row],[Fonte de Recursos]]&tabPostos[[#This Row],[Classificação]],tabLotacao[Lotacao]&tabLotacao[Tipo],tabLotacao[Codigo Lote],"0")&"."&_xlfn.XLOOKUP(tabPostos[[#This Row],[Comarca]],tabComarca[COMARCA],tabComarca[Codigo Comarca],"000")&"."&_xlfn.XLOOKUP(tabPostos[[#This Row],[Função]],tabCargos[Cargo],tabCargos[Codigo Cargo],"00")} -> 2.073.06 | B35: Bocaiuva | C35: Auxiliar de Limpeza - 220 h | D35: {=IF(tabPostos[[#This Row],[Comarca]]="","", _xlfn.LET( _xlpm.MATRIZ_COMARCA, ","&TRIM(UPPER(SUBSTITUTE(SUBSTITUTE(SUBSTITUTE(SUBSTITUTE(SUBSTITUTE(SUBSTITUTE(SUBSTITUTE(SUBSTITUTE(SUBSTITUTE(SUBSTITUTE(SUBSTITUTE(SUBSTITUTE(SUBSTITUTE(SUBSTITUTE(SUBSTITUTE(SUBSTITUTE(SUBSTITUTE(SUBSTITUTE(SUBSTITUTE(SUBSTITUTE(SUBSTITUTE(SUBSTITUTE(SUBSTITUTE(SUBSTITUTE(SUBSTITUTE(SUBSTITUTE(tabSindicatos[ABRANGÊNCIA],"á","a"),"ã","a"),"â","a"),"é","e"),"ê","e"),"í","i"),"ó","o"),"õ","o"),"ô","o"),"ú","u"),"ç","c"),"Á","a"),"Ã","a"),"Â","a"),"É","e"),"Ê","e"),"Í","i"),"Ó","o"),"Õ","o"),"Ô","o"),"Ú","u"),"Ç","c"),"/MG","")," e ",", ")," ",""),".","")))&",", _xlpm.MATRIZ_FUNCAO, ","&TRIM(UPPER(SUBSTITUTE(SUBSTITUTE(SUBSTITUTE(SUBSTITUTE(SUBSTITUTE(SUBSTITUTE(SUBSTITUTE(SUBSTITUTE(SUBSTITUTE(SUBSTITUTE(SUBSTITUTE(SUBSTITUTE(SUBSTITUTE(SUBSTITUTE(SUBSTITUTE(SUBSTITUTE(SUBSTITUTE(SUBSTITUTE(SUBSTITUTE(SUBSTITUTE(SUBSTITUTE(SUBSTITUTE(SUBSTITUTE(SUBSTITUTE(SUBSTITUTE(tabSindicatos[FUNÇÕES],"á","a"),"ã","a"),"â","a"),"é","e"),"ê","e"),"í","i"),"ó","o"),"õ","o"),"ô","o"),"ú","u"),"ç","c"),"Á","a"),"Ã","a"),"Â","a"),"É","e"),"Ê","e"),"Í","i"),"Ó","o"),"Õ","o"),"Ô","o"),"Ú","u"),"Ç","c")," e ",", ")," ",""),".","")))&",", IFERROR(_xlfn._xlws.FILTER(tabSindicatos[SINDICATOS], (ISNUMBER(SEARCH(","&TRIM(UPPER(SUBSTITUTE(tabPostos[[#This Row],[Comarca]]," ","")))&",",_xlpm.MATRIZ_COMARCA,1)))* (ISNUMBER(SEARCH(","&TRIM(SUBSTITUTE(SUBSTITUTE(SUBSTITUTE(UPPER(tabPostos[[#This Row],[Função]])," E ",", ")," ",""),".",""))&",",_xlpm.MATRIZ_FUNCAO,1))) ),"") ))} -> Sethac Norte de Minas | E35: Limpeza | F35: PGJ | G35: 1 | H35: 0 | I35: =1596.28 -> 1596.28 | J35: =VLOOKUP(tabPostos[[#This Row],[CCT DA CATEGORIA]],'RELAÇÃO SINDICATOS'!A:N,11,0) -> 45658 | K35: =VLOOKUP(tabPostos[[#This Row],[CCT DA CATEGORIA]],'RELAÇÃO SINDICATOS'!A:N,12,0) -> - | L35: =VLOOKUP(tabPostos[[#This Row],[CCT DA CATEGORIA]],'RELAÇÃO SINDICATOS'!A:N,13,0) -> - | M35: =VLOOKUP(tabPostos[[#This Row],[CCT DA CATEGORIA]],'RELAÇÃO SINDICATOS'!A:N,14,0) -> MG000256/2025
A36: {=_xlfn.XLOOKUP(tabPostos[[#This Row],[Fonte de Recursos]]&tabPostos[[#This Row],[Classificação]],tabLotacao[Lotacao]&tabLotacao[Tipo],tabLotacao[Codigo Lote],"0")&"."&_xlfn.XLOOKUP(tabPostos[[#This Row],[Comarca]],tabComarca[COMARCA],tabComarca[Codigo Comarca],"000")&"."&_xlfn.XLOOKUP(tabPostos[[#This Row],[Função]],tabCargos[Cargo],tabCargos[Codigo Cargo],"00")} -> 2.074.06 | B36: Bom Despacho | C36: Auxiliar de Limpeza - 220 h | D36: {=IF(tabPostos[[#This Row],[Comarca]]="","", _xlfn.LET( _xlpm.MATRIZ_COMARCA, ","&TRIM(UPPER(SUBSTITUTE(SUBSTITUTE(SUBSTITUTE(SUBSTITUTE(SUBSTITUTE(SUBSTITUTE(SUBSTITUTE(SUBSTITUTE(SUBSTITUTE(SUBSTITUTE(SUBSTITUTE(SUBSTITUTE(SUBSTITUTE(SUBSTITUTE(SUBSTITUTE(SUBSTITUTE(SUBSTITUTE(SUBSTITUTE(SUBSTITUTE(SUBSTITUTE(SUBSTITUTE(SUBSTITUTE(SUBSTITUTE(SUBSTITUTE(SUBSTITUTE(SUBSTITUTE(tabSindicatos[ABRANGÊNCIA],"á","a"),"ã","a"),"â","a"),"é","e"),"ê","e"),"í","i"),"ó","o"),"õ","o"),"ô","o"),"ú","u"),"ç","c"),"Á","a"),"Ã","a"),"Â","a"),"É","e"),"Ê","e"),"Í","i"),"Ó","o"),"Õ","o"),"Ô","o"),"Ú","u"),"Ç","c"),"/MG","")," e ",", ")," ",""),".","")))&",", _xlpm.MATRIZ_FUNCAO, ","&TRIM(UPPER(SUBSTITUTE(SUBSTITUTE(SUBSTITUTE(SUBSTITUTE(SUBSTITUTE(SUBSTITUTE(SUBSTITUTE(SUBSTITUTE(SUBSTITUTE(SUBSTITUTE(SUBSTITUTE(SUBSTITUTE(SUBSTITUTE(SUBSTITUTE(SUBSTITUTE(SUBSTITUTE(SUBSTITUTE(SUBSTITUTE(SUBSTITUTE(SUBSTITUTE(SUBSTITUTE(SUBSTITUTE(SUBSTITUTE(SUBSTITUTE(SUBSTITUTE(tabSindicatos[FUNÇÕES],"á","a"),"ã","a"),"â","a"),"é","e"),"ê","e"),"í","i"),"ó","o"),"õ","o"),"ô","o"),"ú","u"),"ç","c"),"Á","a"),"Ã","a"),"Â","a"),"É","e"),"Ê","e"),"Í","i"),"Ó","o"),"Õ","o"),"Ô","o"),"Ú","u"),"Ç","c")," e ",", ")," ",""),".","")))&",", IFERROR(_xlfn._xlws.FILTER(tabSindicatos[SINDICATOS], (ISNUMBER(SEARCH(","&TRIM(UPPER(SUBSTITUTE(tabPostos[[#This Row],[Comarca]]," ","")))&",",_xlpm.MATRIZ_COMARCA,1)))* (ISNUMBER(SEARCH(","&TRIM(SUBSTITUTE(SUBSTITUTE(SUBSTITUTE(UPPER(tabPostos[[#This Row],[Função]])," E ",", ")," ",""),".",""))&",",_xlpm.MATRIZ_FUNCAO,1))) ),"") ))} -> Fethemg Interior | E36: Limpeza | F36: PGJ | G36: 1 | H36: 0 | I36: =1596.28 -> 1596.28 | J36: =VLOOKUP(tabPostos[[#This Row],[CCT DA CATEGORIA]],'RELAÇÃO SINDICATOS'!A:N,11,0) -> 45658 | K36: =VLOOKUP(tabPostos[[#This Row],[CCT DA CATEGORIA]],'RELAÇÃO SINDICATOS'!A:N,12,0) -> - | L36: =VLOOKUP(tabPostos[[#This Row],[CCT DA CATEGORIA]],'RELAÇÃO SINDICATOS'!A:N,13,0) -> - | M36: =VLOOKUP(tabPostos[[#This Row],[CCT DA CATEGORIA]],'RELAÇÃO SINDICATOS'!A:N,14,0) -> MG004482/2024
A37: {=_xlfn.XLOOKUP(tabPostos[[#This Row],[Fonte de Recursos]]&tabPostos[[#This Row],[Classificação]],tabLotacao[Lotacao]&tabLotacao[Tipo],tabLotacao[Codigo Lote],"0")&"."&_xlfn.XLOOKUP(tabPostos[[#This Row],[Comarca]],tabComarca[COMARCA],tabComarca[Codigo Comarca],"000")&"."&_xlfn.XLOOKUP(tabPostos[[#This Row],[Função]],tabCargos[Cargo],tabCargos[Codigo Cargo],"00")} -> 2.080.03 | B37: Bom Sucesso | C37: Auxiliar de Limpeza - 75 h | D37: {=IF(tabPostos[[#This Row],[Comarca]]="","", _xlfn.LET( _xlpm.MATRIZ_COMARCA, ","&TRIM(UPPER(SUBSTITUTE(SUBSTITUTE(SUBSTITUTE(SUBSTITUTE(SUBSTITUTE(SUBSTITUTE(SUBSTITUTE(SUBSTITUTE(SUBSTITUTE(SUBSTITUTE(SUBSTITUTE(SUBSTITUTE(SUBSTITUTE(SUBSTITUTE(SUBSTITUTE(SUBSTITUTE(SUBSTITUTE(SUBSTITUTE(SUBSTITUTE(SUBSTITUTE(SUBSTITUTE(SUBSTITUTE(SUBSTITUTE(SUBSTITUTE(SUBSTITUTE(SUBSTITUTE(tabSindicatos[ABRANGÊNCIA],"á","a"),"ã","a"),"â","a"),"é","e"),"ê","e"),"í","i"),"ó","o"),"õ","o"),"ô","o"),"ú","u"),"ç","c"),"Á","a"),"Ã","a"),"Â","a"),"É","e"),"Ê","e"),"Í","i"),"Ó","o"),"Õ","o"),"Ô","o"),"Ú","u"),"Ç","c"),"/MG","")," e ",", ")," ",""),".","")))&",", _xlpm.MATRIZ_FUNCAO, ","&TRIM(UPPER(SUBSTITUTE(SUBSTITUTE(SUBSTITUTE(SUBSTITUTE(SUBSTITUTE(SUBSTITUTE(SUBSTITUTE(SUBSTITUTE(SUBSTITUTE(SUBSTITUTE(SUBSTITUTE(SUBSTITUTE(SUBSTITUTE(SUBSTITUTE(SUBSTITUTE(SUBSTITUTE(SUBSTITUTE(SUBSTITUTE(SUBSTITUTE(SUBSTITUTE(SUBSTITUTE(SUBSTITUTE(SUBSTITUTE(SUBSTITUTE(SUBSTITUTE(tabSindicatos[FUNÇÕES],"á","a"),"ã","a"),"â","a"),"é","e"),"ê","e"),"í","i"),"ó","o"),"õ","o"),"ô","o"),"ú","u"),"ç","c"),"Á","a"),"Ã","a"),"Â","a"),"É","e"),"Ê","e"),"Í","i"),"Ó","o"),"Õ","o"),"Ô","o"),"Ú","u"),"Ç","c")," e ",", ")," ",""),".","")))&",", IFERROR(_xlfn._xlws.FILTER(tabSindicatos[SINDICATOS], (ISNUMBER(SEARCH(","&TRIM(UPPER(SUBSTITUTE(tabPostos[[#This Row],[Comarca]]," ","")))&",",_xlpm.MATRIZ_COMARCA,1)))* (ISNUMBER(SEARCH(","&TRIM(SUBSTITUTE(SUBSTITUTE(SUBSTITUTE(UPPER(tabPostos[[#This Row],[Função]])," E ",", ")," ",""),".",""))&",",_xlpm.MATRIZ_FUNCAO,1))) ),"") ))} -> Regiao de Sao Lourenco | E37: Limpeza | F37: PGJ | G37: 1 | H37: 0 | I37: =544.18 -> 544.18 | J37: =VLOOKUP(tabPostos[[#This Row],[CCT DA CATEGORIA]],'RELAÇÃO SINDICATOS'!A:N,11,0) -> 45658 | K37: =VLOOKUP(tabPostos[[#This Row],[CCT DA CATEGORIA]],'RELAÇÃO SINDICATOS'!A:N,12,0) -> - | L37: =VLOOKUP(tabPostos[[#This Row],[CCT DA CATEGORIA]],'RELAÇÃO SINDICATOS'!A:N,13,0) -> - | M37: =VLOOKUP(tabPostos[[#This Row],[CCT DA CATEGORIA]],'RELAÇÃO SINDICATOS'!A:N,14,0) -> MG000594/2025
A38: {=_xlfn.XLOOKUP(tabPostos[[#This Row],[Fonte de Recursos]]&tabPostos[[#This Row],[Classificação]],tabLotacao[Lotacao]&tabLotacao[Tipo],tabLotacao[Codigo Lote],"0")&"."&_xlfn.XLOOKUP(tabPostos[[#This Row],[Comarca]],tabComarca[COMARCA],tabComarca[Codigo Comarca],"000")&"."&_xlfn.XLOOKUP(tabPostos[[#This Row],[Função]],tabCargos[Cargo],tabCargos[Codigo Cargo],"00")} -> 2.081.03 | B38: Bonfim | C38: Auxiliar de Limpeza - 75 h | D38: {=IF(tabPostos[[#This Row],[Comarca]]="","", _xlfn.LET( _xlpm.MATRIZ_COMARCA, ","&TRIM(UPPER(SUBSTITUTE(SUBSTITUTE(SUBSTITUTE(SUBSTITUTE(SUBSTITUTE(SUBSTITUTE(SUBSTITUTE(SUBSTITUTE(SUBSTITUTE(SUBSTITUTE(SUBSTITUTE(SUBSTITUTE(SUBSTITUTE(SUBSTITUTE(SUBSTITUTE(SUBSTITUTE(SUBSTITUTE(SUBSTITUTE(SUBSTITUTE(SUBSTITUTE(SUBSTITUTE(SUBSTITUTE(SUBSTITUTE(SUBSTITUTE(SUBSTITUTE(SUBSTITUTE(tabSindicatos[ABRANGÊNCIA],"á","a"),"ã","a"),"â","a"),"é","e"),"ê","e"),"í","i"),"ó","o"),"õ","o"),"ô","o"),"ú","u"),"ç","c"),"Á","a"),"Ã","a"),"Â","a"),"É","e"),"Ê","e"),"Í","i"),"Ó","o"),"Õ","o"),"Ô","o"),"Ú","u"),"Ç","c"),"/MG","")," e ",", ")," ",""),".","")))&",", _xlpm.MATRIZ_FUNCAO, ","&TRIM(UPPER(SUBSTITUTE(SUBSTITUTE(SUBSTITUTE(SUBSTITUTE(SUBSTITUTE(SUBSTITUTE(SUBSTITUTE(SUBSTITUTE(SUBSTITUTE(SUBSTITUTE(SUBSTITUTE(SUBSTITUTE(SUBSTITUTE(SUBSTITUTE(SUBSTITUTE(SUBSTITUTE(SUBSTITUTE(SUBSTITUTE(SUBSTITUTE(SUBSTITUTE(SUBSTITUTE(SUBSTITUTE(SUBSTITUTE(SUBSTITUTE(SUBSTITUTE(tabSindicatos[FUNÇÕES],"á","a"),"ã","a"),"â","a"),"é","e"),"ê","e"),"í","i"),"ó","o"),"õ","o"),"ô","o"),"ú","u"),"ç","c"),"Á","a"),"Ã","a"),"Â","a"),"É","e"),"Ê","e"),"Í","i"),"Ó","o"),"Õ","o"),"Ô","o"),"Ú","u"),"Ç","c")," e ",", ")," ",""),".","")))&",", IFERROR(_xlfn._xlws.FILTER(tabSindicatos[SINDICATOS], (ISNUMBER(SEARCH(","&TRIM(UPPER(SUBSTITUTE(tabPostos[[#This Row],[Comarca]]," ","")))&",",_xlpm.MATRIZ_COMARCA,1)))* (ISNUMBER(SEARCH(","&TRIM(SUBSTITUTE(SUBSTITUTE(SUBSTITUTE(UPPER(tabPostos[[#This Row],[Função]])," E ",", ")," ",""),".",""))&",",_xlpm.MATRIZ_FUNCAO,1))) ),"") ))} -> Regiao de Divinopolis | E38: Limpeza | F38: PGJ | G38: 1 | H38: 0 | I38: =544.18 -> 544.18 | J38: =VLOOKUP(tabPostos[[#This Row],[CCT DA CATEGORIA]],'RELAÇÃO SINDICATOS'!A:N,11,0) -> 45658 | K38: =VLOOKUP(tabPostos[[#This Row],[CCT DA CATEGORIA]],'RELAÇÃO SINDICATOS'!A:N,12,0) -> - | L38: =VLOOKUP(tabPostos[[#This Row],[CCT DA CATEGORIA]],'RELAÇÃO SINDICATOS'!A:N,13,0) -> - | M38: =VLOOKUP(tabPostos[[#This Row],[CCT DA CATEGORIA]],'RELAÇÃO SINDICATOS'!A:N,14,0) -> MG001011/2025
A39: {=_xlfn.XLOOKUP(tabPostos[[#This Row],[Fonte de Recursos]]&tabPostos[[#This Row],[Classificação]],tabLotacao[Lotacao]&tabLotacao[Tipo],tabLotacao[Codigo Lote],"0")&"."&_xlfn.XLOOKUP(tabPostos[[#This Row],[Comarca]],tabComarca[COMARCA],tabComarca[Codigo Comarca],"000")&"."&_xlfn.XLOOKUP(tabPostos[[#This Row],[Função]],tabCargos[Cargo],tabCargos[Codigo Cargo],"00")} -> 2.082.04 | B39: Bonfinopolis de Minas | C39: Auxiliar de Limpeza - 110 h | D39: {=IF(tabPostos[[#This Row],[Comarca]]="","", _xlfn.LET( _xlpm.MATRIZ_COMARCA, ","&TRIM(UPPER(SUBSTITUTE(SUBSTITUTE(SUBSTITUTE(SUBSTITUTE(SUBSTITUTE(SUBSTITUTE(SUBSTITUTE(SUBSTITUTE(SUBSTITUTE(SUBSTITUTE(SUBSTITUTE(SUBSTITUTE(SUBSTITUTE(SUBSTITUTE(SUBSTITUTE(SUBSTITUTE(SUBSTITUTE(SUBSTITUTE(SUBSTITUTE(SUBSTITUTE(SUBSTITUTE(SUBSTITUTE(SUBSTITUTE(SUBSTITUTE(SUBSTITUTE(SUBSTITUTE(tabSindicatos[ABRANGÊNCIA],"á","a"),"ã","a"),"â","a"),"é","e"),"ê","e"),"í","i"),"ó","o"),"õ","o"),"ô","o"),"ú","u"),"ç","c"),"Á","a"),"Ã","a"),"Â","a"),"É","e"),"Ê","e"),"Í","i"),"Ó","o"),"Õ","o"),"Ô","o"),"Ú","u"),"Ç","c"),"/MG","")," e ",", ")," ",""),".","")))&",", _xlpm.MATRIZ_FUNCAO, ","&TRIM(UPPER(SUBSTITUTE(SUBSTITUTE(SUBSTITUTE(SUBSTITUTE(SUBSTITUTE(SUBSTITUTE(SUBSTITUTE(SUBSTITUTE(SUBSTITUTE(SUBSTITUTE(SUBSTITUTE(SUBSTITUTE(SUBSTITUTE(SUBSTITUTE(SUBSTITUTE(SUBSTITUTE(SUBSTITUTE(SUBSTITUTE(SUBSTITUTE(SUBSTITUTE(SUBSTITUTE(SUBSTITUTE(SUBSTITUTE(SUBSTITUTE(SUBSTITUTE(tabSindicatos[FUNÇÕES],"á","a"),"ã","a"),"â","a"),"é","e"),"ê","e"),"í","i"),"ó","o"),"õ","o"),"ô","o"),"ú","u"),"ç","c"),"Á","a"),"Ã","a"),"Â","a"),"É","e"),"Ê","e"),"Í","i"),"Ó","o"),"Õ","o"),"Ô","o"),"Ú","u"),"Ç","c")," e ",", ")," ",""),".","")))&",", IFERROR(_xlfn._xlws.FILTER(tabSindicatos[SINDICATOS], (ISNUMBER(SEARCH(","&TRIM(UPPER(SUBSTITUTE(tabPostos[[#This Row],[Comarca]]," ","")))&",",_xlpm.MATRIZ_COMARCA,1)))* (ISNUMBER(SEARCH(","&TRIM(SUBSTITUTE(SUBSTITUTE(SUBSTITUTE(UPPER(tabPostos[[#This Row],[Função]])," E ",", ")," ",""),".",""))&",",_xlpm.MATRIZ_FUNCAO,1))) ),"") ))} -> Fethemg Interior | E39: Limpeza | F39: PGJ | G39: 1 | H39: 0 | I39: =798.14 -> 798.14 | J39: =VLOOKUP(tabPostos[[#This Row],[CCT DA CATEGORIA]],'RELAÇÃO SINDICATOS'!A:N,11,0) -> 45658 | K39: =VLOOKUP(tabPostos[[#This Row],[CCT DA CATEGORIA]],'RELAÇÃO SINDICATOS'!A:N,12,0) -> - | L39: =VLOOKUP(tabPostos[[#This Row],[CCT DA CATEGORIA]],'RELAÇÃO SINDICATOS'!A:N,13,0) -> - | M39: =VLOOKUP(tabPostos[[#This Row],[CCT DA CATEGORIA]],'RELAÇÃO SINDICATOS'!A:N,14,0) -> MG004482/2024
A40: {=_xlfn.XLOOKUP(tabPostos[[#This Row],[Fonte de Recursos]]&tabPostos[[#This Row],[Classificação]],tabLotacao[Lotacao]&tabLotacao[Tipo],tabLotacao[Codigo Lote],"0")&"."&_xlfn.XLOOKUP(tabPostos[[#This Row],[Comarca]],tabComarca[COMARCA],tabComarca[Codigo Comarca],"000")&"."&_xlfn.XLOOKUP(tabPostos[[#This Row],[Função]],tabCargos[Cargo],tabCargos[Codigo Cargo],"00")} -> 2.086.04 | B40: Brasilia de Minas | C40: Auxiliar de Limpeza - 110 h | D40: {=IF(tabPostos[[#This Row],[Comarca]]="","", _xlfn.LET( _xlpm.MATRIZ_COMARCA, ","&TRIM(UPPER(SUBSTITUTE(SUBSTITUTE(SUBSTITUTE(SUBSTITUTE(SUBSTITUTE(SUBSTITUTE(SUBSTITUTE(SUBSTITUTE(SUBSTITUTE(SUBSTITUTE(SUBSTITUTE(SUBSTITUTE(SUBSTITUTE(SUBSTITUTE(SUBSTITUTE(SUBSTITUTE(SUBSTITUTE(SUBSTITUTE(SUBSTITUTE(SUBSTITUTE(SUBSTITUTE(SUBSTITUTE(SUBSTITUTE(SUBSTITUTE(SUBSTITUTE(SUBSTITUTE(tabSindicatos[ABRANGÊNCIA],"á","a"),"ã","a"),"â","a"),"é","e"),"ê","e"),"í","i"),"ó","o"),"õ","o"),"ô","o"),"ú","u"),"ç","c"),"Á","a"),"Ã","a"),"Â","a"),"É","e"),"Ê","e"),"Í","i"),"Ó","o"),"Õ","o"),"Ô","o"),"Ú","u"),"Ç","c"),"/MG","")," e ",", ")," ",""),".","")))&",", _xlpm.MATRIZ_FUNCAO, ","&TRIM(UPPER(SUBSTITUTE(SUBSTITUTE(SUBSTITUTE(SUBSTITUTE(SUBSTITUTE(SUBSTITUTE(SUBSTITUTE(SUBSTITUTE(SUBSTITUTE(SUBSTITUTE(SUBSTITUTE(SUBSTITUTE(SUBSTITUTE(SUBSTITUTE(SUBSTITUTE(SUBSTITUTE(SUBSTITUTE(SUBSTITUTE(SUBSTITUTE(SUBSTITUTE(SUBSTITUTE(SUBSTITUTE(SUBSTITUTE(SUBSTITUTE(SUBSTITUTE(tabSindicatos[FUNÇÕES],"á","a"),"ã","a"),"â","a"),"é","e"),"ê","e"),"í","i"),"ó","o"),"õ","o"),"ô","o"),"ú","u"),"ç","c"),"Á","a"),"Ã","a"),"Â","a"),"É","e"),"Ê","e"),"Í","i"),"Ó","o"),"Õ","o"),"Ô","o"),"Ú","u"),"Ç","c")," e ",", ")," ",""),".","")))&",", IFERROR(_xlfn._xlws.FILTER(tabSindicatos[SINDICATOS], (ISNUMBER(SEARCH(","&TRIM(UPPER(SUBSTITUTE(tabPostos[[#This Row],[Comarca]]," ","")))&",",_xlpm.MATRIZ_COMARCA,1)))* (ISNUMBER(SEARCH(","&TRIM(SUBSTITUTE(SUBSTITUTE(SUBSTITUTE(UPPER(tabPostos[[#This Row],[Função]])," E ",", ")," ",""),".",""))&",",_xlpm.MATRIZ_FUNCAO,1))) ),"") ))} -> Sethac Norte de Minas | E40: Limpeza | F40: PGJ | G40: 1 | H40: 0 | I40: =798.14 -> 798.14 | J40: =VLOOKUP(tabPostos[[#This Row],[CCT DA CATEGORIA]],'RELAÇÃO SINDICATOS'!A:N,11,0) -> 45658 | K40: =VLOOKUP(tabPostos[[#This Row],[CCT DA CATEGORIA]],'RELAÇÃO SINDICATOS'!A:N,12,0) -> - | L40: =VLOOKUP(tabPostos[[#This Row],[CCT DA CATEGORIA]],'RELAÇÃO SINDICATOS'!A:N,13,0) -> - | M40: =VLOOKUP(tabPostos[[#This Row],[CCT DA CATEGORIA]],'RELAÇÃO SINDICATOS'!A:N,14,0) -> MG000256/2025
